 Dungeon Crawl Stone Soup version 0.30-a0-174-gbc10bd73c2 (webtiles) character file.

Game seed: 8427482826122570703

877998 qw the Bringer of Light (level 27, -11/179 HPs)
             Began as a Gargoyle Fighter on Oct 1, 2022.
             Was the Champion of the Shining One.
             Splashed with acid (17 damage)
             ... on level 3 of the Pits of Slime.
             The game lasted 00:44:23 (71559 turns).

qw the Bringer of Light (Gargoyle Fighter)         Turns: 71559, Time: 00:44:24

Health: -11/179    AC: 57    Str: 45      XL:     27
Magic:  36/36      EV: 13    Int: 14 (15) God:    the Shining One [******]
Gold:   6317       SH: 29    Dex: 10      Spells: 26/26 levels left

rFire   x x .      SeeInvis .    j - +8 mithril axe "Arga" {speed, Will+}
rCold   + + .      Faith    .    t - +2 tower shield
rNeg    + + +      Spirit   .    p - +1 plate armour of the Several Queens {rPois rCorr Dex+3}
rPois   inf        Reflect  +    n - +2 helmet {Int+3}
rElec   +          Harm     .    o - -1 cloak of Chimes {rC++ Str+9}
rCorr   +          Rampage  inf  m - +2 pair of gloves {Str+3}
Will    ++...      Rage     3%   v - +3 pair of seven-league boots {Rampage+∞}
Stlth   .......... Rnd*Tele +    D - amulet of reflection
HPRegen 0.49/turn                E - ring of the Three Xenophobes {rPois Will- AC+4 Str+2}
MPRegen 0.25/turn                J - +4 ring of slaying {mikee}

@: flying, glowing
A: sickness immunity, AC +20, big wings, negative energy resistance 1,
electricity resistance, torment resistance 1, petrification resistance, berserk
1, clumsy 1, deformed body, frail 1, low MP 1, teleportitis 1, heat
vulnerability 2, inability to drink after injury 1
}: 9/15 runes: decaying, serpentine, silver, golden, demonic, glowing, magical,
fiery, dark
a: Renounce Religion, Divine Shield, Cleansing Flame, Summon Divine Warrior


You were on level 3 of the Pits of Slime.
You worshipped the Shining One.
The Shining One was exalted by your worship.
You visited 12 branches of the dungeon, and saw 54 of its levels.
You visited Pandemonium 1 time, and saw 20 of its levels.

You collected 11389 gold pieces.
You spent 5072 gold pieces at shops.


Innate Abilities, Weirdness & Mutations

You are immune to sickness and miasma.
Your stone body is resilient. (AC +20)
You are immune to poison.
Your large and strong wings let you fly.
You resist negative energy. (rN+)
You are resistant to electric shocks. (rElec)
You are resistant to unholy torment.
You are immune to petrification.
You sometimes lose your temper in combat.
You are clumsy. (Dex -2)
Armour fits poorly on your strangely shaped body.
You are frail. (-10% HP)
Your magical capacity is low. (-10% MP)
You are occasionally teleported next to monsters.
You are very vulnerable to heat. (rF--)
You occasionally lose the ability to drink potions when taking damage.


   Skills:
 O Level 27 Fighting
 - Level 8.7 Short Blades
 - Level 19.1 Axes
 - Level 13.5 Throwing
 O Level 27 Armour
 - Level 12.0 Dodging
 + Level 24.1 Shields
 O Level 27 Invocations


You had 26 spell levels left.
You didn't know any spells.
Your spell library was empty.

Inventory:

Hand Weapons
 j - the +8 mithril axe "Arga" (weapon) {speed, Will+}
   (You acquired it on level 1 of the Lair of Beasts)

   Attacks with this weapon are significantly faster.
   Will:      It increases your willpower.
 w - the +10 broad axe of Gownuinio {elec, *Noise rPois rC+++ Will+}
   (Okawaru gifted it to you on level 4 of the Snake Pit)

   It occasionally discharges a powerful burst of electricity upon striking a
   foe.
   rC:        It renders you almost immune to cold.
   rPois:     It protects you from poison.
   *Noise:    It may make noises in combat.
   Will:      It increases your willpower.
 C - the +7 war axe "Muifeis" {speed, rPois rC++ Dex-5}
   (You acquired it on level 3 of the Crypt)

   Attacks with this weapon are significantly faster.
   Dex:       It affects your dexterity (-5).
   rC:        It greatly protects you from cold.
   rPois:     It protects you from poison.
Missiles
 i - 17 boomerangs (quivered)
Armour
 b - a +0 pair of gloves of fire resistance
 m - a +2 pair of gloves of strength (worn)
 n - a +2 helmet of intelligence (worn)
 o - the -1 cloak of Chimes (worn) {rC++ Str+9}
   (Okawaru gifted it to you on level 13 of the Dungeon)

   Str:       It affects your strength (+9).
   rC:        It greatly protects you from cold.
 p - the +1 plate armour of the Several Queens (worn) {rPois rCorr Dex+3}
   (Okawaru gifted it to you on level 5 of the Vaults)

   Dex:       It affects your dexterity (+3).
   rPois:     It protects you from poison.
   rCorr:     It protects you from acid and corrosion.
 t - a +2 tower shield (worn)
 v - the +3 pair of seven-league boots (worn) {Rampage+∞}
   (You found it on level 1 of the Lair of Beasts)

   Its wearer moves as far as possible in that direction when moving towards
   enemies.
 y - a +10 plate armour of cold resistance
 z - the +2 pair of gloves "Kaeluil" {Will+ Dex+2}
   (Okawaru gifted it to you on level 4 of the Lair of Beasts)

   Dex:       It affects your dexterity (+2).
   Will:      It increases your willpower.
 K - the +2 pair of gloves "Camat" {rC+ Str-4 Int+5 SInv}
   (Okawaru gifted it to you on level 4 of the Depths)

   Str:       It affects your strength (-4).
   Int:       It affects your intelligence (+5).
   rC:        It protects you from cold.
   SInv:      It lets you see invisible.
Jewellery
 c - the ring of Miracles {rF++ AC+4 Int-3 Dex-3 SInv}
   (You acquired it on level 2 of the Realm of Zot)

   [ring of protection]

   AC:        It affects your AC (+4).
   Int:       It affects your intelligence (-3).
   Dex:       It affects your dexterity (-3).
   rF:        It greatly protects you from fire.
   SInv:      It lets you see invisible.
 g - the ring "Roeguegh" {rElec rPois rCorr Int-2 Dex+3}
   (You found it on level 3 of the Tomb of the Ancients)

   [ring of resist corrosion]

   Int:       It affects your intelligence (-2).
   Dex:       It affects your dexterity (+3).
   rElec:     It insulates you from electricity.
   rPois:     It protects you from poison.
   rCorr:     It protects you from acid and corrosion.
 D - an amulet of reflection (around neck)
 E - the ring of the Three Xenophobes (left hand) {rPois Will- AC+4 Str+2}
   (You found it on level 4 of the Dungeon)

   [ring of protection]

   AC:        It affects your AC (+4).
   Str:       It affects your strength (+2).
   rPois:     It protects you from poison.
   Will:      It decreases your willpower.
 F - a ring of protection from cold
 J - a +4 ring of slaying (right hand) {mikee}
 M - a ring of resist corrosion
 N - a +4 ring of evasion
 O - a ring of protection from cold
 Y - the ring "Liruderycs" {rF+ Str+6}
   (You bought it in a shop on level 4 of the Snake Pit)

   [ring of strength]

   Str:       It affects your strength (+6).
   rF:        It protects you from fire.
Scrolls
 k - 15 scrolls of enchant weapon
 l - 21 scrolls of identify
 x - 4 scrolls of brand weapon
 L - 6 scrolls of enchant armour
Potions
 d - a potion of might
 e - 32 potions of curing
 h - 5 potions of haste
 r - 19 potions of lignification
 s - 5 potions of attraction
 B - 4 potions of cancellation

Dungeon Overview and Level Annotations

Branches:
Dungeon (15/15)            Temple (1/1) D:5            Lair (5/5) D:8
  Swamp (4/4) Lair:3        Snake (4/4) Lair:3        Slime (4/5) Lair:4
    Orc (2/2) D:11            Elf (0/3) Orc:2        Vaults (5/5) D:13
  Crypt (3/3) Vaults:2       Tomb (3/3) Crypt:3      Depths (4/4) D:15
    Zot (4/5) Depths:4

Altars:
Ashenzari
Cheibriados
Dithmenos
Elyvilon
Fedhas
Gozag
Hepliaklqana
Kikubaaqudgha
Makhleb
Nemelex Xobeh
Okawaru
Qazlal
Ru
Sif Muna
Trog
Uskayaw
Vehumet
Wu Jian
Xom
Yredelemnul
Zin
The Shining One
Lugonu

Shops:
D:10 ?   D:13 *   D:14 :   Orc:2 =(*[   Snake:3 :   Snake:4 :=:   Vaults:1 [*?(
Vaults:4 =   Vaults:5 !=   Depths:1 (((

Portals:
Hell: Depths:1 Depths:2* Depths:3 Depths:4
Abyss: Snake:4 Depths:1 Depths:3
Pandemonium: Depths:2
Ziggurat: Depths:4

Annotations:
D:3 3 runed translucent doors, qw's ghost, weakling GrFi
D:7 2 transporters
D:11 3 runed translucent doors, qw's ghost, journeyman GrFi
Lair:2 2 runed translucent doors, Xudgha's ghost, journeyman MiFi
Swamp:3 1 runed translucent door, Ytoiczocs's ghost, journeyman MiBe
Swamp:4 1 runed translucent door, qw's ghost, adept GrFi
Snake:4 2 transporters, qw's ghost, veteran GrFi
Vaults:2 3 runed translucent doors, handsome's ghost, veteran OpWn
Depths:1 6 transporters
Depths:4 3 runed translucent doors
Zot:3 3 runed translucent doors, qw's ghost, veteran GrFi
Zot:4 3 runed translucent doors, qw's ghost, veteran GrFi


Message History

What level of the Pits of Slime? (default 1, ? - help) You're standing next to a slime covered wall!
You're standing next to a slime covered wall!
71556 ||| Stepping randomly (stuck).
You are splashed with acid!
You're standing next to a slime covered wall!
(D) Dungeon (T) Temple (L) Lair (S) Swamp (P) Snake Pit (M) Slime Pits (O) Orcish Mines (E) Elven Halls (V) Vaults (C) Crypt (W) Tomb (U) Depths (H) Hell (Z) Zot
Where to? (* - list waypoints, Enter - Slime:4, ? - help)
What level of the Pits of Slime? (default 1, ? - help) You're standing next to a slime covered wall!
You're standing next to a slime covered wall!
71557 ||| Stepping randomly (stuck).
You are splashed with acid.
There is a shaft here.
You're standing next to a slime covered wall!
(D) Dungeon (T) Temple (L) Lair (S) Swamp (P) Snake Pit (M) Slime Pits (O) Orcish Mines (E) Elven Halls (V) Vaults (C) Crypt (W) Tomb (U) Depths (H) Hell (Z) Zot
Where to? (* - list waypoints, Enter - Slime:4, ? - help)
What level of the Pits of Slime? (default 1, ? - help) You're standing next to a slime covered wall!
You're standing next to a slime covered wall!
71558 ||| Stepping randomly (stuck).
You are splashed with acid!!
You're standing next to a slime covered wall!
(D) Dungeon (T) Temple (L) Lair (S) Swamp (P) Snake Pit (M) Slime Pits (O) Orcish Mines (E) Elven Halls (V) Vaults (C) Crypt (W) Tomb (U) Depths (H) Hell (Z) Zot
Where to? (* - list waypoints, Enter - Slime:4, ? - help)
What level of the Pits of Slime? (default 1, ? - help) You're standing next to a slime covered wall!
You're standing next to a slime covered wall!
71559 ||| Stepping randomly (stuck).
You are splashed with acid!
You die...

### ## ##.####.## #...##...#
#.......# ##.....####
##.......### ##........## ###
##........###@## ###.....###...#
## ##.......###.^##
##.##.........##...###
#...##.#.....##...##.##
##...#......###...#...# #.....
.#...........#........## ......
.....#......##......<..# ......
.....#................#####.....#


There were no monsters in sight!

Vanquished Creatures
  Dissolution (Slime:3)
  Gloorx Vloq (Pan)
  Mnoleg (Pan)
  Lom Lobon (Pan)
  2 dread liches
  3 orbs of fire
  8 pandemonium lords (Pan)
  3 ancient liches (Vaults:5)
  Mara (Snake:3)
  18 royal mummies
  Boris (Tomb:2)
  3 curse toes (Zot:2)
  4 Killer Klowns
  3 caustic shrikes (Depths:4)
  11 golden dragons
  A profane servitor (Pan)
  3 bone dragons
  6 Brimstone Fiends (Pan)
  2 Tzitzimimeh (Pan)
  6 Ice Fiends (Pan)
  2 electric golems (Zot:2)
  Zenata (Vaults:4)
  15 tentacled monstrosities
  A Hell Sentinel (Pan)
  6 liches
  Mlioglotl (Snake:4)
  7 deep elf blademasters
  12 quicksilver dragons
  19 Executioners (Pan)
  2 deep elf master archers
  22 titans
  3 acid blobs
  10 ancient champions
  An eldritch tentacle (Pan)
  3 death cobs
  6 sphinxes
  8 shadow dragons
  2 thorn hunters
  A fenstrider witch (Swamp:3)
  9 demonspawn warmongers (Pan)
  14 storm dragons
  13 tengu reavers
  6 draconian knights
  6 draconian monks
  18 vault wardens
  31 fire giants
  6 revenants
  14 nagarajas
  3 iron dragons (Zot:2)
  Aizul (Snake:4)
  A rockslime (Slime:2)
  22 cacodemons (Pan)
  19 frost giants
  Louise (Snake:4)
  25 balrugs
  2 ghost moths
  5 draconian scorchers
  2 curse skulls (Pan)
  5 draconian shifters
  A ghoul (Crypt:3)
  33 ironbound preservers
  A draconian stormcaller (Zot:2)
  2 orc warlords
  A spriggan defender (Depths:1)
  6 demonspawn blood saints (Pan)
  5 draconian annihilators
  5 demonspawn corrupters (Pan)
  8 reapers
  32 stone giants
  9 ironbound thunderhulks
  2 quicksilver oozes
  5 bennus
  6 green draconians
  6 war gargoyles
  24 very ugly things
  6 demonspawn black suns (Pan)
  A deep elf demonologist (Tomb:1)
  10 vampire knights
  2 bunyips (Swamp:4)
  3 deep elf annihilators
  9 black draconians
  9 lorocyprocas (Pan)
  23 purple draconians
  9 dire elephants (Vaults:1)
  8 yellow draconians
  4 eidola
  4 spark wasps
  15 white draconians
  2 deep elf death magi
  10 red draconians
  19 blizzard demons (Pan)
  12 fire dragons
  4 crystal guardians
  13 green deaths
  18 mummy priests
  21 ettins
  An entropy weaver (Vaults:3)
  A quicksilver dragon zombie (Crypt:2)
  4 jiangshi
  14 yaktaur captains
  A shambling mangrove (Swamp:2)
  A fenstrider witch zombie (Crypt:1)
  10 great orbs of eyes
  3 deep elf high priests (Vaults:5)
  32 vault guards
  6 rakshasas
  20 hydras
  6 ice dragons
  2 peacekeepers (Vaults:3)
  An elf skeleton (Tomb:2)
  4 ogre magi
  An anaconda (shapeshifter) (Vaults:5)
  5 boulder beetles
  A catoblepas (Lair:5)
  3 spriggan zombies
  3 ghost crabs
  A salamander tyrant (Snake:4)
  A hell beast (Pan)
  19 centaur warriors
  12 ironbound frosthearts
  3 spriggan skeletons
  A fenstrider witch skeleton (Crypt:1)
  7 deep troll shamans
  A merfolk avatar (Lair:5)
  6 anacondas
  4 alligators
  5 dancing weapons (Crypt:3)
  8 two-headed ogres
  4 death knights
  9 tengu warriors
  2 titan zombies
  7 death yaks
  6 naga sharpshooters
  16 naga warriors
  77 death scarabs
  5 spriggan berserkers
  13 deep troll earth magi
  3 orc high priests (Orc:2)
  3 vampire magi (Crypt:1)
  A thrashing horror (Swamp:4)
  A storm dragon zombie (Crypt:2)
  21 soul eaters
  Nergalle (Lair:2)
  17 deep elf knights
  3 titan skeletons
  77 sun demons (Pan)
  7 shock serpents
  A salamander mystic (Snake:4)
  6 hell knights (Crypt:3)
  22 sixfirhies
  7 shadow wraiths
  11 iron trolls
  32 skeletal warriors
  A spark wasp zombie (Depths:2)
  Lodul (D:13)
  4 goliath frogs
  11 lindwurms
  A glowing orange brain (shapeshifter) (Depths:1)
  4 glowing orange brains
  8 sea snakes (Snake:4)
  102 deep trolls
  5 spriggan druids
  A steelbarb worm (shapeshifter) (Depths:3)
  3 shadow demons (Pan)
  9 swamp dragons
  3 flayed ghosts
  11 deep elf archers
  An anaconda zombie (Tomb:2)
  7 naga ritualists
  A spriggan simulacrum (Crypt:2)
  22 ironbound convokers
  7 bog bodies
  13 necromancers
  13 phantasmal warriors
  11 wizards
  8 deep elf zephyrmancers
  5 deep elf pyromancers
  7 harpies
  A stone giant zombie (Crypt:3)
  11 mana vipers
  An iron dragon zombie (Tomb:1)
  6 orc sorcerers
  13 orc knights
  A wolf spider (Vaults:5)
  A mana viper (shapeshifter) (D:15)
  A human zombie (Vaults:4)
  5 will-o-the-wisps
  36 ugly things
  7 manticores
  27 moths of wrath
  A fire giant skeleton (Depths:2)
  9 salamanders
  9 shining eyes
  A salamander (shapeshifter) (Vaults:5)
  5 cyclopes
  A stone giant skeleton (Crypt:1)
  A toenail golem (Pan)
  A dire elephant zombie (Crypt:3)
  41 black mambas
  15 elephants
  19 vault sentinels
  4 rust devils
  2 centaur zombies (Crypt:2)
  A guardian serpent (shapeshifter) (D:12)
  A torpor snail (Lair:3)
  5 cane toads
  47 smoke demons
  12 naga magi
  A titan simulacrum (Crypt:1)
  2 eyes of devastation (Pan)
  8 guardian serpents
  37 orange demons
  5 gargoyles
  2 centaur skeletons
  5 unseen horrors
  4 hellions (Pan)
  A yaktaur zombie (Vaults:4)
  A komodo dragon (shapeshifter) (D:14)
  7 rime drakes
  8 demonic crawlers (Pan)
  4 ice devils
  2 kobold demonologists
  A purple draconian zombie (Crypt:2)
  37 yaktaurs
  An alligator snapping turtle skeleton (Crypt:1)
  3 freezing wraiths
  A bunyip simulacrum (Crypt:2)
  6 tengu conjurers
  7 tormentors (Pan)
  A rime drake (shapeshifter) (Vaults:5)
  9 efreet (Pan)
  8 komodo dragons
  27 hellwings
  6 tyrant leeches
  4 red devils
  39 guardian mummies
  3 harpy zombies
  A merfolk (shapeshifter) (Vaults:5)
  6 polar bears
  A queen bee (shapeshifter) (D:12)
  11 trolls
  3 bloated husks
  A white draconian skeleton (Crypt:1)
  5 harpy skeletons
  2 wind drakes (Lair:5)
  A mana viper skeleton (Crypt:2)
  3 meliai (D:15)
  73 slime creatures
  14 hornets
  A tarantella (Vaults:5)
  20 blink frogs
  A snapping turtle (Lair:5)
  5 dream sheep
  A frost giant simulacrum (Depths:2)
  2 fire dragon zombies
  A radroach zombie (Crypt:2)
  12 spriggans
  A jumping spider (Vaults:5)
  3 shadows
  A vampire (D:12)
  61 flying skulls
  2 dire elephant simulacra
  2 water elementals (Depths:2)
  An elf simulacrum (Vaults:4)
  7 wraiths
  25 ynoxinuls (Pan)
  A black mamba zombie (Crypt:1)
  20 ushabtiu
  28 yaks
  4 wyverns
  28 large abominations
  4 basilisks
  12 vampire mosquitoes
  2 golden eyes (Pan)
  17 chaos spawn
  5 redbacks
  21 neqoxecs (Pan)
  A water nymph zombie (Crypt:1)
  A warg (shapeshifter) (D:14)
  3 wargs
  42 nagas
  14 swamp worms
  3 naga zombies
  2 acid dragons
  A glowing shapeshifter zombie (Vaults:4)
  A glowing shapeshifter skeleton (Depths:2)
  5 floating eyes
  4 hell hounds (Pan)
  2 naga skeletons
  16 water moccasins
  5 swamp drakes
  A demonspawn skeleton (Tomb:2)
  39 orc warriors
  3 ice beasts
  2 black bears (D:6)
  2 sky beasts (D:7)
  21 ogres
  A manticore zombie (Crypt:1)
  A swamp dragon skeleton (Crypt:1)
  8 wolves
  A blink frog skeleton (Crypt:2)
  22 centaurs
  4 small abominations (Depths:1)
  2 phantoms
  4 kobold brigands
  14 bullfrogs
  2 necrophages
  3 gnoll sergeants
  4 wights (D:7)
  A yak zombie (Crypt:2)
  2 polar bear zombies (Crypt:2)
  A raiju skeleton (Crypt:1)
  10 howler monkeys
  2 electric eels (D:8)
  4 crimson imps (D:10)
  A black bear zombie (Crypt:2)
  8 hounds
  A gnoll bouda (D:5)
  3 jellies
  11 orc priests
  3 iguanas (D:6)
  18 orc wizards
  An ogre skeleton (Crypt:1)
  34 mummies
  10 adders
  27 gnolls
  9 river rats
  A shadow imp (D:7)
  2 ufetubi (D:7)
  A jelly zombie (Crypt:1)
  2 worms
  A dart slug (D:4)
  65 orcs
  9 endoplasms
  2 giant cockroaches (D:4)
  3 goblins
  4 hobgoblins
  2 jackals (D:5)
  15 kobolds
  12 quokkas
  7 ball pythons
  3 bats
  An endoplasm zombie (Crypt:2)
  4 frilled lizards (D:1)
  19 rats
  A ball lightning (Pan)
  3 fire vortices (Pan)
  A plant (Lair:5)
3022 creatures vanquished.

Vanquished Creatures (collateral kills)
  Cerebov (Pan)
  Khufu (Tomb:3)
  15 royal mummies
  3 Brimstone Fiends (Pan)
  2 tentacled monstrosities (Pan)
  2 liches
  A deep elf blademaster (Pan)
  2 titans
  2 deep elf master archers
  2 Executioners (Pan)
  A fire giant (Tomb:1)
  2 demonspawn warmongers (Pan)
  A frost giant (Tomb:1)
  2 cacodemons (Pan)
  2 reapers (Pan)
  3 stone giants
  2 demonspawn corrupters (Pan)
  A bennu (Tomb:1)
  A demonspawn black sun (Pan)
  A vampire knight (Crypt:2)
  A purple draconian (Tomb:3)
  2 lorocyprocas (Pan)
  3 blizzard demons (Pan)
  An eidolon (Crypt:2)
  2 jiangshi (Crypt:2)
  4 mummy priests
  A crystal guardian (Crypt:3)
  3 green deaths (Pan)
  A spriggan zombie (Crypt:3)
  A hell beast (Pan)
  A spriggan skeleton (Crypt:2)
  11 death scarabs
  5 sun demons (Pan)
  4 soul eaters
  4 sixfirhies (Pan)
  A shadow wraith (Pan)
  4 skeletal warriors
  2 flayed ghosts (Crypt:2)
  A death drake (Pan)
  A shining eye (Slime:2)
  A shadow dragon skeleton (Tomb:1)
  6 smoke demons (Pan)
  An eye of devastation (Pan)
  3 orange demons (Pan)
  A hellion (Pan)
  4 demonic crawlers (Pan)
  An alligator snapping turtle skeleton (Tomb:3)
  An ice devil (Pan)
  7 guardian mummies
  2 slime creatures (Slime:2)
  3 flying skulls (Tomb:2)
  A ynoxinul (Pan)
  An ettin skeleton (Tomb:3)
  A wraith (Crypt:2)
  5 ushabtiu
  3 chaos spawn (Pan)
  3 large abominations (Pan)
  A floating eye (Pan)
  4 mummies
149 creatures vanquished.

Vanquished Creatures (others)
  An Ice Fiend (Pan)
  A lich (Pan)
  A demonspawn black sun (Pan)
  A bunyip (Swamp:1)
  3 green deaths (Pan)
  2 rakshasas (Pan)
  A hydra (Swamp:4)
  A moth of wrath (Zot:3)
  2 bloated husks
  A spriggan (Swamp:4)
  A vampire (D:12)
  An orc (D:8)
  8 ball lightnings (Pan)
  A block of ice (Pan)
  2 fire vortices (Pan)
  14 foxfires
  35 fungi
  24 plants
100 creatures vanquished.

Grand Total: 3271 creatures vanquished

Notes
Turn   | Place    | Note
-------+----------+-------------------------------------------
     0 | D:1      | qw the Gargoyle Fighter began the quest for the Orb.
     0 | D:1      | Reached XP level 1. HP: 14/14 MP: 1/1
     0 | D:1      | 0 ||| qw: Version: 0.2-a-13-gfc7b4b4
     0 | D:1      | 0 ||| qw: Game counter: 1963
     0 | D:1      | 0 ||| qw: Always use a shield: true
     0 | D:1      | 0 ||| qw: God list: Okawaru
     0 | D:1      | 0 ||| qw: Allow faded altars: false
     0 | D:1      | 0 ||| qw: Do Orc after D:15 true
     0 | D:1      | 0 ||| qw: Do second Lair branch before Depths: true
     0 | D:1      | 0 ||| qw: Lair rune preference: random
     0 | D:1      | 0 ||| qw: Plans: Normal, Zot:1-4, God:TSO, Crypt, Tomb,
                  | Pan, Slime:5, Hells, Abyss, Orb
     0 | D:1      | 0 ||| PLANNING D:1-11
   367 | D:1      | Reached XP level 2. HP: 19/19 MP: 2/2
   863 | D:1      | 863 ||| DROPPING amulet of magic regeneration.
   864 | D:1      | 864 ||| READING scroll labelled UTIKAEXTAH.
   865 | D:1      | 865 ||| READING scroll labelled KUTOAMPU EQUFF.
   866 | D:1      | 866 ||| READING 2 scrolls labelled LARUTY KAURAN.
   867 | D:1      | 867 ||| READING scroll of enchant weapon.
   867 | D:1      | 867 ||| ENCHANTING +1 war axe.
   868 | D:1      | 868 ||| DRINKING 2 coppery potions.
   976 | D:2      | Reached skill level 3 in Axes
   992 | D:2      | 992 ||| DROPPING +0 whip.
  1002 | D:2      | Reached XP level 3. HP: 18/23 MP: 3/3
  1044 | D:2      | Found a faded altar of an unknown god.
  1471 | D:2      | Found Tupner's One-of-a-Kind Rings.
  1736 | D:2      | 1736 ||| READING scroll labelled RASMADDAPP.
  1746 | D:3      | 1746 ||| Stepping randomly (stuck).
  1748 | D:3      | 1748 ||| Stepping randomly (stuck).
  1754 | D:3      | Reached XP level 4. HP: 27/28 MP: 4/4
  1760 | D:3      | Identified the +12 whip of Zept {vorpal, rF- Str+3 Dex+3}
  1769 | D:3      | 1769 ||| Stepping randomly (stuck).
  1770 | D:3      | 1770 ||| Stepping randomly (stuck).
  1886 | D:3      | You fall into a shaft and drop 1 floor!
  1895 | D:4      | 1895 ||| PLANNING SEWER
  1926 | D:4      | Identified the +10 whip of Odwoozxe {holy, Str+4}
  1928 | D:4      | 1928 ||| DROPPING +0 flail.
  2061 | D:4      | 2061 ||| Stepping ~*~*~tactically~*~*~ (stealth).
  2065 | D:4      | 2065 ||| Stepping ~*~*~tactically~*~*~ (stealth).
  2087 | D:4      | Noticed an ice beast
  2097 | D:4      | Killed an ice beast
  2098 | D:4      | Reached XP level 5. HP: 21/32 MP: 5/5
  2164 | D:4      | 2164 ||| READING scroll of enchant weapon.
  2164 | D:4      | 2164 ||| ENCHANTING +2 war axe.
  2235 | D:4      | 2235 ||| Stepping ~*~*~tactically~*~*~ (stealth).
  2236 | D:4      | 2236 ||| Stepping ~*~*~tactically~*~*~ (stealth).
  2246 | D:4      | 2246 ||| Stepping ~*~*~tactically~*~*~ (stealth).
  2247 | D:4      | 2247 ||| Stepping ~*~*~tactically~*~*~ (stealth).
  2262 | D:4      | 2262 ||| Stepping ~*~*~tactically~*~*~ (hiding).
  2263 | D:4      | 2263 ||| Stepping ~*~*~tactically~*~*~ (stealth).
  2272 | D:4      | 2272 ||| Stepping ~*~*~tactically~*~*~ (stealth).
  2277 | D:4      | Reached XP level 6. HP: 29/38 MP: 6/6
  2563 | D:4      | 2563 ||| Stepping ~*~*~tactically~*~*~ (stealth).
  2602 | D:4      | Reached skill level 1 in Dodging
  2609 | D:4      | 2609 ||| RIP SEWER
  2806 | D:4      | 2806 ||| PLANNING D:1-11
  2806 | D:4      | 2806 ||| UPGRADING to +0 cloak of poison resistance.
  2811 | D:4      | 2811 ||| UPGRADING to amulet of regeneration.
  2816 | D:4      | 2816 ||| UPGRADING to ring of protection from fire.
  2817 | D:4      | 2817 ||| READING 2 scrolls of identify.
  2817 | D:4      | 2817 ||| IDENTIFYING viscous coppery potion
  2870 | D:3      | Found a runed translucent gate.
  2870 | D:3      | Found a runed translucent gate.
  2871 | D:3      | Found a runed translucent gate.
  2917 | D:3      | Noticed qw's ghost (weakling GrFi)
  2953 | D:3      | Found a broken altar of Ashenzari.
  3340 | D:4      | Reached skill level 1 in Throwing
  3425 | D:4      | 3425 ||| Stepping ~*~*~tactically~*~*~ (stealth).
  3466 | D:4      | 3466 ||| Stepping ~*~*~tactically~*~*~ (hiding).
  3467 | D:4      | 3467 ||| Stepping ~*~*~tactically~*~*~ (hiding).
  3469 | D:4      | 3469 ||| Stepping ~*~*~tactically~*~*~ (hiding).
  3479 | D:4      | 3479 ||| DRINKING 3 potions of curing.
  3479 | D:4      | 3479 ||| (to cure confusion)
  3481 | D:4      | Reached XP level 7. HP: 24/43 MP: 7/7
  3507 | D:4      | Identified the ring of the Three Xenophobes {rPois Will-
                  | AC+4 Str+2}
  3746 | D:4      | 3746 ||| UPGRADING to ring of the Three Xenophobes {rPois
                  | Will- AC+4 Str+2}.
  3747 | D:4      | 3747 ||| READING scroll labelled IFIKHO WIAXT.
  3748 | D:4      | 3748 ||| READING 2 scrolls of identify.
  3748 | D:4      | 3748 ||| IDENTIFYING smoky emerald potion
  3749 | D:4      | 3749 ||| DROPPING potion of degeneration.
  3758 | D:5      | Entered Level 5 of the Dungeon
  3820 | D:5      | Reached skill level 6 in Axes
  3909 | D:5      | Found a staircase to the Ecumenical Temple.
  3910 | D:5      | 3910 ||| PLANNING TEMPLE
  3910 | D:5      | 3910 ||| READING scroll labelled FENKORAAQA.
  3911 | D:5      | 3911 ||| DRINKING 2 brown potions.
  3911 | D:5      | Gained mutation: You are agile. (Dex +4, Str/Int -1)
                  | [potion of mutation]
  3911 | D:5      | Gained mutation: You have a pair of small horns on your
                  | head. [potion of mutation]
  3919 | Temple   | Entered the Ecumenical Temple
  3919 | Temple   | Found a transporter.
  3919 | Temple   | Found a transporter.
  3921 | Temple   | Found a transporter.
  3921 | Temple   | Found a transporter.
  3931 | Temple   | 3931 ||| PLANNING D:1-11
  3992 | Temple   | 3992 ||| PLANNING OKAWARU WORSHIP
  3996 | Temple   | Became a worshipper of Warmaster Okawaru
  3997 | Temple   | 3997 ||| PLANNING D:1-11
  4027 | D:5      | 4027 ||| Stepping ~*~*~tactically~*~*~ (stealth).
  4089 | D:5      | Found a bloodstained altar of Trog.
  4172 | D:5      | 4172 ||| Stepping ~*~*~tactically~*~*~ (stealth).
  4188 | D:5      | Reached XP level 8. HP: 46/48 MP: 8/8
  4212 | D:5      | 4212 ||| Stepping ~*~*~tactically~*~*~ (stealth).
  4531 | D:5      | 4531 ||| READING 3 scrolls labelled KOSOASICSY.
  4532 | D:5      | 4532 ||| READING scroll labelled LEOSA PUISTRA.
  4533 | D:5      | 4533 ||| DRINKING 2 dark potions.
  4534 | D:5      | 4534 ||| READING 2 scrolls of identify.
  4534 | D:5      | 4534 ||| IDENTIFYING metallic dark potion
  4535 | D:5      | 4535 ||| DROPPING potion of flight.
  4536 | D:5      | 4536 ||| DROPPING 2 scrolls of amnesia.
  4681 | D:6      | Reached * piety under Okawaru
  4714 | D:6      | 4714 ||| Stepping ~*~*~tactically~*~*~ (stealth).
  4721 | D:6      | 4721 ||| INVOKING Heroism.
  4727 | D:6      | Reached skill level 1 in Invocations
  5195 | D:6      | 5195 ||| UPGRADING to +0 plate armour.
  5205 | D:6      | 5205 ||| DROPPING +0 scale mail.
  5206 | D:6      | 5206 ||| DRINKING 2 smoky inky potions.
  5207 | D:6      | 5207 ||| DRINKING 2 sedimented amethyst potions.
  5249 | D:6      | 5249 ||| DRINKING 2 fizzy silvery potions.
  5250 | D:6      | 5250 ||| DROPPING potion of brilliance.
  5308 | D:7      | 5308 ||| INVOKING Heroism.
  5350 | D:7      | 5350 ||| READING scroll of enchant weapon.
  5350 | D:7      | 5350 ||| ENCHANTING +3 war axe.
  5362 | D:7      | Noticed a troll
  5362 | D:7      | Noticed a cyclops
  5363 | D:7      | Found an ancient bone altar of Kikubaaqudgha.
  5363 | D:7      | Noticed a gargoyle
  5368 | D:7      | Found a transporter.
  5370 | D:7      | 5370 ||| Stepping ~*~*~tactically~*~*~ (hiding).
  5372 | D:7      | 5372 ||| Stepping ~*~*~tactically~*~*~ (hiding).
  5373 | D:7      | 5373 ||| Stepping ~*~*~tactically~*~*~ (hiding).
  5374 | D:7      | 5374 ||| INVOKING Heroism.
  5381 | D:7      | Reached skill level 3 in Invocations
  5387 | D:7      | 5387 ||| Stepping ~*~*~tactically~*~*~ (stealth).
  5392 | D:7      | 5392 ||| Stepping ~*~*~tactically~*~*~ (hiding).
  5394 | D:7      | 5394 ||| INVOKING Heroism.
  5413 | D:7      | 5413 ||| DROPPING +12 whip of Zept {vorpal, rF- Str+3
                  | Dex+3}.
  5414 | D:7      | 5414 ||| DROPPING +10 whip of Odwoozxe {holy, Str+4}.
  5419 | D:7      | 5419 ||| DROPPING +0 morningstar.
  5429 | D:7      | 5429 ||| Stepping ~*~*~tactically~*~*~ (stealth).
  5430 | D:7      | 5430 ||| Stepping ~*~*~tactically~*~*~ (stealth).
  5470 | D:7      | Found a transporter.
  5477 | D:7      | 5477 ||| Stepping ~*~*~tactically~*~*~ (hiding).
  5484 | D:7      | Reached XP level 9. HP: 55/55 MP: 11/11
  5484 | D:7      | 5484 ||| DRINKING 4 potions of curing.
  5484 | D:7      | 5484 ||| (to cure confusion)
  5504 | D:7      | 5504 ||| READING scroll of enchant weapon.
  5504 | D:7      | 5504 ||| ENCHANTING +4 war axe.
  5559 | D:7      | Reached skill level 6 in Fighting
  5559 | D:7      | 5559 ||| INVOKING Heroism.
  5564 | D:7      | HP: 13/55 [wight/+1 halberd of freezing (2)]
  5565 | D:7      | 5565 ||| DRINKING potion of heal wounds.
  5602 | D:7      | 5602 ||| INVOKING Heroism.
  5608 | D:7      | Reached ** piety under Okawaru
  5646 | D:7      | 5646 ||| Stepping ~*~*~tactically~*~*~ (hiding).
  5649 | D:7      | Paralysed by a gnoll for 4 turns
  5654 | D:7      | 5654 ||| INVOKING Heroism.
  5726 | D:7      | 5726 ||| INVOKING Heroism.
  5809 | D:7      | 5809 ||| INVOKING Heroism.
  5815 | D:7      | 5815 ||| Stepping ~*~*~tactically~*~*~ (stealth).
  5991 | D:7      | Reached skill level 9 in Axes
  6405 | D:7      | 6405 ||| UPGRADING to +0 kite shield.
  6415 | D:7      | 6415 ||| DROPPING +0 buckler.
  6416 | D:7      | 6416 ||| READING scroll labelled CODWYXIXAR.
  6421 | D:7      | 6421 ||| READING scroll labelled LATEESHOEV.
  6422 | D:7      | 6422 ||| READING 2 scrolls of identify.
  6422 | D:7      | 6422 ||| IDENTIFYING smoky golden potion
  6423 | D:7      | 6423 ||| DROPPING potion of invisibility.
  6480 | D:8      | 6480 ||| INVOKING Heroism.
  6486 | D:8      | 6486 ||| DRINKING 4 potions of curing.
  6486 | D:8      | 6486 ||| (to cure confusion)
  6486 | D:8      | Noticed a troll
  6496 | D:8      | 6496 ||| INVOKING Heroism.
  6498 | D:8      | Reached skill level 6 in Shields
  6506 | D:8      | Killed a troll
  6506 | D:8      | Reached *** piety under Okawaru
  6507 | D:8      | Found a staircase to the Lair.
  6515 | D:8      | 6515 ||| INVOKING Heroism.
  6518 | D:8      | Reached XP level 10. HP: 17/60 MP: 10/13
  6519 | D:8      | HP: 11/60 [centaur/arrow (8)]
  6524 | D:8      | HP: 6/60 [centaur/arrow (10)]
  6537 | D:8      | 6537 ||| INVOKING Heroism.
  6554 | D:8      | HP: 12/60 [centaur/arrow (7)]
  6555 | D:8      | 6555 ||| INVOKING Heroism.
  6564 | D:8      | HP: 15/60 [electric eel/bolt of electricity (3)]
  6671 | D:8      | 6671 ||| Stepping ~*~*~tactically~*~*~ (stealth).
  6673 | D:8      | 6673 ||| Stepping ~*~*~tactically~*~*~ (hiding).
  6675 | D:8      | 6675 ||| Stepping ~*~*~tactically~*~*~ (hiding).
  6679 | D:8      | 6679 ||| INVOKING Heroism.
  6683 | D:8      | 6683 ||| Stepping ~*~*~tactically~*~*~ (stealth).
  6691 | D:8      | 6691 ||| DRINKING 4 potions of curing.
  6691 | D:8      | 6691 ||| (to cure confusion)
  6798 | D:8      | Found a snail-covered altar of Cheibriados.
  6857 | D:8      | Found a blossoming altar of Fedhas.
  7006 | D:8      | 7006 ||| PLANNING LAIR
  7006 | D:8      | 7006 ||| DROPPING scarf of harm.
  7007 | D:8      | 7007 ||| UPGRADING to +4 ring of evasion.
  7009 | D:8      | 7009 ||| READING scroll labelled EDEOGYIXOR.
  7110 | D:8      | 7110 ||| READING scroll labelled WOGELIO BEBI.
  7111 | D:8      | 7111 ||| READING 2 scrolls labelled XAROIC RUST.
  7112 | D:8      | 7112 ||| DROPPING scroll of blinking.
  7120 | Lair:1   | Entered Level 1 of the Lair of Beasts
  7179 | Lair:1   | 7179 ||| Stepping ~*~*~tactically~*~*~ (stealth).
  7183 | Lair:1   | Noticed a black mamba
  7184 | Lair:1   | 7184 ||| INVOKING Heroism.
  7185 | Lair:1   | Noticed a boulder beetle
  7193 | Lair:1   | Killed a black mamba
  7194 | Lair:1   | Reached skill level 3 in Throwing
  7204 | Lair:1   | 7204 ||| INVOKING Heroism.
  7207 | Lair:1   | Killed a boulder beetle
  7208 | Lair:1   | Reached skill level 9 in Shields
  7283 | Lair:1   | 7283 ||| INVOKING Heroism.
  7286 | Lair:1   | Reached **** piety under Okawaru
  7300 | Lair:1   | Reached skill level 6 in Armour
  7302 | Lair:1   | 7302 ||| INVOKING Heroism.
  7388 | Lair:1   | Noticed a cane toad
  7389 | Lair:1   | 7389 ||| INVOKING Heroism.
  7395 | Lair:1   | Killed a cane toad
  7419 | Lair:1   | 7419 ||| INVOKING Heroism.
  7427 | Lair:1   | Reached skill level 6 in Invocations
  7427 | Lair:1   | Reached XP level 11. HP: 67/67 MP: 13/15
  7455 | Lair:1   | 7455 ||| Stepping ~*~*~tactically~*~*~ (stealth).
  7459 | Lair:1   | 7459 ||| Stepping ~*~*~tactically~*~*~ (stealth).
  7460 | Lair:1   | 7460 ||| Stepping ~*~*~tactically~*~*~ (stealth).
  7462 | Lair:1   | Reached ***** piety under Okawaru
  7464 | Lair:1   | 7464 ||| INVOKING Heroism.
  7551 | Lair:1   | 7551 ||| READING scroll of enchant weapon.
  7551 | Lair:1   | 7551 ||| ENCHANTING +5 war axe.
  7572 | Lair:1   | 7572 ||| INVOKING Heroism.
  7672 | Lair:1   | Noticed a boulder beetle
  7673 | Lair:1   | 7673 ||| INVOKING Heroism.
  7674 | Lair:1   | Found the +3 pair of seven-league boots {Rampage+∞}
  7676 | Lair:1   | 7676 ||| Stepping ~*~*~tactically~*~*~ (water).
  7682 | Lair:1   | 7682 ||| INVOKING Finesse.
  7696 | Lair:1   | Killed a boulder beetle
  7825 | Lair:1   | 7825 ||| UPGRADING to +3 pair of seven-league boots
                  | {Rampage+∞}.
  7830 | Lair:1   | 7830 ||| READING scroll labelled HAACHIS PUEVURPH.
  7830 | Lair:1   | Identified a scroll of acquirement
  7830 | Lair:1   | 7830 ||| ACQUIRING +8 mithril axe "Arga" {speed, Will+}
  7830 | Lair:1   | Acquired the +8 mithril axe "Arga" {speed, Will+}
  7830 | Lair:1   | Found the +8 mithril axe "Arga" {speed, Will+}
  7832 | Lair:1   | 7832 ||| SWAPPING to +8 mithril axe "Arga" {speed, Will+}.
  7833 | Lair:1   | 7833 ||| DROPPING +6 war axe.
  7834 | Lair:1   | 7834 ||| READING scroll labelled GOHACU FITUXEL.
  7864 | Lair:2   | 7864 ||| PLANNING GAUNTLET
  7890 | Lair:2   | Received a gift from Okawaru
  7899 | Lair:2   | 7899 ||| INVOKING Heroism.
  7919 | Lair:2   | 7919 ||| Stepping ~*~*~tactically~*~*~ (hiding).
  8055 | Lair:2   | 8055 ||| INVOKING Heroism.
  8064 | Lair:2   | 8064 ||| Stepping ~*~*~tactically~*~*~ (stealth).
  8083 | Lair:2   | 8083 ||| Stepping ~*~*~tactically~*~*~ (stealth).
  8100 | Lair:2   | 8100 ||| INVOKING Heroism.
  8103 | Lair:2   | 8103 ||| Stepping ~*~*~tactically~*~*~ (stealth).
  8164 | Lair:2   | 8164 ||| INVOKING Heroism.
  8210 | Lair:2   | 8210 ||| Stepping ~*~*~tactically~*~*~ (stealth).
  8240 | Lair:2   | Found a large runed translucent door.
  8240 | Lair:2   | Found a large runed translucent door.
  8242 | Lair:2   | Noticed Xudgha's ghost (journeyman MiFi)
  8279 | Lair:2   | 8279 ||| INVOKING Heroism.
  8284 | Lair:2   | Reached skill level 9 in Invocations
  8305 | Lair:2   | Noticed Nergalle
  8308 | Lair:2   | 8308 ||| INVOKING Heroism.
  8315 | Lair:2   | Killed Nergalle
  8440 | Lair:2   | 8440 ||| RIP GAUNTLET
  8494 | Lair:2   | 8494 ||| PLANNING LAIR
  8653 | Lair:2   | 8653 ||| UPGRADING to +2 pair of gloves of strength.
  8658 | Lair:2   | 8658 ||| READING scroll labelled VAFFIS DUDWIRECO.
  8659 | Lair:2   | 8659 ||| READING 2 scrolls of identify.
  8659 | Lair:2   | 8659 ||| IDENTIFYING murky purple potion
  8684 | Lair:3   | 8684 ||| Stepping ~*~*~tactically~*~*~ (stealth).
  8692 | Lair:3   | 8692 ||| Stepping ~*~*~tactically~*~*~ (stealth).
  8696 | Lair:3   | 8696 ||| Stepping ~*~*~tactically~*~*~ (stealth).
  8698 | Lair:3   | 8698 ||| Stepping ~*~*~tactically~*~*~ (stealth).
  8701 | Lair:3   | Reached XP level 12. HP: 70/73 MP: 19/19
  8718 | Lair:3   | 8718 ||| Stepping ~*~*~tactically~*~*~ (stealth).
  8771 | Lair:3   | Found a staircase to the Swamp.
  8785 | Lair:3   | 8785 ||| Stepping ~*~*~tactically~*~*~ (stealth).
  8804 | Lair:3   | 8804 ||| Stepping ~*~*~tactically~*~*~ (stealth).
  8816 | Lair:3   | 8816 ||| Stepping ~*~*~tactically~*~*~ (stealth).
  8824 | Lair:3   | Received a gift from Okawaru
  8836 | Lair:3   | Found a staircase to the Snake Pit.
  8844 | Lair:3   | 8844 ||| Stepping ~*~*~tactically~*~*~ (stealth).
  8846 | Lair:3   | 8846 ||| INVOKING Heroism.
  9201 | Lair:3   | 9201 ||| INVOKING Heroism.
  9215 | Lair:3   | Noticed a death yak
  9216 | Lair:3   | 9216 ||| INVOKING Finesse.
  9222 | Lair:3   | Noticed a death yak
  9223 | Lair:3   | 9223 ||| Stepping ~*~*~tactically~*~*~ (stealth).
  9224 | Lair:3   | Killed a death yak
  9233 | Lair:3   | Killed a death yak
  9244 | Lair:3   | 9244 ||| INVOKING Heroism.
  9292 | Lair:3   | 9292 ||| INVOKING Heroism.
  9302 | Lair:3   | Reached skill level 9 in Fighting
  9539 | Lair:3   | 9539 ||| Stepping ~*~*~tactically~*~*~ (stealth).
  9551 | Lair:3   | 9551 ||| Stepping ~*~*~tactically~*~*~ (stealth).
  9552 | Lair:3   | 9552 ||| Stepping ~*~*~tactically~*~*~ (stealth).
  9593 | Lair:3   | 9593 ||| INVOKING Heroism.
  9756 | Lair:4   | Found a staircase to the Slime Pits.
  9862 | Lair:4   | 9862 ||| Stepping ~*~*~tactically~*~*~ (hiding).
  9867 | Lair:4   | 9867 ||| INVOKING Heroism.
  9914 | Lair:4   | 9914 ||| Stepping ~*~*~tactically~*~*~ (stealth).
  9916 | Lair:4   | Identified the +2 pair of gloves "Kaeluil" {Will+ Dex+2}
                  | (Okawaru gifted it to you on level 4 of the Lair of Beasts)
  9916 | Lair:4   | Received a gift from Okawaru
  9919 | Lair:4   | 9919 ||| Stepping ~*~*~tactically~*~*~ (stealth).
  9920 | Lair:4   | 9920 ||| Stepping ~*~*~tactically~*~*~ (stealth).
  9922 | Lair:4   | 9922 ||| Stepping ~*~*~tactically~*~*~ (stealth).
  9928 | Lair:4   | 9928 ||| Stepping ~*~*~tactically~*~*~ (stealth).
  9938 | Lair:4   | Reached skill level 12 in Axes
  9963 | Lair:4   | 9963 ||| Stepping ~*~*~tactically~*~*~ (stealth).
  9965 | Lair:4   | 9965 ||| Stepping ~*~*~tactically~*~*~ (stealth).
  9967 | Lair:4   | 9967 ||| Stepping ~*~*~tactically~*~*~ (stealth).
  9968 | Lair:4   | 9968 ||| Stepping ~*~*~tactically~*~*~ (stealth).
  9975 | Lair:4   | 9975 ||| INVOKING Heroism.
  9986 | Lair:4   | Reached skill level 9 in Armour
  9986 | Lair:4   | Reached XP level 13. HP: 63/80 MP: 18/20
 10020 | Lair:4   | 10020 ||| Stepping ~*~*~tactically~*~*~ (stealth).
 10071 | Lair:4   | 10071 ||| Stepping ~*~*~tactically~*~*~ (stealth).
 10073 | Lair:4   | 10073 ||| Stepping ~*~*~tactically~*~*~ (stealth).
 10076 | Lair:4   | 10076 ||| STAIRDANCE
 10084 | Lair:3   | 10084 ||| DROPPING +2 pair of gloves.
 10085 | Lair:3   | 10085 ||| UPGRADING to +2 pair of gloves "Kaeluil" {Will+
                  | Dex+2}.
 10097 | Lair:4   | 10097 ||| STAIRDANCE
 10101 | Lair:3   | Reached ****** piety under Okawaru
 10102 | Lair:3   | Reached skill level 3 in Dodging
 10223 | Lair:4   | Identified the +4 mace "Qabo Doe" {vorpal, Str+2}
 10352 | Lair:5   | Entered Level 5 of the Lair of Beasts
 10364 | Lair:5   | 10364 ||| INVOKING Heroism.
 10365 | Lair:5   | 10365 ||| INVOKING Finesse.
 10464 | Lair:5   | 10464 ||| INVOKING Heroism.
 10505 | Lair:5   | 10505 ||| Stepping ~*~*~tactically~*~*~ (stealth).
 10510 | Lair:5   | 10510 ||| INVOKING Heroism.
 10511 | Lair:5   | 10511 ||| INVOKING Finesse.
 10625 | Lair:5   | 10625 ||| Stepping ~*~*~tactically~*~*~ (stealth).
 10626 | Lair:5   | 10626 ||| Stepping ~*~*~tactically~*~*~ (stealth).
 10629 | Lair:5   | 10629 ||| INVOKING Heroism.
 10630 | Lair:5   | 10630 ||| Stepping ~*~*~tactically~*~*~ (water).
 10632 | Lair:5   | 10632 ||| Stepping ~*~*~tactically~*~*~ (stealth).
 10652 | Lair:5   | Received a gift from Okawaru
 10688 | Lair:5   | Identified the +0 leather armour of Engem {rF+ Str+4
                  | Stlth+}
 10698 | Lair:5   | 10698 ||| Stepping ~*~*~tactically~*~*~ (hiding).
 10699 | Lair:5   | 10699 ||| Stepping ~*~*~tactically~*~*~ (hiding).
 10701 | Lair:5   | 10701 ||| INVOKING Heroism.
 10707 | Lair:5   | 10707 ||| Stepping ~*~*~tactically~*~*~ (stealth).
 10732 | Lair:5   | 10732 ||| INVOKING Heroism.
 10799 | Lair:5   | 10799 ||| INVOKING Heroism.
 10806 | Lair:5   | Identified the +5 broad axe "Ruisal" {spect, rPois SInv}
                  | (Okawaru gifted it to you on level 5 of the Lair of Beasts)
 10806 | Lair:5   | Received a gift from Okawaru
 10954 | Lair:5   | 10954 ||| INVOKING Heroism.
 10955 | Lair:5   | 10955 ||| INVOKING Finesse.
 11051 | Lair:5   | 11051 ||| Stepping ~*~*~tactically~*~*~ (stealth).
 11052 | Lair:5   | 11052 ||| INVOKING Heroism.
 11093 | Lair:5   | 11093 ||| INVOKING Heroism.
 11119 | Lair:5   | Gained mutation: Your large and strong wings let you fly.
                  | [Gargoyle growth]
 11119 | Lair:5   | Reached XP level 14. HP: 88/88 MP: 21/21
 11148 | Lair:5   | 11148 ||| INVOKING Heroism.
 11149 | Lair:5   | 11149 ||| INVOKING Finesse.
 11151 | Lair:5   | 11151 ||| SWAPPING to +1 hand axe of flaming.
 11156 | Lair:5   | Received a gift from Okawaru
 11157 | Lair:5   | 11157 ||| SWAPPING to +8 mithril axe "Arga" {speed, Will+}.
 11432 | Lair:5   | 11432 ||| PLANNING D:1-11
 11432 | Lair:5   | 11432 ||| UPGRADING to +3 plate armour of poison
                  | resistance.
 11442 | Lair:5   | 11442 ||| DROPPING +0 plate armour.
 11443 | Lair:5   | 11443 ||| READING 13 scrolls of identify.
 11443 | Lair:5   | 11443 ||| IDENTIFYING orange potion
 11555 | D:9      | 11555 ||| INVOKING Heroism.
 11777 | D:9      | 11777 ||| Stepping ~*~*~tactically~*~*~ (stealth).
 11780 | D:9      | 11780 ||| Stepping ~*~*~tactically~*~*~ (stealth).
 11798 | D:9      | Found a radiant altar of Vehumet.
 11799 | D:9      | Found an opulent altar of Gozag.
 11858 | D:9      | 11858 ||| Stepping ~*~*~tactically~*~*~ (stealth).
 11861 | D:9      | 11861 ||| Stepping ~*~*~tactically~*~*~ (stealth).
 11866 | D:9      | 11866 ||| Stepping ~*~*~tactically~*~*~ (hiding).
 11874 | D:9      | 11874 ||| INVOKING Heroism.
 11892 | D:9      | Received a gift from Okawaru
 11897 | D:9      | 11897 ||| DROPPING +1 hand axe of flaming.
 12293 | D:9      | 12293 ||| READING 12 scrolls of identify.
 12293 | D:9      | 12293 ||| IDENTIFYING sapphire potion
 12314 | D:10     | Entered Level 10 of the Dungeon
 12349 | D:10     | Found Kammeap's Magic Scroll Shop.
 12358 | D:10     | 12358 ||| BUYING scroll of enchant weapon (105 gold).
 12358 | D:10     | Bought a scroll of enchant weapon for 105 gold pieces
 12358 | D:10     | 12358 ||| BUYING scroll of enchant weapon (105 gold).
 12358 | D:10     | Bought a scroll of enchant weapon for 105 gold pieces
 12358 | D:10     | 12358 ||| BUYING scroll of enchant weapon (105 gold).
 12358 | D:10     | Bought a scroll of enchant weapon for 105 gold pieces
 12358 | D:10     | 12358 ||| BUYING scroll of teleportation (42 gold).
 12358 | D:10     | Bought a scroll of teleportation for 42 gold pieces
 12362 | D:10     | 12362 ||| Stepping ~*~*~tactically~*~*~ (hiding).
 12396 | D:10     | 12396 ||| Stepping ~*~*~tactically~*~*~ (hiding).
 12494 | D:10     | 12494 ||| Stepping ~*~*~tactically~*~*~ (stealth).
 12498 | D:10     | 12498 ||| Stepping ~*~*~tactically~*~*~ (stealth).
 12504 | D:10     | 12504 ||| Stepping ~*~*~tactically~*~*~ (stealth).
 12645 | D:10     | 12645 ||| Stepping ~*~*~tactically~*~*~ (hiding).
 12646 | D:10     | 12646 ||| Stepping ~*~*~tactically~*~*~ (hiding).
 12647 | D:10     | 12647 ||| Stepping ~*~*~tactically~*~*~ (hiding).
 12685 | D:10     | Found a basalt altar of Yredelemnul.
 12883 | D:10     | Found a shimmering altar of Xom.
 12913 | D:10     | 12913 ||| Stepping ~*~*~tactically~*~*~ (hiding).
 13245 | D:10     | 13245 ||| Stepping ~*~*~tactically~*~*~ (stealth).
 13246 | D:10     | 13246 ||| Stepping ~*~*~tactically~*~*~ (stealth).
 13250 | D:10     | 13250 ||| Stepping ~*~*~tactically~*~*~ (stealth).
 13343 | D:10     | 13343 ||| DROPPING +6 ring of dexterity.
 13404 | D:11     | Found a runed translucent gate.
 13404 | D:11     | Found a runed translucent gate.
 13404 | D:11     | Found a runed translucent gate.
 13406 | D:11     | Noticed qw's ghost (journeyman GrFi)
 13417 | D:11     | 13417 ||| INVOKING Heroism.
 13458 | D:11     | 13458 ||| Stepping ~*~*~tactically~*~*~ (hiding).
 13459 | D:11     | 13459 ||| Stepping ~*~*~tactically~*~*~ (hiding).
 13460 | D:11     | 13460 ||| Stepping ~*~*~tactically~*~*~ (hiding).
 13466 | D:11     | 13466 ||| Stepping ~*~*~tactically~*~*~ (hiding).
 13541 | D:11     | 13541 ||| Stepping ~*~*~tactically~*~*~ (stealth).
 13543 | D:11     | 13543 ||| Stepping ~*~*~tactically~*~*~ (stealth).
 13545 | D:11     | 13545 ||| Stepping ~*~*~tactically~*~*~ (stealth).
 13721 | D:11     | 13721 ||| FLEEEEING.
 13722 | D:11     | 13722 ||| FLEEEEING.
 13723 | D:11     | 13723 ||| FLEEEEING.
 13724 | D:11     | 13724 ||| FLEEEEING.
 13725 | D:11     | 13725 ||| FLEEEEING.
 13726 | D:11     | 13726 ||| FLEEEEING.
 13818 | D:11     | 13818 ||| Stepping ~*~*~tactically~*~*~ (hiding).
 13824 | D:11     | Found a staircase to the Orcish Mines.
 14131 | D:11     | 14131 ||| PLANNING D
 14157 | D:12     | 14157 ||| Stepping ~*~*~tactically~*~*~ (hiding).
 14214 | D:12     | Reached skill level 12 in Shields
 14359 | D:12     | 14359 ||| Stepping ~*~*~tactically~*~*~ (hiding).
 14368 | D:12     | Identified the +4 arbalest "Aubergine" {freeze, rF+}
                  | (Okawaru gifted it to you on level 12 of the Dungeon)
 14368 | D:12     | Received a gift from Okawaru
 14379 | D:12     | 14379 ||| INVOKING Heroism.
 14380 | D:12     | 14380 ||| INVOKING Finesse.
 14482 | D:12     | Identified the +0 helmet "Wetega" {*Slow rPois Str+10}
 14544 | D:12     | 14544 ||| INVOKING Heroism.
 14560 | D:12     | Received a gift from Okawaru
 14561 | D:12     | Reached skill level 15 in Axes
 14631 | D:12     | 14631 ||| INVOKING Heroism.
 14863 | D:12     | 14863 ||| DROPPING +1 pair of boots of rampaging.
 14864 | D:12     | 14864 ||| UPGRADING to amulet of reflection.
 14874 | D:12     | 14874 ||| DROPPING amulet of regeneration.
 14981 | D:13     | 14981 ||| INVOKING Heroism.
 14995 | D:13     | Identified the -1 cloak of Chimes {rC++ Str+9} (Okawaru
                  | gifted it to you on level 13 of the Dungeon)
 14995 | D:13     | Received a gift from Okawaru
 15004 | D:13     | 15004 ||| Stepping ~*~*~tactically~*~*~ (hiding).
 15005 | D:13     | 15005 ||| Stepping ~*~*~tactically~*~*~ (hiding).
 15125 | D:13     | Found Gywkaen's Fire Supplies.
 15174 | D:13     | 15174 ||| BUYING +0 fire dragon scales (780 gold).
 15174 | D:13     | Bought +0 fire dragon scales for 780 gold pieces
 15174 | D:13     | 15174 ||| SHOPLISTING +0 pair of gloves of fire resistance
                  | (149 gold, have 76).
 15174 | D:13     | 15174 ||| SHOPLISTING +1 chain mail of fire resistance (214
                  | gold, have 76).
 15174 | D:13     | 15174 ||| SHOPLISTING ring of fire (325 gold, have 76).
 15182 | D:13     | 15182 ||| Stepping ~*~*~tactically~*~*~ (stealth).
 15183 | D:13     | Noticed Lodul
 15184 | D:13     | 15184 ||| Stepping ~*~*~tactically~*~*~ (hiding).
 15187 | D:13     | 15187 ||| Stepping ~*~*~tactically~*~*~ (hiding).
 15189 | D:13     | 15189 ||| Stepping ~*~*~tactically~*~*~ (hiding).
 15198 | D:13     | Killed Lodul
 15202 | D:13     | 15202 ||| Stepping ~*~*~tactically~*~*~ (stealth).
 15203 | D:13     | 15203 ||| INVOKING Heroism.
 15434 | D:13     | Identified the ring of Ceip {rF+ Int+6}
 15557 | D:13     | 15557 ||| Stepping ~*~*~tactically~*~*~ (stealth).
 15558 | D:13     | 15558 ||| Stepping ~*~*~tactically~*~*~ (stealth).
 15571 | D:13     | 15571 ||| FLEEEEING.
 15572 | D:13     | 15572 ||| FLEEEEING.
 15573 | D:13     | 15573 ||| FLEEEEING.
 15574 | D:13     | 15574 ||| FLEEEEING.
 15575 | D:13     | 15575 ||| FLEEEEING.
 15576 | D:13     | 15576 ||| FLEEEEING.
 15577 | D:13     | 15577 ||| FLEEEEING.
 15675 | D:13     | 15675 ||| INVOKING Heroism.
 15676 | D:13     | 15676 ||| INVOKING Finesse.
 15729 | D:13     | Found a gate to the Vaults.
 15798 | D:13     | 15798 ||| UPGRADING to -1 cloak of Chimes {rC++ Str+9}.
 15808 | D:13     | 15808 ||| DROPPING +0 cloak of poison resistance.
 15921 | D:14     | Reached XP level 15. HP: 84/95 MP: 22/22
 15997 | D:14     | 15997 ||| Stepping ~*~*~tactically~*~*~ (hiding).
 16168 | D:14     | 16168 ||| Stepping ~*~*~tactically~*~*~ (stealth).
 16169 | D:14     | 16169 ||| Stepping ~*~*~tactically~*~*~ (stealth).
 16171 | D:14     | 16171 ||| Stepping ~*~*~tactically~*~*~ (hiding).
 16364 | D:14     | 16364 ||| INVOKING Heroism.
 16365 | D:14     | 16365 ||| INVOKING Finesse.
 16367 | D:14     | 16367 ||| SWAPPING to +1 broad axe of flaming.
 16373 | D:14     | 16373 ||| SWAPPING to +8 mithril axe "Arga" {speed, Will+}.
 16491 | D:14     | Found Codoi's Book Emporium.
 16804 | D:14     | 16804 ||| READING 13 scrolls of identify.
 16804 | D:14     | 16804 ||| IDENTIFYING fuming dark potion
 16805 | D:14     | 16805 ||| DROPPING potion of ambrosia.
 16816 | D:15     | Entered Level 15 of the Dungeon
 16834 | D:15     | 16834 ||| INVOKING Heroism.
 16837 | D:15     | 16837 ||| Stepping ~*~*~tactically~*~*~ (hiding).
 16843 | D:15     | Reached skill level 12 in Fighting
 16908 | D:15     | Found a snail-covered altar of Cheibriados.
 16953 | D:15     | 16953 ||| INVOKING Heroism.
 17098 | D:15     | 17098 ||| INVOKING Heroism.
 17099 | D:15     | 17099 ||| Stepping ~*~*~tactically~*~*~ (stealth).
 17115 | D:15     | 17115 ||| Stepping ~*~*~tactically~*~*~ (stealth).
 17152 | D:15     | Identified the +5 flail of Ukhlase {holy, Contam +Blink
                  | Str+7 Dex-2}
 17170 | D:15     | 17170 ||| INVOKING Heroism.
 17224 | D:15     | Received a gift from Okawaru
 17240 | D:15     | 17240 ||| Stepping ~*~*~tactically~*~*~ (hiding).
 17277 | D:15     | Found a staircase to the Depths.
 17379 | D:15     | 17379 ||| INVOKING Heroism.
 17394 | D:15     | Identified the +0 pair of gloves "Ixtoab" {Rampage Str+4}
                  | (Okawaru gifted it to you on level 15 of the Dungeon)
 17394 | D:15     | Received a gift from Okawaru
 17614 | D:15     | 17614 ||| PLANNING ORC
 17614 | D:15     | 17614 ||| UPGRADING to +2 plate armour of fire resistance.
 17624 | D:15     | 17624 ||| DROPPING +0 fire dragon scales.
 17625 | D:15     | 17625 ||| DROPPING +0 pair of gloves "Ixtoab" {Rampage
                  | Str+4}.
 17714 | Orc:1    | Entered Level 1 of the Orcish Mines
 17715 | Orc:1    | 17715 ||| Stepping ~*~*~tactically~*~*~ (hiding).
 17716 | Orc:1    | 17716 ||| Stepping ~*~*~tactically~*~*~ (hiding).
 17722 | Orc:1    | Reached skill level 6 in Throwing
 17725 | Orc:1    | 17725 ||| Stepping ~*~*~tactically~*~*~ (hiding).
 17733 | Orc:1    | 17733 ||| Stepping ~*~*~tactically~*~*~ (stealth).
 17739 | Orc:1    | 17739 ||| INVOKING Heroism.
 17793 | Orc:1    | 17793 ||| INVOKING Heroism.
 17876 | Orc:2    | Entered Level 2 of the Orcish Mines
 17879 | Orc:2    | 17879 ||| INVOKING Heroism.
 17881 | Orc:2    | 17881 ||| STAIRDANCE
 17899 | Orc:2    | Found Aqaklaxa's Antique Weapon Shoppe.
 17913 | Orc:2    | 17913 ||| INVOKING Heroism.
 17962 | Orc:2    | 17962 ||| FLEEEEING.
 17963 | Orc:2    | 17963 ||| FLEEEEING.
 17964 | Orc:2    | 17964 ||| STAIRDANCE
 18054 | Orc:2    | Noticed an orc warlord
 18055 | Orc:2    | 18055 ||| STAIRDANCE
 18099 | Orc:2    | 18099 ||| STAIRDANCE
 18106 | Orc:2    | 18106 ||| STAIRDANCE
 18108 | Orc:1    | 18108 ||| INVOKING Heroism.
 18109 | Orc:1    | 18109 ||| INVOKING Finesse.
 18119 | Orc:1    | Killed an orc warlord
 18122 | Orc:2    | 18122 ||| STAIRDANCE
 18142 | Orc:2    | Found Qionwoepp's General Store.
 18154 | Orc:2    | 18154 ||| INVOKING Heroism.
 18193 | Orc:2    | 18193 ||| BUYING potion of mutation (80 gold).
 18193 | Orc:2    | Bought a potion of mutation for 80 gold pieces
 18193 | Orc:2    | 18193 ||| BUYING potion of mutation (80 gold).
 18193 | Orc:2    | Bought a potion of mutation for 80 gold pieces
 18193 | Orc:2    | 18193 ||| BUYING scroll of enchant armour (75 gold).
 18193 | Orc:2    | Bought a scroll of enchant armour for 75 gold pieces
 18193 | Orc:2    | 18193 ||| READING scroll of enchant armour.
 18193 | Orc:2    | 18193 ||| ENCHANTING +2 plate armour of fire resistance.
 18198 | Orc:2    | 18198 ||| Stepping ~*~*~tactically~*~*~ (stealth).
 18199 | Orc:2    | 18199 ||| Stepping ~*~*~tactically~*~*~ (stealth).
 18200 | Orc:2    | 18200 ||| Stepping ~*~*~tactically~*~*~ (stealth).
 18201 | Orc:2    | 18201 ||| Stepping ~*~*~tactically~*~*~ (stealth).
 18202 | Orc:2    | 18202 ||| INVOKING Heroism.
 18251 | Orc:2    | Found Yphotakhleo's Antique Armour Shoppe.
 18332 | Orc:2    | 18332 ||| BUYING pair of glowing gloves (195 gold).
 18332 | Orc:2    | Bought a pair of glowing gloves for 195 gold pieces
 18332 | Orc:2    | 18332 ||| SHOPLISTING runed plate armour (676 gold, have
                  | 395).
 18332 | Orc:2    | 18332 ||| BUYING twisted chain mail (247 gold).
 18332 | Orc:2    | Bought a twisted chain mail for 247 gold pieces
 18332 | Orc:2    | Identified the +1 chain mail of Valoer {Rampage} (You
                  | bought it in a shop on level 2 of the Orcish Mines)
 18370 | Orc:2    | Found a staircase to the Elven Halls.
 18396 | Orc:2    | Found Hiune's Jewellery Emporium.
 18397 | Orc:2    | 18397 ||| INVOKING Heroism.
 18443 | Orc:2    | 18443 ||| SHOPLISTING +4 ring of evasion (648 gold, have
                  | 169).
 18443 | Orc:2    | 18443 ||| SHOPLISTING ring of Yredelemnul's Hatred {rC+
                  | Str+2} (651 gold, have 169).
 18443 | Orc:2    | 18443 ||| SHOPLISTING ring of see invisible (270 gold, have
                  | 169).
 18623 | Orc:2    | 18623 ||| DROPPING +3 plate armour of poison resistance.
 18624 | Orc:2    | 18624 ||| DROPPING +1 pair of gloves of hurling.
 18625 | Orc:2    | 18625 ||| DROPPING +1 chain mail of Valoer {Rampage}.
 18646 | Orc:1    | 18646 ||| INVOKING Heroism.
 18866 | Orc:1    | 18866 ||| Stepping ~*~*~tactically~*~*~ (hiding).
 18869 | Orc:1    | 18869 ||| Stepping ~*~*~tactically~*~*~ (hiding).
 18875 | Orc:1    | 18875 ||| INVOKING Heroism.
 18878 | Orc:1    | 18878 ||| Stepping ~*~*~tactically~*~*~ (hiding).
 18882 | Orc:1    | 18882 ||| Stepping ~*~*~tactically~*~*~ (stealth).
 18895 | Orc:1    | 18895 ||| Stepping ~*~*~tactically~*~*~ (hiding).
 18896 | Orc:1    | 18896 ||| Stepping ~*~*~tactically~*~*~ (hiding).
 19012 | Orc:1    | 19012 ||| PLANNING SNAKE:1-3
 19230 | Snake:1  | Entered Level 1 of the Snake Pit
 19231 | Snake:1  | 19231 ||| INVOKING Heroism.
 19243 | Snake:1  | Reached XP level 16. HP: 101/101 MP: 21/23
 19292 | Snake:1  | 19292 ||| Stepping ~*~*~tactically~*~*~ (hiding).
 19351 | Snake:1  | You are sucked into a shaft and drop 1 floor!
 19365 | Snake:2  | 19365 ||| Stepping ~*~*~tactically~*~*~ (stealth).
 19367 | Snake:2  | 19367 ||| Stepping ~*~*~tactically~*~*~ (hiding).
 19398 | Snake:2  | 19398 ||| Stepping ~*~*~tactically~*~*~ (stealth).
 19399 | Snake:2  | 19399 ||| Stepping ~*~*~tactically~*~*~ (hiding).
 19402 | Snake:2  | 19402 ||| Stepping ~*~*~tactically~*~*~ (hiding).
 19444 | Snake:1  | 19444 ||| INVOKING Heroism.
 19488 | Snake:1  | 19488 ||| Stepping ~*~*~tactically~*~*~ (hiding).
 19491 | Snake:1  | 19491 ||| Stepping ~*~*~tactically~*~*~ (hiding).
 19504 | Snake:1  | 19504 ||| Stepping ~*~*~tactically~*~*~ (hiding).
 19707 | Snake:1  | 19707 ||| Stepping ~*~*~tactically~*~*~ (stealth).
 19918 | Snake:1  | 19918 ||| Stepping ~*~*~tactically~*~*~ (stealth).
 19923 | Snake:1  | 19923 ||| Stepping ~*~*~tactically~*~*~ (stealth).
 19927 | Snake:1  | Received a gift from Okawaru
 19940 | Snake:1  | 19940 ||| Stepping ~*~*~tactically~*~*~ (hiding).
 19954 | Snake:1  | 19954 ||| INVOKING Heroism.
 20032 | Snake:1  | 20032 ||| INVOKING Heroism.
 20038 | Snake:1  | Received a gift from Okawaru
 20591 | Snake:1  | 20591 ||| UPGRADING to +1 kite shield of fire resistance.
 20601 | Snake:1  | 20601 ||| DROPPING +0 kite shield.
 20602 | Snake:1  | 20602 ||| UPGRADING to +4 plate armour of cold resistance.
 20618 | Snake:2  | Noticed a nagaraja
 20619 | Snake:2  | 20619 ||| INVOKING Heroism.
 20630 | Snake:2  | Killed a nagaraja
 20778 | Snake:2  | 20778 ||| INVOKING Heroism.
 20818 | Snake:2  | 20818 ||| Stepping ~*~*~tactically~*~*~ (stealth).
 20831 | Snake:2  | 20831 ||| INVOKING Heroism.
 20833 | Snake:2  | Reached skill level 12 in Armour
 20915 | Snake:2  | 20915 ||| Stepping ~*~*~tactically~*~*~ (stealth).
 20933 | Snake:2  | 20933 ||| READING scroll of enchant armour.
 20933 | Snake:2  | 20933 ||| ENCHANTING +4 plate armour of cold resistance.
 20939 | Snake:2  | 20939 ||| Stepping ~*~*~tactically~*~*~ (hiding).
 20942 | Snake:2  | 20942 ||| Stepping ~*~*~tactically~*~*~ (hiding).
 20943 | Snake:2  | 20943 ||| INVOKING Heroism.
 20978 | Snake:2  | 20978 ||| Stepping ~*~*~tactically~*~*~ (hiding).
 20979 | Snake:2  | 20979 ||| Stepping ~*~*~tactically~*~*~ (hiding).
 20990 | Snake:2  | 20990 ||| INVOKING Heroism.
 20997 | Snake:2  | Received a gift from Okawaru
 21228 | Snake:2  | 21228 ||| UPGRADING to +2 kite shield of protection.
 21267 | Snake:3  | Noticed Mara
 21269 | Snake:3  | 21269 ||| INVOKING Heroism.
 21270 | Snake:3  | 21270 ||| INVOKING Finesse.
 21278 | Snake:3  | Killed Mara
 21326 | Snake:3  | 21326 ||| Stepping ~*~*~tactically~*~*~ (hiding).
 21501 | Snake:3  | Reached XP level 17. HP: 108/108 MP: 24/24
 21503 | Snake:3  | 21503 ||| Stepping ~*~*~tactically~*~*~ (stealth).
 21537 | Snake:3  | 21537 ||| INVOKING Heroism.
 21628 | Snake:3  | 21628 ||| Stepping ~*~*~tactically~*~*~ (hiding).
 21664 | Snake:3  | 21664 ||| Stepping ~*~*~tactically~*~*~ (hiding).
 21822 | Snake:3  | 21822 ||| INVOKING Heroism.
 21834 | Snake:3  | Reached skill level 18 in Axes
 21842 | Snake:3  | 21842 ||| Stepping ~*~*~tactically~*~*~ (stealth).
 21849 | Snake:3  | Found Abiuleq's Self-Improvement Boutique.
 21871 | Snake:3  | 21871 ||| Stepping ~*~*~tactically~*~*~ (hiding).
 21882 | Snake:3  | 21882 ||| INVOKING Heroism.
 21917 | Snake:3  | Found a sparkling altar of Nemelex Xobeh.
 22205 | Snake:3  | 22205 ||| PLANNING SWAMP:1-3
 22205 | Snake:3  | 22205 ||| DROPPING amulet of faith.
 22299 | Swamp:1  | Entered Level 1 of the Swamp
 22303 | Swamp:1  | 22303 ||| Stepping ~*~*~tactically~*~*~ (stealth).
 22306 | Swamp:1  | 22306 ||| INVOKING Heroism.
 22370 | Swamp:1  | 22370 ||| Stepping ~*~*~tactically~*~*~ (stealth).
 22372 | Swamp:1  | 22372 ||| INVOKING Heroism.
 22373 | Swamp:1  | 22373 ||| INVOKING Finesse.
 22400 | Swamp:1  | 22400 ||| SWAPPING to +1 broad axe of flaming.
 22406 | Swamp:1  | 22406 ||| SWAPPING to +8 mithril axe "Arga" {speed, Will+}.
 22477 | Swamp:1  | 22477 ||| INVOKING Heroism.
 22481 | Swamp:1  | 22481 ||| SWAPPING to +1 broad axe of flaming.
 22483 | Swamp:1  | 22483 ||| SWAPPING to +8 mithril axe "Arga" {speed, Will+}.
 22518 | Swamp:1  | 22518 ||| Stepping ~*~*~tactically~*~*~ (stealth).
 22586 | Swamp:1  | 22586 ||| Stepping ~*~*~tactically~*~*~ (stealth).
 22642 | Swamp:1  | 22642 ||| Stepping ~*~*~tactically~*~*~ (stealth).
 22703 | Swamp:1  | 22703 ||| INVOKING Heroism.
 22718 | Swamp:1  | 22718 ||| Stepping ~*~*~tactically~*~*~ (hiding).
 22729 | Swamp:1  | 22729 ||| INVOKING Heroism.
 22838 | Swamp:1  | Received a gift from Okawaru
 22841 | Swamp:1  | 22841 ||| INVOKING Heroism.
 23109 | Swamp:1  | 23109 ||| Stepping ~*~*~tactically~*~*~ (cloud).
 23281 | Swamp:1  | 23281 ||| Stepping ~*~*~tactically~*~*~ (hiding).
 23422 | Swamp:1  | 23422 ||| DROPPING +1 kite shield of fire resistance.
 23423 | Swamp:1  | 23423 ||| UPGRADING to +0 tower shield.
 23433 | Swamp:1  | 23433 ||| DROPPING +2 kite shield of protection.
 23454 | Swamp:2  | 23454 ||| INVOKING Heroism.
 23674 | Swamp:2  | 23674 ||| INVOKING Heroism.
 23714 | Swamp:2  | 23714 ||| Stepping ~*~*~tactically~*~*~ (hiding).
 23719 | Swamp:2  | 23719 ||| INVOKING Heroism.
 23775 | Swamp:2  | 23775 ||| SWAPPING to +1 broad axe of flaming.
 23780 | Swamp:2  | 23780 ||| INVOKING Heroism.
 23788 | Swamp:2  | 23788 ||| SWAPPING to +8 mithril axe "Arga" {speed, Will+}.
 23805 | Swamp:2  | 23805 ||| Stepping ~*~*~tactically~*~*~ (hiding).
 23807 | Swamp:2  | 23807 ||| Stepping ~*~*~tactically~*~*~ (hiding).
 23838 | Swamp:2  | 23838 ||| INVOKING Heroism.
 23854 | Swamp:2  | 23854 ||| Stepping ~*~*~tactically~*~*~ (stealth).
 23857 | Swamp:2  | 23857 ||| Stepping ~*~*~tactically~*~*~ (hiding).
 23858 | Swamp:2  | 23858 ||| Stepping ~*~*~tactically~*~*~ (hiding).
 23859 | Swamp:2  | 23859 ||| Stepping ~*~*~tactically~*~*~ (hiding).
 23861 | Swamp:2  | 23861 ||| Stepping ~*~*~tactically~*~*~ (hiding).
 24202 | Swamp:3  | Noticed Ytoiczocs's ghost (journeyman MiBe)
 24202 | Swamp:3  | Found a runed translucent door.
 24202 | Swamp:3  | Found a shimmering altar of Xom.
 24203 | Swamp:3  | 24203 ||| INVOKING Heroism.
 24215 | Swamp:3  | 24215 ||| Stepping ~*~*~tactically~*~*~ (hiding).
 24340 | Swamp:3  | 24340 ||| Stepping ~*~*~tactically~*~*~ (hiding).
 24345 | Swamp:3  | Reached skill level 15 in Shields
 24395 | Swamp:3  | 24395 ||| INVOKING Heroism.
 24404 | Swamp:3  | 24404 ||| SWAPPING to +1 broad axe of flaming.
 24410 | Swamp:3  | 24410 ||| SWAPPING to +8 mithril axe "Arga" {speed, Will+}.
 24487 | Swamp:3  | 24487 ||| Stepping ~*~*~tactically~*~*~ (hiding).
 24607 | Swamp:3  | Received a gift from Okawaru
 24623 | Swamp:3  | 24623 ||| INVOKING Heroism.
 24649 | Swamp:3  | 24649 ||| Stepping ~*~*~tactically~*~*~ (hiding).
 24755 | Swamp:3  | 24755 ||| Stepping ~*~*~tactically~*~*~ (hiding).
 24756 | Swamp:3  | 24756 ||| INVOKING Heroism.
 24757 | Swamp:3  | 24757 ||| SWAPPING to +1 broad axe of flaming.
 24763 | Swamp:3  | 24763 ||| SWAPPING to +8 mithril axe "Arga" {speed, Will+}.
 24865 | Swamp:3  | 24865 ||| INVOKING Heroism.
 24867 | Swamp:3  | 24867 ||| SWAPPING to +1 broad axe of flaming.
 24875 | Swamp:3  | 24875 ||| SWAPPING to +8 mithril axe "Arga" {speed, Will+}.
 24996 | Swamp:3  | 24996 ||| PLANNING SNAKE:4
 25151 | Snake:4  | Entered Level 4 of the Snake Pit
 25157 | Snake:4  | 25157 ||| READING 3 scrolls of enchant armour.
 25157 | Snake:4  | 25157 ||| ENCHANTING +5 plate armour of cold resistance.
 25158 | Snake:4  | 25158 ||| READING 2 scrolls of enchant armour.
 25158 | Snake:4  | 25158 ||| ENCHANTING +6 plate armour of cold resistance.
 25159 | Snake:4  | 25159 ||| READING scroll of enchant armour.
 25159 | Snake:4  | 25159 ||| ENCHANTING +7 plate armour of cold resistance.
 25171 | Snake:4  | 25171 ||| Stepping ~*~*~tactically~*~*~ (stealth).
 25172 | Snake:4  | 25172 ||| Stepping ~*~*~tactically~*~*~ (stealth).
 25177 | Snake:4  | 25177 ||| Stepping ~*~*~tactically~*~*~ (hiding).
 25178 | Snake:4  | 25178 ||| Stepping ~*~*~tactically~*~*~ (hiding).
 25180 | Snake:4  | 25180 ||| Stepping ~*~*~tactically~*~*~ (hiding).
 25184 | Snake:4  | 25184 ||| INVOKING Heroism.
 25228 | Snake:4  | Found a transporter.
 25231 | Snake:4  | Found a one-way gate to the infinite horrors of the Abyss.
 25231 | Snake:4  | Noticed qw's ghost (veteran GrFi)
 25232 | Snake:4  | Noticed Aizul
 25233 | Snake:4  | 25233 ||| Stepping ~*~*~tactically~*~*~ (hiding).
 25235 | Snake:4  | Noticed a hellephant
 25238 | Snake:4  | 25238 ||| INVOKING Heroism.
 25240 | Snake:4  | 25240 ||| INVOKING Finesse.
 25252 | Snake:4  | Killed Aizul
 25299 | Snake:4  | Found Zuuhupsikh's Book Shop.
 25299 | Snake:4  | Found Aciuvi's Jewellery Shoppe.
 25300 | Snake:4  | Found Atounn's Book Shop.
 25308 | Snake:4  | 25308 ||| SHOPLISTING amulet of Kovuwa Qeva {Regen+ rCorr
                  | Str+4 Dex+4 Slay+3} (1368 gold, have 1012).
 25308 | Snake:4  | 25308 ||| BUYING ring "Liruderycs" {rF+ Str+6} (950 gold).
 25308 | Snake:4  | Bought the ring "Liruderycs" {rF+ Str+6} for 950 gold
                  | pieces
 25308 | Snake:4  | 25308 ||| SHOPLISTING ring of see invisible (285 gold, have
                  | 62).
 25319 | Snake:4  | 25319 ||| Stepping ~*~*~tactically~*~*~ (stealth).
 25322 | Snake:4  | 25322 ||| Stepping ~*~*~tactically~*~*~ (hiding).
 25324 | Snake:4  | 25324 ||| Stepping ~*~*~tactically~*~*~ (hiding).
 25326 | Snake:4  | 25326 ||| Stepping ~*~*~tactically~*~*~ (hiding).
 25327 | Snake:4  | 25327 ||| Stepping ~*~*~tactically~*~*~ (hiding).
 25331 | Snake:4  | 25331 ||| INVOKING Heroism.
 25369 | Snake:4  | 25369 ||| READING scroll of enchant armour.
 25369 | Snake:4  | 25369 ||| ENCHANTING +8 plate armour of cold resistance.
 25423 | Snake:4  | Noticed Louise
 25443 | Snake:4  | Killed Louise
 25585 | Snake:4  | Found a transporter.
 25698 | Snake:4  | Noticed Mlioglotl
 25699 | Snake:4  | 25699 ||| INVOKING Heroism.
 25700 | Snake:4  | 25700 ||| INVOKING Finesse.
 25705 | Snake:4  | Killed Mlioglotl
 25844 | Snake:4  | 25844 ||| INVOKING Heroism.
 25851 | Snake:4  | Reached XP level 18. HP: 116/116 MP: 22/25
 25865 | Snake:4  | Received a gift from Okawaru
 25883 | Snake:4  | Identified the +10 broad axe of Gownuinio {elec, *Noise
                  | rPois rC+++ Will+} (Okawaru gifted it to you on level 4 of
                  | the Snake Pit)
 25883 | Snake:4  | Received a gift from Okawaru
 26021 | Snake:4  | 26021 ||| DROPPING +1 broad axe of flaming.
 26034 | Snake:4  | 26034 ||| INVOKING Heroism.
 26052 | Snake:4  | 26052 ||| Stepping ~*~*~tactically~*~*~ (hiding).
 26189 | Snake:4  | 26189 ||| Stepping ~*~*~tactically~*~*~ (hiding).
 26219 | Snake:4  | 26219 ||| INVOKING Heroism.
 26240 | Snake:4  | Reached skill level 18 in Shields
 26284 | Snake:4  | 26284 ||| INVOKING Heroism.
 26405 | Snake:4  | Got a serpentine rune of Zot
 26537 | Snake:4  | 26537 ||| Stepping ~*~*~tactically~*~*~ (stealth).
 26539 | Snake:4  | 26539 ||| Stepping ~*~*~tactically~*~*~ (hiding).
 26543 | Snake:4  | 26543 ||| INVOKING Heroism.
 26619 | Snake:4  | Identified the +2 robe of Indemnity {+Blink Str+5}
 26797 | Snake:4  | 26797 ||| PLANNING VAULTS:1-4
 26797 | Snake:4  | 26797 ||| UPGRADING to ring of protection from fire.
 26799 | Snake:4  | 26799 ||| UPGRADING to ring "Liruderycs" {rF+ Str+6}.
 26801 | Snake:4  | 26801 ||| UPGRADING to ring of the Three Xenophobes {rPois
                  | Will- AC+4 Str+2}.
 26803 | Snake:4  | 26803 ||| UPGRADING to +4 ring of evasion.
 26805 | Snake:4  | 26805 ||| DROPPING ring of protection from fire.
 27105 | Vaults:1 | Entered Level 1 of the Vaults
 27105 | Vaults:1 | Found Wuothre's Magic Scroll Boutique.
 27116 | Vaults:1 | 27116 ||| BUYING scroll of teleportation (42 gold).
 27116 | Vaults:1 | Bought a scroll of teleportation for 42 gold pieces
 27207 | Vaults:1 | 27207 ||| Stepping ~*~*~tactically~*~*~ (hiding).
 27211 | Vaults:1 | 27211 ||| Stepping ~*~*~tactically~*~*~ (stealth).
 27215 | Vaults:1 | Received a gift from Okawaru
 27216 | Vaults:1 | 27216 ||| Stepping ~*~*~tactically~*~*~ (hiding).
 27284 | Vaults:1 | 27284 ||| INVOKING Heroism.
 27320 | Vaults:1 | 27320 ||| INVOKING Heroism.
 27339 | Vaults:1 | 27339 ||| Stepping ~*~*~tactically~*~*~ (hiding).
 27349 | Vaults:1 | Reached skill level 6 in Dodging
 27376 | Vaults:1 | Found Fuawirr's General Store.
 27387 | Vaults:1 | 27387 ||| Stepping ~*~*~tactically~*~*~ (stealth).
 27390 | Vaults:1 | 27390 ||| Stepping ~*~*~tactically~*~*~ (stealth).
 27393 | Vaults:1 | 27393 ||| INVOKING Heroism.
 27507 | Vaults:1 | 27507 ||| Stepping ~*~*~tactically~*~*~ (hiding).
 27510 | Vaults:1 | 27510 ||| Stepping ~*~*~tactically~*~*~ (hiding).
 27620 | Vaults:1 | 27620 ||| Stepping ~*~*~tactically~*~*~ (hiding).
 27622 | Vaults:1 | 27622 ||| Stepping ~*~*~tactically~*~*~ (hiding).
 27742 | Vaults:1 | 27742 ||| INVOKING Heroism.
 27752 | Vaults:1 | Reached skill level 15 in Fighting
 27848 | Vaults:1 | Found Unlogak's Weapon Boutique.
 27854 | Vaults:1 | 27854 ||| Stepping ~*~*~tactically~*~*~ (stealth).
 27862 | Vaults:1 | 27862 ||| Stepping ~*~*~tactically~*~*~ (stealth).
 27870 | Vaults:1 | Received a gift from Okawaru
 27998 | Vaults:1 | 27998 ||| Stepping ~*~*~tactically~*~*~ (stealth).
 28101 | Vaults:1 | 28101 ||| INVOKING Heroism.
 28103 | Vaults:1 | Received a gift from Okawaru
 28107 | Vaults:1 | Reached XP level 19. HP: 117/124 MP: 23/26
 28180 | Vaults:1 | 28180 ||| INVOKING Heroism.
 28208 | Vaults:1 | 28208 ||| INVOKING Heroism.
 28263 | Vaults:1 | 28263 ||| Stepping ~*~*~tactically~*~*~ (hiding).
 28453 | Vaults:1 | Found Pekawac's Armour Emporium.
 28491 | Vaults:1 | 28491 ||| INVOKING Heroism.
 28512 | Vaults:1 | Reached skill level 9 in Throwing
 28607 | Vaults:1 | 28607 ||| Stepping ~*~*~tactically~*~*~ (hiding).
 28775 | Vaults:1 | 28775 ||| UPGRADING to +1 hat of intelligence.
 28780 | Vaults:1 | 28780 ||| DROPPING amulet of guardian spirit.
 28781 | Vaults:1 | 28781 ||| READING 22 scrolls of identify.
 28781 | Vaults:1 | 28781 ||| IDENTIFYING bubbling red potion
 28782 | Vaults:1 | 28782 ||| DROPPING potion of berserk rage.
 28847 | Vaults:2 | 28847 ||| INVOKING Heroism.
 28883 | Vaults:2 | 28883 ||| Stepping ~*~*~tactically~*~*~ (stealth).
 28887 | Vaults:2 | 28887 ||| Stepping ~*~*~tactically~*~*~ (stealth).
 28931 | Vaults:2 | 28931 ||| FLEEEEING.
 28939 | Vaults:2 | 28939 ||| FLEEEEING.
 28940 | Vaults:2 | 28940 ||| FLEEEEING.
 28944 | Vaults:2 | 28944 ||| STAIRDANCE
 29049 | Vaults:2 | 29049 ||| STAIRDANCE
 29100 | Vaults:2 | 29100 ||| Stepping ~*~*~tactically~*~*~ (stealth).
 29102 | Vaults:2 | 29102 ||| Stepping ~*~*~tactically~*~*~ (hiding).
 29114 | Vaults:2 | 29114 ||| Stepping ~*~*~tactically~*~*~ (hiding).
 29116 | Vaults:2 | 29116 ||| Stepping ~*~*~tactically~*~*~ (hiding).
 29182 | Vaults:2 | 29182 ||| INVOKING Heroism.
 29231 | Vaults:2 | Found a staircase to the Crypt.
 29282 | Vaults:2 | 29282 ||| Stepping ~*~*~tactically~*~*~ (hiding).
 29288 | Vaults:2 | Received a gift from Okawaru
 29462 | Vaults:2 | 29462 ||| Stepping ~*~*~tactically~*~*~ (hiding).
 29511 | Vaults:2 | 29511 ||| Stepping ~*~*~tactically~*~*~ (hiding).
 29513 | Vaults:2 | 29513 ||| INVOKING Heroism.
 29533 | Vaults:2 | 29533 ||| Stepping ~*~*~tactically~*~*~ (hiding).
 29764 | Vaults:2 | You are sucked into a shaft and drop 2 floors!
 29800 | Vaults:4 | 29800 ||| INVOKING Heroism.
 29801 | Vaults:4 | 29801 ||| INVOKING Finesse.
 29869 | Vaults:4 | Found Okkiy's Jewellery Shoppe.
 29877 | Vaults:4 | 29877 ||| BUYING ring of see invisible (270 gold).
 29877 | Vaults:4 | Bought a ring of see invisible for 270 gold pieces
 29887 | Vaults:4 | 29887 ||| INVOKING Heroism.
 30121 | Vaults:3 | 30121 ||| Stepping ~*~*~tactically~*~*~ (stealth).
 30125 | Vaults:3 | 30125 ||| Stepping ~*~*~tactically~*~*~ (stealth).
 30128 | Vaults:3 | 30128 ||| Stepping ~*~*~tactically~*~*~ (hiding).
 30141 | Vaults:3 | 30141 ||| Stepping ~*~*~tactically~*~*~ (stealth).
 30170 | Vaults:3 | Reached skill level 15 in Armour
 30258 | Vaults:3 | 30258 ||| INVOKING Heroism.
 30259 | Vaults:3 | 30259 ||| INVOKING Finesse.
 30396 | Vaults:3 | 30396 ||| Stepping ~*~*~tactically~*~*~ (hiding).
 30400 | Vaults:3 | 30400 ||| INVOKING Heroism.
 30454 | Vaults:3 | Reached XP level 20. HP: 132/132 MP: 27/27
 30459 | Vaults:3 | 30459 ||| Stepping ~*~*~tactically~*~*~ (hiding).
 30465 | Vaults:3 | Received a gift from Okawaru
 30474 | Vaults:3 | 30474 ||| INVOKING Heroism.
 30499 | Vaults:3 | Identified the +2 kite shield "Hocuem" {Str+4} (Okawaru
                  | gifted it to you on level 3 of the Vaults)
 30499 | Vaults:3 | Received a gift from Okawaru
 30650 | Vaults:3 | 30650 ||| Stepping ~*~*~tactically~*~*~ (stealth).
 30656 | Vaults:3 | 30656 ||| INVOKING Heroism.
 30769 | Vaults:3 | 30769 ||| Stepping ~*~*~tactically~*~*~ (stealth).
 30770 | Vaults:3 | 30770 ||| Stepping ~*~*~tactically~*~*~ (stealth).
 30772 | Vaults:3 | 30772 ||| Stepping ~*~*~tactically~*~*~ (stealth).
 30775 | Vaults:3 | 30775 ||| INVOKING Heroism.
 30832 | Vaults:3 | 30832 ||| Stepping ~*~*~tactically~*~*~ (hiding).
 30833 | Vaults:3 | 30833 ||| Stepping ~*~*~tactically~*~*~ (hiding).
 30834 | Vaults:3 | 30834 ||| Stepping ~*~*~tactically~*~*~ (hiding).
 31128 | Vaults:3 | 31128 ||| Stepping ~*~*~tactically~*~*~ (hiding).
 31271 | Vaults:3 | 31271 ||| INVOKING Heroism.
 31273 | Vaults:3 | 31273 ||| Stepping ~*~*~tactically~*~*~ (hiding).
 31365 | Vaults:2 | 31365 ||| Stepping ~*~*~tactically~*~*~ (hiding).
 31383 | Vaults:2 | 31383 ||| Stepping ~*~*~tactically~*~*~ (hiding).
 31458 | Vaults:2 | 31458 ||| Stepping ~*~*~tactically~*~*~ (stealth).
 31459 | Vaults:2 | 31459 ||| Stepping ~*~*~tactically~*~*~ (stealth).
 31462 | Vaults:2 | 31462 ||| INVOKING Heroism.
 31614 | Vaults:2 | 31614 ||| INVOKING Heroism.
 31693 | Vaults:2 | Identified the +8 shortbow of Zytaefru {flame, +Blink}
 31713 | Vaults:2 | Reached skill level 18 in Fighting
 31730 | Vaults:2 | 31730 ||| Stepping ~*~*~tactically~*~*~ (hiding).
 31734 | Vaults:2 | 31734 ||| Stepping ~*~*~tactically~*~*~ (hiding).
 31736 | Vaults:2 | 31736 ||| Stepping ~*~*~tactically~*~*~ (hiding).
 31878 | Vaults:2 | 31878 ||| Stepping ~*~*~tactically~*~*~ (hiding).
 31882 | Vaults:2 | 31882 ||| INVOKING Heroism.
 31919 | Vaults:2 | 31919 ||| Stepping ~*~*~tactically~*~*~ (stealth).
 31988 | Vaults:2 | 31988 ||| INVOKING Heroism.
 32070 | Vaults:2 | Received a gift from Okawaru
 32205 | Vaults:2 | Found a runed translucent gate.
 32206 | Vaults:2 | Found a runed translucent gate.
 32208 | Vaults:2 | Found a runed translucent gate.
 32208 | Vaults:2 | Found an ancient bone altar of Kikubaaqudgha.
 32208 | Vaults:2 | Noticed a dread lich
 32209 | Vaults:2 | Noticed an ancient lich
 32210 | Vaults:2 | Noticed handsome's ghost (veteran OpWn)
 32487 | Vaults:2 | 32487 ||| UPGRADING to +2 tower shield.
 32497 | Vaults:2 | 32497 ||| DROPPING +0 tower shield.
 32564 | Vaults:3 | 32564 ||| INVOKING Finesse.
 32648 | Vaults:3 | 32648 ||| INVOKING Heroism.
 32833 | Vaults:3 | 32833 ||| INVOKING Heroism.
 32847 | Vaults:3 | 32847 ||| INVOKING Finesse.
 33128 | Vaults:3 | 33128 ||| Stepping ~*~*~tactically~*~*~ (stealth).
 33193 | Vaults:3 | 33193 ||| FLEEEEING.
 33194 | Vaults:3 | 33194 ||| FLEEEEING.
 33195 | Vaults:3 | 33195 ||| FLEEEEING.
 33196 | Vaults:3 | 33196 ||| FLEEEEING.
 33197 | Vaults:3 | 33197 ||| FLEEEEING.
 33203 | Vaults:3 | 33203 ||| FLEEEEING.
 33204 | Vaults:3 | 33204 ||| FLEEEEING.
 33205 | Vaults:3 | 33205 ||| FLEEEEING.
 33206 | Vaults:3 | 33206 ||| FLEEEEING.
 33207 | Vaults:3 | 33207 ||| FLEEEEING.
 33305 | Vaults:3 | 33305 ||| Stepping ~*~*~tactically~*~*~ (stealth).
 33334 | Vaults:3 | 33334 ||| DROPPING +6 ring of strength.
 33429 | Vaults:4 | 33429 ||| INVOKING Heroism.
 33432 | Vaults:4 | Received a gift from Okawaru
 33442 | Vaults:4 | Noticed Zenata
 33443 | Vaults:4 | 33443 ||| INVOKING Finesse.
 33456 | Vaults:4 | Killed Zenata
 33457 | Vaults:4 | Reached XP level 21. HP: 132/141 MP: 22/28
 33482 | Vaults:4 | Identified the +1 ring mail "Wuotuevehi" {Fly rElec rC++
                  | SInv} (Okawaru gifted it to you on level 4 of the Vaults)
 33482 | Vaults:4 | Received a gift from Okawaru
 33571 | Vaults:4 | 33571 ||| INVOKING Heroism.
 33667 | Vaults:4 | 33667 ||| INVOKING Heroism.
 33808 | Vaults:4 | 33808 ||| INVOKING Heroism.
 33811 | Vaults:4 | 33811 ||| Stepping ~*~*~tactically~*~*~ (hiding).
 34065 | Vaults:4 | 34065 ||| Stepping ~*~*~tactically~*~*~ (hiding).
 34328 | Vaults:4 | 34328 ||| Stepping ~*~*~tactically~*~*~ (hiding).
 34455 | Vaults:4 | 34455 ||| PLANNING SWAMP:4
 34794 | Swamp:4  | Entered Level 4 of the Swamp
 34845 | Swamp:4  | 34845 ||| INVOKING Heroism.
 34848 | Swamp:4  | 34848 ||| READING 13 scrolls of teleportation.
 34911 | Swamp:4  | 34911 ||| Stepping ~*~*~tactically~*~*~ (hiding).
 34912 | Swamp:4  | 34912 ||| Stepping ~*~*~tactically~*~*~ (hiding).
 35027 | Swamp:4  | 35027 ||| READING 12 scrolls of teleportation.
 35028 | Swamp:4  | 35028 ||| INVOKING Heroism.
 35037 | Swamp:4  | 35037 ||| Stepping ~*~*~tactically~*~*~ (stealth).
 35076 | Swamp:4  | Found a runed translucent door.
 35078 | Swamp:4  | Noticed qw's ghost (adept GrFi)
 35087 | Swamp:4  | 35087 ||| INVOKING Heroism.
 35095 | Swamp:4  | 35095 ||| READING 11 scrolls of teleportation.
 35183 | Swamp:4  | 35183 ||| INVOKING Heroism.
 35306 | Swamp:4  | 35306 ||| FLEEEEING.
 35307 | Swamp:4  | 35307 ||| FLEEEEING.
 35312 | Swamp:4  | 35312 ||| FLEEEEING.
 35313 | Swamp:4  | 35313 ||| STAIRDANCE
 35548 | Swamp:4  | 35548 ||| READING scroll of enchant armour.
 35548 | Swamp:4  | 35548 ||| ENCHANTING +1 hat of intelligence.
 35607 | Swamp:4  | 35607 ||| Stepping ~*~*~tactically~*~*~ (stealth).
 35663 | Swamp:4  | 35663 ||| INVOKING Heroism.
 35720 | Swamp:4  | 35720 ||| Stepping ~*~*~tactically~*~*~ (stealth).
 35721 | Swamp:4  | 35721 ||| Stepping ~*~*~tactically~*~*~ (stealth).
 35724 | Swamp:4  | 35724 ||| Stepping ~*~*~tactically~*~*~ (stealth).
 35725 | Swamp:4  | Identified the +2 robe of Wupeclo {Str+4} (Okawaru gifted
                  | it to you on level 4 of the Swamp)
 35725 | Swamp:4  | Received a gift from Okawaru
 35726 | Swamp:4  | Reached skill level 9 in Dodging
 35749 | Swamp:4  | 35749 ||| Stepping ~*~*~tactically~*~*~ (stealth).
 35750 | Swamp:4  | 35750 ||| Stepping ~*~*~tactically~*~*~ (stealth).
 35752 | Swamp:4  | 35752 ||| Stepping ~*~*~tactically~*~*~ (hiding).
 35760 | Swamp:4  | 35760 ||| Stepping ~*~*~tactically~*~*~ (stealth).
 35782 | Swamp:4  | 35782 ||| Stepping ~*~*~tactically~*~*~ (stealth).
 35784 | Swamp:4  | 35784 ||| Stepping ~*~*~tactically~*~*~ (stealth).
 35839 | Swamp:4  | 35839 ||| Stepping ~*~*~tactically~*~*~ (stealth).
 35849 | Swamp:4  | Got a decaying rune of Zot
 35854 | Swamp:4  | 35854 ||| Stepping ~*~*~tactically~*~*~ (stealth).
 35871 | Swamp:4  | 35871 ||| Stepping ~*~*~tactically~*~*~ (hiding).
 36008 | Swamp:4  | Identified the +3 trident "Xisakhlug" {holy, Str+2 Dex+4}
 36198 | Swamp:4  | 36198 ||| PLANNING DEPTHS
 36198 | Swamp:4  | 36198 ||| DROPPING +1 pair of gloves.
 36524 | Depths:1 | Entered Level 1 of the Depths
 36535 | Depths:1 | 36535 ||| INVOKING Heroism.
 36536 | Depths:1 | 36536 ||| INVOKING Finesse.
 36539 | Depths:1 | 36539 ||| READING 10 scrolls of teleportation.
 36541 | Depths:1 | Found a transporter.
 36541 | Depths:1 | Found a transporter.
 36541 | Depths:1 | Found a transporter.
 36562 | Depths:1 | 36562 ||| Stepping ~*~*~tactically~*~*~ (stealth).
 36569 | Depths:1 | 36569 ||| Stepping ~*~*~tactically~*~*~ (stealth).
 36587 | Depths:1 | 36587 ||| Stepping ~*~*~tactically~*~*~ (stealth).
 36604 | Depths:1 | 36604 ||| Stepping ~*~*~tactically~*~*~ (stealth).
 36608 | Depths:1 | 36608 ||| Stepping ~*~*~tactically~*~*~ (stealth).
 36631 | Depths:1 | 36631 ||| INVOKING Heroism.
 36696 | Depths:1 | Found a transporter.
 36705 | Depths:1 | 36705 ||| READING 9 scrolls of teleportation.
 36710 | Depths:1 | 36710 ||| INVOKING Heroism.
 36711 | Depths:1 | 36711 ||| INVOKING Finesse.
 36739 | Depths:1 | Identified the +7 quarterstaff "Puweneuv" {drain, Will+
                  | Dex+4}
 36806 | Depths:1 | 36806 ||| READING 9 scrolls of teleportation.
 36910 | Depths:1 | Found a gateway to Hell.
 36911 | Depths:1 | 36911 ||| INVOKING Heroism.
 36912 | Depths:1 | 36912 ||| INVOKING Finesse.
 37106 | Depths:1 | 37106 ||| Stepping ~*~*~tactically~*~*~ (hiding).
 37115 | Depths:1 | Reached XP level 22. HP: 147/149 MP: 29/29
 37244 | Depths:1 | 37244 ||| READING 8 scrolls of teleportation.
 37306 | Depths:1 | Found Ydgheo's Antique Weapon Shop.
 37308 | Depths:1 | Found Faxiorph's Weapon Boutique.
 37312 | Depths:1 | Found Yxtifiz's Antique Weapon Shop.
 37321 | Depths:1 | 37321 ||| Stepping ~*~*~tactically~*~*~ (stealth).
 37326 | Depths:1 | 37326 ||| INVOKING Heroism.
 37331 | Depths:1 | Reached skill level 18 in Armour
 37419 | Depths:1 | 37419 ||| READING 7 scrolls of teleportation.
 37458 | Depths:1 | 37458 ||| READING 6 scrolls of teleportation.
 37520 | Depths:1 | Found a transporter.
 37521 | Depths:1 | Found a transporter.
 37533 | Depths:1 | 37533 ||| INVOKING Heroism.
 37534 | Depths:1 | 37534 ||| INVOKING Finesse.
 37707 | Depths:1 | 37707 ||| Stepping ~*~*~tactically~*~*~ (hiding).
 37708 | Depths:1 | 37708 ||| INVOKING Heroism.
 37709 | Depths:1 | 37709 ||| Stepping ~*~*~tactically~*~*~ (hiding).
 37807 | Depths:1 | 37807 ||| INVOKING Heroism.
 37810 | Depths:1 | 37810 ||| Stepping ~*~*~tactically~*~*~ (hiding).
 37811 | Depths:1 | 37811 ||| Stepping ~*~*~tactically~*~*~ (hiding).
 37899 | Depths:1 | 37899 ||| Stepping ~*~*~tactically~*~*~ (hiding).
 38000 | Depths:2 | 38000 ||| Stepping ~*~*~tactically~*~*~ (stealth).
 38004 | Depths:2 | 38004 ||| Stepping ~*~*~tactically~*~*~ (stealth).
 38012 | Depths:2 | 38012 ||| Stepping ~*~*~tactically~*~*~ (stealth).
 38013 | Depths:2 | 38013 ||| Stepping ~*~*~tactically~*~*~ (stealth).
 38018 | Depths:2 | 38018 ||| Stepping ~*~*~tactically~*~*~ (stealth).
 38019 | Depths:2 | 38019 ||| Stepping ~*~*~tactically~*~*~ (stealth).
 38044 | Depths:2 | 38044 ||| INVOKING Heroism.
 38045 | Depths:2 | 38045 ||| INVOKING Finesse.
 38046 | Depths:2 | You are sucked into a shaft and drop 2 floors!
 38046 | Depths:4 | Entered Level 4 of the Depths
 38111 | Depths:4 | 38111 ||| INVOKING Heroism.
 38112 | Depths:4 | 38112 ||| Stepping ~*~*~tactically~*~*~ (hiding).
 38120 | Depths:4 | 38120 ||| INVOKING Finesse.
 38163 | Depths:4 | Found a gate to the Realm of Zot.
 38164 | Depths:4 | 38164 ||| Stepping ~*~*~tactically~*~*~ (hiding).
 38175 | Depths:4 | 38175 ||| INVOKING Heroism.
 38176 | Depths:4 | 38176 ||| INVOKING Finesse.
 38222 | Depths:4 | 38222 ||| Stepping ~*~*~tactically~*~*~ (stealth).
 38224 | Depths:4 | 38224 ||| Stepping ~*~*~tactically~*~*~ (hiding).
 38354 | Depths:4 | 38354 ||| INVOKING Heroism.
 38409 | Depths:4 | 38409 ||| Stepping ~*~*~tactically~*~*~ (hiding).
 38420 | Depths:4 | 38420 ||| INVOKING Heroism.
 38443 | Depths:4 | Received a gift from Okawaru
 38445 | Depths:4 | Noticed a caustic shrike
 38446 | Depths:4 | 38446 ||| INVOKING Finesse.
 38446 | Depths:4 | Noticed a caustic shrike
 38448 | Depths:4 | Noticed a caustic shrike
 38458 | Depths:4 | Killed a caustic shrike
 38460 | Depths:4 | Killed a caustic shrike
 38464 | Depths:4 | Killed a caustic shrike
 38497 | Depths:4 | 38497 ||| Stepping ~*~*~tactically~*~*~ (stealth).
 38498 | Depths:4 | 38498 ||| Stepping ~*~*~tactically~*~*~ (stealth).
 38499 | Depths:4 | 38499 ||| Stepping ~*~*~tactically~*~*~ (stealth).
 38500 | Depths:4 | 38500 ||| Stepping ~*~*~tactically~*~*~ (stealth).
 38587 | Depths:4 | Found a runed translucent gate.
 38587 | Depths:4 | Found a runed translucent gate.
 38587 | Depths:4 | Found a runed translucent gate.
 38616 | Depths:4 | 38616 ||| Stepping ~*~*~tactically~*~*~ (hiding).
 38620 | Depths:4 | 38620 ||| INVOKING Heroism.
 38630 | Depths:4 | Identified the +2 pair of gloves "Camat" {rC+ Str-4 Int+5
                  | SInv} (Okawaru gifted it to you on level 4 of the Depths)
 38630 | Depths:4 | Received a gift from Okawaru
 38669 | Depths:3 | Noticed a golden dragon
 38670 | Depths:3 | 38670 ||| INVOKING Heroism.
 38671 | Depths:3 | 38671 ||| INVOKING Finesse.
 38675 | Depths:3 | 38675 ||| Stepping ~*~*~tactically~*~*~ (hiding).
 38684 | Depths:3 | Killed a golden dragon
 38723 | Depths:3 | 38723 ||| Stepping ~*~*~tactically~*~*~ (hiding).
 38818 | Depths:2 | 38818 ||| Stepping ~*~*~tactically~*~*~ (stealth).
 38820 | Depths:2 | 38820 ||| Stepping ~*~*~tactically~*~*~ (hiding).
 38938 | Depths:2 | 38938 ||| Stepping ~*~*~tactically~*~*~ (stealth).
 38952 | Depths:2 | 38952 ||| INVOKING Heroism.
 38954 | Depths:2 | Found a one-way gate leading to the halls of Pandemonium.
 39030 | Depths:2 | 39030 ||| INVOKING Heroism.
 39031 | Depths:2 | 39031 ||| INVOKING Finesse.
 39083 | Depths:2 | 39083 ||| INVOKING Heroism.
 39106 | Depths:2 | Reached skill level 21 in Shields
 39167 | Depths:2 | 39167 ||| Stepping ~*~*~tactically~*~*~ (hiding).
 39241 | Depths:2 | 39241 ||| READING 3 scrolls of enchant armour.
 39241 | Depths:2 | 39241 ||| ENCHANTING +9 plate armour of cold resistance.
 39291 | Depths:2 | 39291 ||| Stepping ~*~*~tactically~*~*~ (hiding).
 39461 | Depths:2 | 39461 ||| Stepping ~*~*~tactically~*~*~ (hiding).
 39509 | Depths:2 | 39509 ||| INVOKING Heroism.
 39544 | Depths:2 | 39544 ||| Stepping ~*~*~tactically~*~*~ (hiding).
 39546 | Depths:2 | 39546 ||| Stepping ~*~*~tactically~*~*~ (hiding).
 39548 | Depths:2 | 39548 ||| Stepping ~*~*~tactically~*~*~ (hiding).
 39549 | Depths:2 | 39549 ||| Stepping ~*~*~tactically~*~*~ (hiding).
 39550 | Depths:2 | 39550 ||| Stepping ~*~*~tactically~*~*~ (hiding).
 39684 | Depths:2 | Noticed a golden dragon
 39685 | Depths:2 | 39685 ||| INVOKING Heroism.
 39686 | Depths:2 | 39686 ||| INVOKING Finesse.
 39697 | Depths:2 | Killed a golden dragon
 39810 | Depths:2 | 39810 ||| DROPPING +3 plate armour of fire resistance.
 39889 | Depths:3 | Found a corrupted altar of Lugonu.
 39896 | Depths:3 | 39896 ||| INVOKING Finesse.
 39900 | Depths:3 | 39900 ||| INVOKING Heroism.
 39911 | Depths:3 | Reached XP level 23. HP: 159/159 MP: 23/30
 39932 | Depths:3 | Reached skill level 21 in Fighting
 39944 | Depths:3 | 39944 ||| Stepping ~*~*~tactically~*~*~ (stealth).
 39945 | Depths:3 | 39945 ||| Stepping ~*~*~tactically~*~*~ (stealth).
 39981 | Depths:3 | 39981 ||| Stepping ~*~*~tactically~*~*~ (stealth).
 39983 | Depths:3 | 39983 ||| Stepping ~*~*~tactically~*~*~ (hiding).
 39988 | Depths:3 | Paralysed by a floating eye for 4 turns
 40035 | Depths:3 | 40035 ||| INVOKING Heroism.
 40036 | Depths:3 | 40036 ||| Stepping ~*~*~tactically~*~*~ (hiding).
 40102 | Depths:3 | 40102 ||| Stepping ~*~*~tactically~*~*~ (cloud).
 40156 | Depths:3 | 40156 ||| Stepping ~*~*~tactically~*~*~ (hiding).
 40157 | Depths:3 | 40157 ||| Stepping ~*~*~tactically~*~*~ (hiding).
 40435 | Depths:3 | 40435 ||| INVOKING Heroism.
 40438 | Depths:3 | 40438 ||| INVOKING Finesse.
 40481 | Depths:3 | Received a gift from Okawaru
 40577 | Depths:3 | Found the +4 robe of Folly {Brilliance Will-∞ Int+8}
 40586 | Depths:3 | Identified the +0 ring mail of the Seven Beasts {Slay+3}
 40648 | Depths:4 | Found a one-way gateway to a ziggurat.
 40859 | Depths:4 | 40859 ||| Stepping ~*~*~tactically~*~*~ (hiding).
 40875 | Depths:4 | 40875 ||| INVOKING Heroism.
 40876 | Depths:4 | Received a gift from Okawaru
 41174 | Depths:3 | 41174 ||| Stepping ~*~*~tactically~*~*~ (hiding).
 41175 | Depths:3 | 41175 ||| INVOKING Heroism.
 41178 | Depths:3 | 41178 ||| INVOKING Finesse.
 41206 | Depths:3 | 41206 ||| Stepping ~*~*~tactically~*~*~ (hiding).
 41291 | Depths:3 | 41291 ||| Stepping ~*~*~tactically~*~*~ (stealth).
 41343 | Depths:3 | 41343 ||| PLANNING VAULTS:5
 41379 | Depths:4 | 41379 ||| INVOKING Heroism.
 41380 | Depths:4 | 41380 ||| INVOKING Finesse.
 41770 | Vaults:5 | Entered Level 5 of the Vaults
 41771 | Vaults:5 | 41771 ||| INVOKING Heroism.
 41772 | Vaults:5 | 41772 ||| STAIRDANCE
 41776 | Vaults:4 | Reached skill level 12 in Throwing
 41789 | Vaults:5 | 41789 ||| STAIRDANCE
 41811 | Vaults:5 | 41811 ||| STAIRDANCE
 41813 | Vaults:4 | 41813 ||| INVOKING Heroism.
 41858 | Vaults:5 | 41858 ||| STAIRDANCE
 41898 | Vaults:5 | 41898 ||| STAIRDANCE
 41902 | Vaults:4 | 41902 ||| INVOKING Heroism.
 42016 | Vaults:5 | 42016 ||| STAIRDANCE
 42069 | Vaults:5 | 42069 ||| INVOKING Heroism.
 42070 | Vaults:5 | 42070 ||| STAIRDANCE
 42100 | Vaults:5 | 42100 ||| INVOKING Finesse.
 42167 | Vaults:5 | 42167 ||| INVOKING Heroism.
 42182 | Vaults:5 | Received a gift from Okawaru
 42183 | Vaults:5 | 42183 ||| INVOKING Finesse.
 42238 | Vaults:5 | 42238 ||| INVOKING Heroism.
 42268 | Vaults:5 | Identified the +5 great sword "Ferecyer" {vorpal, MP+9
                  | Int+2}
 42323 | Vaults:5 | 42323 ||| INVOKING Heroism.
 42324 | Vaults:5 | 42324 ||| INVOKING Finesse.
 42356 | Vaults:5 | Noticed an ancient lich
 42358 | Vaults:5 | 42358 ||| INVOKING Finesse.
 42363 | Vaults:5 | Killed an ancient lich
 42366 | Vaults:5 | Noticed an ancient lich
 42367 | Vaults:5 | 42367 ||| Stepping ~*~*~tactically~*~*~ (hiding).
 42369 | Vaults:5 | 42369 ||| Stepping ~*~*~tactically~*~*~ (hiding).
 42378 | Vaults:5 | Killed an ancient lich
 42387 | Vaults:5 | 42387 ||| Stepping ~*~*~tactically~*~*~ (stealth).
 42400 | Vaults:5 | 42400 ||| INVOKING Heroism.
 42439 | Vaults:5 | 42439 ||| INVOKING Heroism.
 42533 | Vaults:5 | 42533 ||| Stepping ~*~*~tactically~*~*~ (stealth).
 42557 | Vaults:5 | 42557 ||| Stepping ~*~*~tactically~*~*~ (hiding).
 42558 | Vaults:5 | 42558 ||| Stepping ~*~*~tactically~*~*~ (hiding).
 42561 | Vaults:5 | 42561 ||| INVOKING Heroism.
 42606 | Vaults:5 | Noticed a dread lich
 42607 | Vaults:5 | 42607 ||| INVOKING Finesse.
 42611 | Vaults:5 | Killed a dread lich
 42612 | Vaults:5 | Reached XP level 24. HP: 149/168 MP: 25/30
 42647 | Vaults:5 | Identified the +1 plate armour of the Several Queens {rPois
                  | rCorr Dex+3} (Okawaru gifted it to you on level 5 of the
                  | Vaults)
 42647 | Vaults:5 | Received a gift from Okawaru
 42716 | Vaults:5 | 42716 ||| INVOKING Heroism.
 42724 | Vaults:5 | 42724 ||| Stepping ~*~*~tactically~*~*~ (stealth).
 42747 | Vaults:5 | Noticed an ancient lich
 42748 | Vaults:5 | 42748 ||| INVOKING Finesse.
 42762 | Vaults:5 | Killed an ancient lich
 42852 | Vaults:5 | Found Afrowk's Distillery.
 42853 | Vaults:5 | 42853 ||| INVOKING Heroism.
 42870 | Vaults:5 | 42870 ||| Stepping ~*~*~tactically~*~*~ (hiding).
 42871 | Vaults:5 | 42871 ||| Stepping ~*~*~tactically~*~*~ (hiding).
 42872 | Vaults:5 | 42872 ||| Stepping ~*~*~tactically~*~*~ (hiding).
 42877 | Vaults:5 | 42877 ||| Stepping ~*~*~tactically~*~*~ (hiding).
 42999 | Vaults:5 | Got a silver rune of Zot
 43005 | Vaults:5 | 43005 ||| BUYING potion of attraction (54 gold).
 43005 | Vaults:5 | Bought a potion of attraction for 54 gold pieces
 43005 | Vaults:5 | 43005 ||| BUYING potion of attraction (54 gold).
 43005 | Vaults:5 | Bought a potion of attraction for 54 gold pieces
 43005 | Vaults:5 | 43005 ||| BUYING potion of cancellation (144 gold).
 43005 | Vaults:5 | Bought a potion of cancellation for 144 gold pieces
 43005 | Vaults:5 | 43005 ||| BUYING potion of curing (54 gold).
 43005 | Vaults:5 | Bought a potion of curing for 54 gold pieces
 43005 | Vaults:5 | 43005 ||| BUYING potion of mutation (144 gold).
 43005 | Vaults:5 | Bought a potion of mutation for 144 gold pieces
 43005 | Vaults:5 | 43005 ||| BUYING potion of resistance (180 gold).
 43005 | Vaults:5 | Bought a potion of resistance for 180 gold pieces
 43005 | Vaults:5 | 43005 ||| BUYING potion of resistance (180 gold).
 43005 | Vaults:5 | Bought a potion of resistance for 180 gold pieces
 43007 | Vaults:5 | 43007 ||| Stepping ~*~*~tactically~*~*~ (stealth).
 43016 | Vaults:5 | Identified the +1 mace "Uti Soen" {flame, rElec rCorr
                  | Dex+6}
 43062 | Vaults:5 | 43062 ||| INVOKING Heroism.
 43077 | Vaults:5 | Found Okkudeng's Jewellery Shop.
 43115 | Vaults:5 | 43115 ||| Stepping ~*~*~tactically~*~*~ (hiding).
 43142 | Vaults:5 | 43142 ||| BUYING +4 ring of evasion (612 gold).
 43142 | Vaults:5 | Bought a +4 ring of evasion for 612 gold pieces
 43142 | Vaults:5 | 43142 ||| BUYING ring of protection from cold (425 gold).
 43142 | Vaults:5 | Bought a ring of protection from cold for 425 gold pieces
 43158 | Vaults:5 | 43158 ||| Stepping ~*~*~tactically~*~*~ (stealth).
 43309 | Vaults:5 | 43309 ||| FLEEEEING.
 43310 | Vaults:5 | 43310 ||| FLEEEEING.
 43311 | Vaults:5 | 43311 ||| FLEEEEING.
 43312 | Vaults:5 | 43312 ||| FLEEEEING.
 43313 | Vaults:5 | 43313 ||| FLEEEEING.
 43314 | Vaults:5 | 43314 ||| FLEEEEING.
 43315 | Vaults:5 | 43315 ||| FLEEEEING.
 43316 | Vaults:5 | 43316 ||| FLEEEEING.
 43317 | Vaults:5 | 43317 ||| FLEEEEING.
 43318 | Vaults:5 | 43318 ||| FLEEEEING.
 43319 | Vaults:5 | 43319 ||| FLEEEEING.
 43320 | Vaults:5 | 43320 ||| FLEEEEING.
 43321 | Vaults:5 | 43321 ||| FLEEEEING.
 43322 | Vaults:5 | 43322 ||| FLEEEEING.
 43337 | Vaults:5 | 43337 ||| INVOKING Heroism.
 43384 | Vaults:5 | 43384 ||| INVOKING Heroism.
 43386 | Vaults:5 | 43386 ||| Stepping ~*~*~tactically~*~*~ (hiding).
 43939 | Vaults:5 | 43939 ||| PLANNING SHOPPING SPREE
 43939 | Vaults:5 | 43939 ||| DROPPING ring of see invisible.
 43940 | Vaults:5 | 43940 ||| DROPPING ring of ice.
 44136 | D:13     | 44136 ||| BUYING +0 pair of gloves of fire resistance (149
                  | gold).
 44136 | D:13     | Bought a +0 pair of gloves of fire resistance for 149 gold
                  | pieces
 44136 | D:13     | 44136 ||| CLEARING SHOPPING LIST
 44136 | D:13     | 44136 ||| PLANNING ZOT:1-4
 44136 | D:13     | 44136 ||| READING 7 scrolls of teleportation.
 44324 | Zot:1    | Entered Level 1 of the Realm of Zot
 44464 | Zot:1    | 44464 ||| Stepping ~*~*~tactically~*~*~ (hiding).
 44466 | Zot:1    | 44466 ||| Stepping ~*~*~tactically~*~*~ (hiding).
 44479 | Zot:1    | 44479 ||| Stepping ~*~*~tactically~*~*~ (stealth).
 44480 | Zot:1    | 44480 ||| Stepping ~*~*~tactically~*~*~ (stealth).
 44481 | Zot:1    | 44481 ||| Stepping ~*~*~tactically~*~*~ (stealth).
 44638 | Zot:1    | Noticed an orb of fire
 44639 | Zot:1    | 44639 ||| DRINKING 6 potions of resistance.
 44640 | Zot:1    | 44640 ||| INVOKING Heroism.
 44641 | Zot:1    | 44641 ||| INVOKING Finesse.
 44654 | Zot:1    | Gained mutation: You are frail. (-10% HP) [an orb of fire]
 44659 | Zot:1    | Killed an orb of fire
 44851 | Zot:1    | 44851 ||| DRINKING 12 potions of mutation.
 44851 | Zot:1    | Lost mutation: You are agile. (Dex +4, Str/Int -1) [potion
                  | of mutation]
 44851 | Zot:1    | Lost mutation: You have a pair of small horns on your head.
                  | [potion of mutation]
 44851 | Zot:1    | Lost mutation: You are frail. (-10% HP) [potion of
                  | mutation]
 44851 | Zot:1    | Gained mutation: You are frail. (-10% HP) [potion of
                  | mutation]
 44851 | Zot:1    | Gained mutation: You are dopey. (Int -2) [potion of
                  | mutation]
 44851 | Zot:1    | Gained mutation: You are very frail. (-20% HP) [potion of
                  | mutation]
 44851 | Zot:1    | Gained mutation: Your flesh is heat resistant. (rF+)
                  | [potion of mutation]
 44852 | Zot:1    | 44852 ||| DRINKING 11 potions of mutation.
 44852 | Zot:1    | Lost mutation: You are dopey. (Int -2) [potion of mutation]
 44852 | Zot:1    | Lost mutation: You are very frail. (-20% HP) [potion of
                  | mutation]
 44852 | Zot:1    | Gained mutation: You occasionally lose the ability to drink
                  | potions when taking damage. [potion of mutation]
 44852 | Zot:1    | Gained mutation: Your natural rate of healing is unusually
                  | fast. [potion of mutation]
 44852 | Zot:1    | Gained mutation: Your flesh is very heat resistant. (rF++)
                  | [potion of mutation]
 44865 | Zot:1    | 44865 ||| DRINKING 10 potions of mutation.
 44865 | Zot:1    | Lost mutation: Your flesh is very heat resistant. (rF++)
                  | [potion of mutation]
 44865 | Zot:1    | Lost mutation: Your natural rate of healing is unusually
                  | fast. [potion of mutation]
 44865 | Zot:1    | Gained mutation: You passively dampen the noise of your
                  | surroundings. [potion of mutation]
 44865 | Zot:1    | Gained mutation: You are occasionally teleported next to
                  | monsters. [potion of mutation]
 44865 | Zot:1    | Gained mutation: You are covered in fur. (AC +1) [potion of
                  | mutation]
 44866 | Zot:1    | 44866 ||| DRINKING 9 potions of mutation.
 44866 | Zot:1    | Lost mutation: You are frail. (-10% HP) [potion of
                  | mutation]
 44866 | Zot:1    | Lost mutation: Your flesh is heat resistant. (rF+) [potion
                  | of mutation]
 44866 | Zot:1    | Lost mutation: You are covered in fur. (AC +1) [potion of
                  | mutation]
 44866 | Zot:1    | Gained mutation: You are partially covered in iridescent
                  | scales. (AC +2) [potion of mutation]
 44866 | Zot:1    | Gained mutation: You expend magic power (3 MP) to
                  | strengthen your wands. [potion of mutation]
 44866 | Zot:1    | Gained mutation: You sometimes lose the ability to drink
                  | potions when taking damage. [potion of mutation]
 44866 | Zot:1    | Gained mutation: You are robust. (+10% HP) [potion of
                  | mutation]
 44934 | Zot:1    | 44934 ||| DRINKING 8 potions of mutation.
 44934 | Zot:1    | Lost mutation: You expend magic power (3 MP) to strengthen
                  | your wands. [potion of mutation]
 44934 | Zot:1    | Lost mutation: You are occasionally teleported next to
                  | monsters. [potion of mutation]
 44934 | Zot:1    | Lost mutation: You passively dampen the noise of your
                  | surroundings. [potion of mutation]
 44934 | Zot:1    | Gained mutation: You are dopey. (Int -2) [potion of
                  | mutation]
 44934 | Zot:1    | Lost mutation: You are robust. (+10% HP) [potion of
                  | mutation]
 44934 | Zot:1    | Gained mutation: You have a somewhat thin skeletal
                  | structure. (Dex +2, Stealth+) [potion of mutation]
 44935 | Zot:1    | 44935 ||| DRINKING 7 potions of mutation.
 44935 | Zot:1    | Lost mutation: You have a somewhat thin skeletal structure.
                  | (Dex +2, Stealth+) [potion of mutation]
 44935 | Zot:1    | Lost mutation: You are partially covered in iridescent
                  | scales. (AC +2) [potion of mutation]
 44935 | Zot:1    | Lost mutation: You sometimes lose the ability to drink
                  | potions when taking damage. [potion of mutation]
 44935 | Zot:1    | Gained mutation: Your magical capacity is low. (-10% MP)
                  | [potion of mutation]
 44936 | Zot:1    | 44936 ||| DRINKING 6 potions of mutation.
 44936 | Zot:1    | Lost mutation: You occasionally lose the ability to drink
                  | potions when taking damage. [potion of mutation]
 44936 | Zot:1    | Lost mutation: Your magical capacity is low. (-10% MP)
                  | [potion of mutation]
 44936 | Zot:1    | Gained mutation: You are robust. (+10% HP) [potion of
                  | mutation]
 44936 | Zot:1    | Lost mutation: You are robust. (+10% HP) [potion of
                  | mutation]
 44936 | Zot:1    | Gained mutation: You are strong-willed. (Will+) [potion of
                  | mutation]
 45001 | Zot:1    | 45001 ||| Stepping ~*~*~tactically~*~*~ (hiding).
 45004 | Zot:1    | 45004 ||| INVOKING Heroism.
 45012 | Zot:1    | Reached skill level 21 in Armour
 45303 | Zot:1    | 45303 ||| Stepping ~*~*~tactically~*~*~ (hiding).
 45321 | Zot:1    | 45321 ||| Stepping ~*~*~tactically~*~*~ (stealth).
 45325 | Zot:1    | Identified the +7 broad axe "Xeblin" {vorpal, rN+ Dex+5}
                  | (Okawaru gifted it to you on level 1 of the Realm of Zot)
 45325 | Zot:1    | Received a gift from Okawaru
 45346 | Zot:2    | 45346 ||| INVOKING Heroism.
 45347 | Zot:2    | 45347 ||| STAIRDANCE
 45364 | Zot:1    | 45364 ||| Stepping ~*~*~tactically~*~*~ (cloud).
 45385 | Zot:2    | 45385 ||| STAIRDANCE
 45475 | Zot:2    | 45475 ||| INVOKING Heroism.
 45476 | Zot:2    | 45476 ||| STAIRDANCE
 45568 | Zot:2    | 45568 ||| INVOKING Heroism.
 45761 | Zot:2    | 45761 ||| Stepping ~*~*~tactically~*~*~ (hiding).
 45764 | Zot:2    | 45764 ||| INVOKING Heroism.
 45776 | Zot:2    | Reached XP level 25. HP: 178/178 MP: 29/30
 45793 | Zot:2    | Identified the +1 robe "Piunil" {rPois rCorr Int+4 Stlth+}
 45813 | Zot:2    | 45813 ||| Stepping ~*~*~tactically~*~*~ (stealth).
 45815 | Zot:2    | 45815 ||| Stepping ~*~*~tactically~*~*~ (stealth).
 45819 | Zot:2    | 45819 ||| INVOKING Heroism.
 45824 | Zot:2    | Received a gift from Okawaru
 45964 | Zot:2    | Reached skill level 24 in Fighting
 45965 | Zot:2    | 45965 ||| INVOKING Heroism.
 46098 | Zot:2    | 46098 ||| INVOKING Heroism.
 46148 | Zot:2    | Noticed a Killer Klown
 46149 | Zot:2    | 46149 ||| Stepping ~*~*~tactically~*~*~ (stealth).
 46150 | Zot:2    | 46150 ||| Stepping ~*~*~tactically~*~*~ (hiding).
 46152 | Zot:2    | 46152 ||| Stepping ~*~*~tactically~*~*~ (hiding).
 46156 | Zot:2    | 46156 ||| INVOKING Finesse.
 46165 | Zot:2    | Killed a Killer Klown
 46357 | Zot:2    | 46357 ||| INVOKING Heroism.
 46396 | Zot:2    | 46396 ||| INVOKING Heroism.
 46496 | Zot:2    | Noticed an orb of fire
 46497 | Zot:2    | 46497 ||| DRINKING 5 potions of resistance.
 46497 | Zot:2    | Gained mutation: You occasionally lose the ability to drink
                  | potions when taking damage. [an orb of fire]
 46498 | Zot:2    | 46498 ||| INVOKING Heroism.
 46499 | Zot:2    | 46499 ||| INVOKING Finesse.
 46507 | Zot:2    | Gained mutation: You are frail. (-10% HP) [an orb of fire]
 46520 | Zot:2    | Killed an orb of fire
 46598 | Zot:2    | 46598 ||| DRINKING 5 potions of mutation.
 46598 | Zot:2    | Lost mutation: You are frail. (-10% HP) [potion of
                  | mutation]
 46598 | Zot:2    | Lost mutation: You are strong-willed. (Will+) [potion of
                  | mutation]
 46598 | Zot:2    | Lost mutation: You are dopey. (Int -2) [potion of mutation]
 46598 | Zot:2    | Gained mutation: You have a pair of small antennae on your
                  | head. [potion of mutation]
 46598 | Zot:2    | Gained mutation: Your flesh is cold resistant. (rC+)
                  | [potion of mutation]
 46598 | Zot:2    | Gained mutation: Your mind is acute. (Int +4, Str/Dex -1)
                  | [potion of mutation]
 46635 | Zot:2    | 46635 ||| DRINKING 4 potions of mutation.
 46635 | Zot:2    | Lost mutation: Your mind is acute. (Int +4, Str/Dex -1)
                  | [potion of mutation]
 46635 | Zot:2    | Lost mutation: You occasionally lose the ability to drink
                  | potions when taking damage. [potion of mutation]
 46635 | Zot:2    | Lost mutation: You have a pair of small antennae on your
                  | head. [potion of mutation]
 46635 | Zot:2    | Gained mutation: You occasionally lose the ability to read
                  | scrolls when taking damage. [potion of mutation]
 46635 | Zot:2    | Gained mutation: You occasionally shout uncontrollably at
                  | your foes. [potion of mutation]
 46636 | Zot:2    | 46636 ||| DRINKING 3 potions of mutation.
 46636 | Zot:2    | Lost mutation: You occasionally lose the ability to read
                  | scrolls when taking damage. [potion of mutation]
 46636 | Zot:2    | Lost mutation: Your flesh is cold resistant. (rC+) [potion
                  | of mutation]
 46636 | Zot:2    | Gained mutation: You have a pair of small horns on your
                  | head. [potion of mutation]
 46636 | Zot:2    | Gained mutation: Your flesh is cold resistant. (rC+)
                  | [potion of mutation]
 46694 | Zot:2    | 46694 ||| INVOKING Heroism.
 46713 | Zot:2    | Identified the +5 broad axe "Voagoxit" {venom, Str+3}
 46752 | Zot:2    | 46752 ||| READING scroll of acquirement.
 46752 | Zot:2    | 46752 ||| ACQUIRING ring of Miracles {rF++ AC+4 Int-3 Dex-3
                  | SInv}
 46752 | Zot:2    | Acquired the ring of Miracles {rF++ AC+4 Int-3 Dex-3 SInv}
 46754 | Zot:2    | 46754 ||| UPGRADING to ring of Miracles {rF++ AC+4 Int-3
                  | Dex-3 SInv}.
 46807 | Zot:2    | 46807 ||| INVOKING Heroism.
 46921 | Zot:2    | 46921 ||| INVOKING Heroism.
 47065 | Zot:2    | 47065 ||| Stepping ~*~*~tactically~*~*~ (hiding).
 47068 | Zot:2    | 47068 ||| INVOKING Heroism.
 47144 | Zot:2    | 47144 ||| DROPPING +2 pair of boots of rampaging.
 47145 | Zot:2    | 47145 ||| DROPPING ring of Ceip {rF+ Int+6}.
 47146 | Zot:2    | 47146 ||| UPGRADING to ring "Liruderycs" {rF+ Str+6}.
 47180 | Zot:3    | 47180 ||| STAIRDANCE
 47189 | Zot:3    | 47189 ||| INVOKING Heroism.
 47190 | Zot:3    | 47190 ||| STAIRDANCE
 47200 | Zot:3    | 47200 ||| STAIRDANCE
 47226 | Zot:3    | Noticed an orb of fire
 47227 | Zot:3    | 47227 ||| INVOKING Finesse.
 47236 | Zot:3    | Gained mutation: You have hidden genetic defects. [an orb
                  | of fire]
 47238 | Zot:3    | Killed an orb of fire
 47238 | Zot:3    | Received a gift from Okawaru
 47482 | Zot:3    | 47482 ||| INVOKING Heroism.
 47492 | Zot:3    | Received a gift from Okawaru
 47511 | Zot:3    | Noticed a Killer Klown
 47512 | Zot:3    | 47512 ||| INVOKING Finesse.
 47514 | Zot:3    | 47514 ||| INVOKING Heroism.
 47530 | Zot:3    | Killed a Killer Klown
 47569 | Zot:3    | Noticed a Killer Klown
 47581 | Zot:3    | Killed a Killer Klown
 47595 | Zot:3    | 47595 ||| Stepping ~*~*~tactically~*~*~ (hiding).
 47606 | Zot:3    | 47606 ||| INVOKING Heroism.
 47611 | Zot:3    | Received a gift from Okawaru
 47626 | Zot:3    | Gained mutation: Your magical capacity is low. (-10% MP)
                  | [hidden defects]
 47631 | Zot:3    | 47631 ||| Stepping ~*~*~tactically~*~*~ (hiding).
 47660 | Zot:3    | 47660 ||| Stepping ~*~*~tactically~*~*~ (stealth).
 47676 | Zot:3    | 47676 ||| Stepping ~*~*~tactically~*~*~ (stealth).
 47677 | Zot:3    | 47677 ||| INVOKING Heroism.
 47692 | Zot:3    | 47692 ||| Stepping ~*~*~tactically~*~*~ (stealth).
 47712 | Zot:3    | 47712 ||| Stepping ~*~*~tactically~*~*~ (hiding).
 47713 | Zot:3    | 47713 ||| Stepping ~*~*~tactically~*~*~ (hiding).
 47828 | Zot:3    | 47828 ||| Stepping ~*~*~tactically~*~*~ (stealth).
 47965 | Zot:3    | 47965 ||| Stepping ~*~*~tactically~*~*~ (stealth).
 47966 | Zot:3    | 47966 ||| Stepping ~*~*~tactically~*~*~ (stealth).
 47968 | Zot:3    | 47968 ||| Stepping ~*~*~tactically~*~*~ (hiding).
 47969 | Zot:3    | 47969 ||| Stepping ~*~*~tactically~*~*~ (hiding).
 47970 | Zot:3    | 47970 ||| Stepping ~*~*~tactically~*~*~ (hiding).
 48141 | Zot:3    | Found a runed translucent gate.
 48141 | Zot:3    | Found a runed translucent gate.
 48141 | Zot:3    | Found a runed translucent gate.
 48144 | Zot:3    | Noticed qw's ghost (veteran GrFi)
 48158 | Zot:3    | 48158 ||| INVOKING Heroism.
 48221 | Zot:3    | 48221 ||| Stepping ~*~*~tactically~*~*~ (hiding).
 48228 | Zot:3    | 48228 ||| INVOKING Heroism.
 48436 | Zot:4    | 48436 ||| STAIRDANCE
 48466 | Zot:4    | 48466 ||| INVOKING Heroism.
 48673 | Zot:4    | 48673 ||| Stepping ~*~*~tactically~*~*~ (hiding).
 48675 | Zot:4    | 48675 ||| Stepping ~*~*~tactically~*~*~ (hiding).
 48677 | Zot:4    | Noticed a Killer Klown
 48678 | Zot:4    | 48678 ||| INVOKING Heroism.
 48679 | Zot:4    | 48679 ||| INVOKING Finesse.
 48700 | Zot:4    | 48700 ||| Stepping ~*~*~tactically~*~*~ (hiding).
 48707 | Zot:4    | Killed a Killer Klown
 48711 | Zot:4    | Reached XP level 26. HP: 180/190 MP: 22/27
 48723 | Zot:4    | 48723 ||| Stepping ~*~*~tactically~*~*~ (hiding).
 48739 | Zot:4    | Gained mutation: Your body sometimes deteriorates upon
                  | taking damage. [hidden defects]
 48739 | Zot:4    | Lost mutation: You have hidden genetic defects. [hidden
                  | defects expressed]
 48822 | Zot:4    | 48822 ||| Stepping ~*~*~tactically~*~*~ (hiding).
 48824 | Zot:4    | 48824 ||| Stepping ~*~*~tactically~*~*~ (hiding).
 48825 | Zot:4    | 48825 ||| Stepping ~*~*~tactically~*~*~ (hiding).
 48836 | Zot:4    | 48836 ||| Stepping ~*~*~tactically~*~*~ (hiding).
 48837 | Zot:4    | 48837 ||| Stepping ~*~*~tactically~*~*~ (hiding).
 48838 | Zot:4    | 48838 ||| Stepping ~*~*~tactically~*~*~ (hiding).
 48844 | Zot:4    | 48844 ||| INVOKING Heroism.
 48890 | Zot:4    | 48890 ||| Stepping ~*~*~tactically~*~*~ (stealth).
 48902 | Zot:4    | 48902 ||| FLEEEEING.
 48910 | Zot:4    | 48910 ||| FLEEEEING.
 48911 | Zot:4    | 48911 ||| FLEEEEING.
 48912 | Zot:4    | 48912 ||| FLEEEEING.
 48913 | Zot:4    | 48913 ||| FLEEEEING.
 48920 | Zot:4    | 48920 ||| Stepping ~*~*~tactically~*~*~ (hiding).
 48926 | Zot:4    | 48926 ||| INVOKING Heroism.
 48946 | Zot:4    | 48946 ||| FLEEEEING.
 48947 | Zot:4    | 48947 ||| FLEEEEING.
 48948 | Zot:4    | 48948 ||| FLEEEEING.
 48949 | Zot:4    | 48949 ||| FLEEEEING.
 48950 | Zot:4    | 48950 ||| FLEEEEING.
 48951 | Zot:4    | 48951 ||| FLEEEEING.
 48952 | Zot:4    | 48952 ||| STAIRDANCE
 49393 | Zot:4    | 49393 ||| Stepping ~*~*~tactically~*~*~ (hiding).
 49546 | Zot:4    | 49546 ||| Stepping ~*~*~tactically~*~*~ (stealth).
 49594 | Zot:4    | Found a runed translucent gate.
 49594 | Zot:4    | Found a runed translucent gate.
 49625 | Zot:4    | Found a runed translucent gate.
 49629 | Zot:4    | 49629 ||| Stepping ~*~*~tactically~*~*~ (stealth).
 49687 | Zot:4    | Noticed qw's ghost (veteran GrFi)
 49966 | Zot:4    | 49966 ||| PLANNING THE SHINING ONE WORSHIP
 50387 | Temple   | Fell from the grace of Okawaru
 50387 | Temple   | Became a worshipper of the Shining One
 50388 | Temple   | 50388 ||| PLANNING CRYPT
 50657 | Crypt:1  | Entered Level 1 of the Crypt
 50699 | Crypt:1  | Reached * piety under the Shining One
 50830 | Crypt:1  | Reached ** piety under the Shining One
 50972 | Crypt:1  | 50972 ||| DROPPING +5 broad axe "Ruisal" {spect, rPois
                  | SInv}.
 51213 | Crypt:1  | Reached *** piety under the Shining One
 51396 | Crypt:1  | 51396 ||| Stepping ~*~*~tactically~*~*~ (hiding).
 51402 | Crypt:1  | Reached skill level 12 in Invocations
 51423 | Crypt:1  | Reached **** piety under the Shining One
 51735 | Crypt:2  | 51735 ||| STAIRDANCE
 51752 | Crypt:2  | 51752 ||| Stepping ~*~*~tactically~*~*~ (hiding).
 51754 | Crypt:2  | Reached ***** piety under the Shining One
 51755 | Crypt:2  | 51755 ||| Stepping ~*~*~tactically~*~*~ (hiding).
 51975 | Crypt:2  | 51975 ||| Stepping ~*~*~tactically~*~*~ (hiding).
 51978 | Crypt:2  | 51978 ||| Stepping ~*~*~tactically~*~*~ (hiding).
 51989 | Crypt:2  | 51989 ||| INVOKING Cleansing Flame.
 51990 | Crypt:2  | 51990 ||| INVOKING Summon Divine Warrior.
 52029 | Crypt:2  | Reached ****** piety under the Shining One
 52041 | Crypt:2  | 52041 ||| INVOKING Cleansing Flame.
 52071 | Crypt:2  | 52071 ||| INVOKING Brand Weapon With Holy Wrath.
 52071 | Crypt:2  | Identified a +2 war axe of holy wrath (a +0 war axe blessed
                  | by the Shining One)
 52071 | Crypt:2  | Received a gift from the Shining One
 52072 | Crypt:2  | 52072 ||| DROPPING +2 war axe of holy wrath.
 52355 | Crypt:2  | Reached skill level 15 in Invocations
 52401 | Crypt:2  | 52401 ||| DROPPING ring of magical power.
 52416 | Crypt:3  | Entered Level 3 of the Crypt
 52501 | Crypt:3  | 52501 ||| Stepping ~*~*~tactically~*~*~ (hiding).
 52520 | Crypt:3  | 52520 ||| Stepping ~*~*~tactically~*~*~ (hiding).
 52521 | Crypt:3  | 52521 ||| Stepping ~*~*~tactically~*~*~ (hiding).
 52583 | Crypt:3  | 52583 ||| Stepping ~*~*~tactically~*~*~ (hiding).
 52601 | Crypt:3  | 52601 ||| Stepping ~*~*~tactically~*~*~ (hiding).
 52610 | Crypt:3  | 52610 ||| Stepping ~*~*~tactically~*~*~ (hiding).
 52654 | Crypt:3  | 52654 ||| Stepping ~*~*~tactically~*~*~ (hiding).
 52825 | Crypt:3  | Found a basalt altar of Yredelemnul.
 52825 | Crypt:3  | Noticed a dread lich
 52826 | Crypt:3  | 52826 ||| INVOKING Summon Divine Warrior.
 52828 | Crypt:3  | 52828 ||| INVOKING Cleansing Flame.
 52829 | Crypt:3  | 52829 ||| INVOKING Cleansing Flame.
 52829 | Crypt:3  | Killed a dread lich
 52902 | Crypt:3  | 52902 ||| INVOKING Cleansing Flame.
 52903 | Crypt:3  | 52903 ||| INVOKING Cleansing Flame.
 53000 | Crypt:3  | 53000 ||| Stepping ~*~*~tactically~*~*~ (hiding).
 53006 | Crypt:3  | Reached XP level 27. HP: 196/196 MP: 31/31
 53163 | Crypt:3  | 53163 ||| READING scroll of acquirement.
 53163 | Crypt:3  | 53163 ||| ACQUIRING +7 war axe "Muifeis" {speed, rPois rC++
                  | Dex-5}
 53163 | Crypt:3  | Acquired the +7 war axe "Muifeis" {speed, rPois rC++ Dex-5}
 53420 | Crypt:3  | Found a staircase to the Tomb.
 53588 | Crypt:2  | Found an ancient bone altar of Kikubaaqudgha.
 53591 | Crypt:2  | 53591 ||| PLANNING TOMB
 53681 | Tomb:1   | Entered Level 1 of the Tomb of the Ancients
 53790 | Tomb:1   | 53790 ||| Stepping ~*~*~tactically~*~*~ (hiding).
 53792 | Tomb:1   | 53792 ||| Stepping ~*~*~tactically~*~*~ (hiding).
 53793 | Tomb:1   | 53793 ||| INVOKING Summon Divine Warrior.
 53794 | Tomb:1   | 53794 ||| INVOKING Cleansing Flame.
 53798 | Tomb:1   | Reached skill level 18 in Invocations
 53803 | Tomb:1   | Noticed a royal mummy
 53811 | Tomb:1   | 53811 ||| INVOKING Cleansing Flame.
 53812 | Tomb:1   | 53812 ||| INVOKING Cleansing Flame.
 53813 | Tomb:1   | 53813 ||| INVOKING Cleansing Flame.
 53813 | Tomb:1   | Killed a royal mummy
 53827 | Tomb:1   | Noticed a royal mummy
 53830 | Tomb:1   | 53830 ||| INVOKING Cleansing Flame.
 53831 | Tomb:1   | 53831 ||| INVOKING Cleansing Flame.
 53832 | Tomb:1   | 53832 ||| INVOKING Cleansing Flame.
 53833 | Tomb:1   | 53833 ||| DRINKING 3 potions of magic.
 53833 | Tomb:1   | Killed a royal mummy
 53840 | Tomb:1   | 53840 ||| INVOKING Cleansing Flame.
 53841 | Tomb:1   | 53841 ||| INVOKING Cleansing Flame.
 53845 | Tomb:1   | Noticed a royal mummy
 53846 | Tomb:1   | 53846 ||| INVOKING Cleansing Flame.
 53852 | Tomb:1   | Killed a royal mummy
 53880 | Tomb:1   | 53880 ||| INVOKING Cleansing Flame.
 53881 | Tomb:1   | 53881 ||| INVOKING Cleansing Flame.
 53882 | Tomb:1   | 53882 ||| INVOKING Cleansing Flame.
 54164 | Tomb:1   | Identified the +8 dagger "Yttibluw" {vorpal, rCorr}
 54540 | Tomb:2   | 54540 ||| DRINKING 9 potions of haste.
 54541 | Tomb:2   | 54541 ||| DRINKING 7 potions of attraction.
 54541 | Tomb:2   | Noticed a royal mummy
 54542 | Tomb:2   | 54542 ||| INVOKING Cleansing Flame.
 54542 | Tomb:2   | Noticed a royal mummy
 54543 | Tomb:2   | 54543 ||| INVOKING Cleansing Flame.
 54544 | Tomb:2   | 54544 ||| INVOKING Summon Divine Warrior.
 54544 | Tomb:2   | Noticed a royal mummy
 54545 | Tomb:2   | 54545 ||| INVOKING Cleansing Flame.
 54545 | Tomb:2   | Noticed a royal mummy
 54546 | Tomb:2   | 54546 ||| INVOKING Cleansing Flame.
 54550 | Tomb:2   | Killed a royal mummy
 54551 | Tomb:2   | Killed a royal mummy
 54555 | Tomb:2   | 54555 ||| INVOKING Summon Divine Warrior.
 54556 | Tomb:2   | 54556 ||| INVOKING Cleansing Flame.
 54558 | Tomb:2   | Killed a royal mummy
 54558 | Tomb:2   | Killed a royal mummy
 54569 | Tomb:2   | Noticed Boris
 54573 | Tomb:2   | 54573 ||| INVOKING Cleansing Flame.
 54577 | Tomb:2   | Killed Boris
 54587 | Tomb:2   | 54587 ||| INVOKING Cleansing Flame.
 54702 | Tomb:2   | Reached skill level 21 in Invocations
 54990 | Tomb:1   | Noticed a royal mummy
 54991 | Tomb:1   | 54991 ||| INVOKING Summon Divine Warrior.
 54993 | Tomb:1   | Noticed a royal mummy
 54997 | Tomb:1   | 54997 ||| INVOKING Cleansing Flame.
 54997 | Tomb:1   | Noticed a royal mummy
 54998 | Tomb:1   | 54998 ||| INVOKING Cleansing Flame.
 54999 | Tomb:1   | 54999 ||| INVOKING Cleansing Flame.
 54999 | Tomb:1   | Killed a royal mummy
 54999 | Tomb:1   | Noticed a royal mummy
 55000 | Tomb:1   | 55000 ||| INVOKING Cleansing Flame.
 55000 | Tomb:1   | Noticed a royal mummy
 55001 | Tomb:1   | 55001 ||| INVOKING Cleansing Flame.
 55002 | Tomb:1   | 55002 ||| INVOKING Summon Divine Warrior.
 55006 | Tomb:1   | Killed a royal mummy
 55008 | Tomb:1   | Killed a royal mummy
 55011 | Tomb:1   | HP: 39/196 [royal mummy/divine providence (15)]
 55012 | Tomb:1   | 55012 ||| READING 12 scrolls of teleportation.
 55013 | Tomb:1   | 55013 ||| DRINKING 13 potions of heal wounds.
 55013 | Tomb:1   | Noticed a royal mummy
 55013 | Tomb:1   | Noticed a royal mummy
 55014 | Tomb:1   | 55014 ||| READING 11 scrolls of teleportation.
 55015 | Tomb:1   | 55015 ||| DRINKING 12 potions of heal wounds.
 55444 | Tomb:1   | Noticed a royal mummy
 55445 | Tomb:1   | 55445 ||| INVOKING Summon Divine Warrior.
 55449 | Tomb:1   | Killed a royal mummy
 55455 | Tomb:1   | 55455 ||| INVOKING Cleansing Flame.
 55456 | Tomb:1   | 55456 ||| INVOKING Cleansing Flame.
 55457 | Tomb:1   | 55457 ||| INVOKING Cleansing Flame.
 55457 | Tomb:1   | Killed a royal mummy
 55465 | Tomb:1   | 55465 ||| INVOKING Cleansing Flame.
 55466 | Tomb:1   | 55466 ||| INVOKING Cleansing Flame.
 55467 | Tomb:1   | 55467 ||| DRINKING 2 potions of magic.
 55467 | Tomb:1   | Killed a royal mummy
 55469 | Tomb:1   | Noticed a royal mummy
 55470 | Tomb:1   | 55470 ||| INVOKING Cleansing Flame.
 55471 | Tomb:1   | 55471 ||| INVOKING Cleansing Flame.
 55472 | Tomb:1   | 55472 ||| INVOKING Cleansing Flame.
 55472 | Tomb:1   | Killed a royal mummy
 55723 | Tomb:1   | Noticed a royal mummy
 55724 | Tomb:1   | 55724 ||| INVOKING Summon Divine Warrior.
 55724 | Tomb:1   | Identified the +5 tower shield of Vaehuuri {Str+4}
 55729 | Tomb:1   | Killed a royal mummy
 55741 | Tomb:1   | Killed a royal mummy
 55743 | Tomb:1   | Noticed a royal mummy
 55752 | Tomb:1   | Killed a royal mummy
 55777 | Tomb:1   | 55777 ||| INVOKING Cleansing Flame.
 55778 | Tomb:1   | 55778 ||| INVOKING Cleansing Flame.
 55779 | Tomb:1   | 55779 ||| INVOKING Cleansing Flame.
 55780 | Tomb:1   | Noticed a royal mummy
 55783 | Tomb:1   | Killed a royal mummy
 55791 | Tomb:1   | Noticed a royal mummy
 55792 | Tomb:1   | Killed a royal mummy
 55793 | Tomb:1   | 55793 ||| INVOKING Cleansing Flame.
 55794 | Tomb:1   | 55794 ||| INVOKING Cleansing Flame.
 55795 | Tomb:1   | 55795 ||| INVOKING Cleansing Flame.
 55795 | Tomb:1   | Killed a royal mummy
 55819 | Tomb:1   | Noticed a royal mummy
 55821 | Tomb:1   | 55821 ||| INVOKING Cleansing Flame.
 55822 | Tomb:1   | 55822 ||| INVOKING Cleansing Flame.
 55823 | Tomb:1   | 55823 ||| INVOKING Cleansing Flame.
 55824 | Tomb:1   | 55824 ||| DRINKING potion of magic.
 55825 | Tomb:1   | 55825 ||| INVOKING Cleansing Flame.
 55825 | Tomb:1   | Killed a royal mummy
 56057 | Tomb:1   | Noticed a royal mummy
 56058 | Tomb:1   | 56058 ||| INVOKING Summon Divine Warrior.
 56069 | Tomb:1   | Killed a royal mummy
 56124 | Tomb:1   | Noticed a royal mummy
 56135 | Tomb:1   | Killed a royal mummy
 56426 | Tomb:1   | Noticed a royal mummy
 56427 | Tomb:1   | 56427 ||| INVOKING Summon Divine Warrior.
 56432 | Tomb:1   | 56432 ||| INVOKING Cleansing Flame.
 56433 | Tomb:1   | 56433 ||| INVOKING Cleansing Flame.
 56434 | Tomb:1   | 56434 ||| INVOKING Cleansing Flame.
 56434 | Tomb:1   | Killed a royal mummy
 56436 | Tomb:1   | Noticed a royal mummy
 56437 | Tomb:1   | 56437 ||| INVOKING Cleansing Flame.
 56438 | Tomb:1   | 56438 ||| INVOKING Cleansing Flame.
 56442 | Tomb:1   | Killed a royal mummy
 56858 | Tomb:2   | 56858 ||| INVOKING Cleansing Flame.
 56861 | Tomb:2   | 56861 ||| INVOKING Cleansing Flame.
 56862 | Tomb:2   | 56862 ||| INVOKING Cleansing Flame.
 56882 | Tomb:2   | 56882 ||| INVOKING Cleansing Flame.
 56891 | Tomb:2   | 56891 ||| INVOKING Cleansing Flame.
 56892 | Tomb:2   | 56892 ||| INVOKING Cleansing Flame.
 57197 | Tomb:3   | Entered Level 3 of the Tomb of the Ancients
 57198 | Tomb:3   | 57198 ||| DRINKING 8 potions of haste.
 57199 | Tomb:3   | 57199 ||| DRINKING 6 potions of attraction.
 57205 | Tomb:3   | 57205 ||| INVOKING Cleansing Flame.
 57221 | Tomb:3   | 57221 ||| INVOKING Cleansing Flame.
 57223 | Tomb:3   | 57223 ||| INVOKING Cleansing Flame.
 57224 | Tomb:3   | Reached skill level 24 in Invocations
 57226 | Tomb:3   | 57226 ||| INVOKING Summon Divine Warrior.
 57228 | Tomb:3   | 57228 ||| INVOKING Cleansing Flame.
 57241 | Tomb:3   | Noticed a royal mummy
 57244 | Tomb:3   | 57244 ||| INVOKING Cleansing Flame.
 57244 | Tomb:3   | Noticed a royal mummy
 57253 | Tomb:3   | Killed a royal mummy
 57258 | Tomb:3   | 57258 ||| INVOKING Cleansing Flame.
 57263 | Tomb:3   | 57263 ||| INVOKING Summon Divine Warrior.
 57271 | Tomb:3   | 57271 ||| INVOKING Cleansing Flame.
 57271 | Tomb:3   | Killed a royal mummy
 57274 | Tomb:3   | 57274 ||| INVOKING Cleansing Flame.
 57283 | Tomb:3   | Noticed a royal mummy
 57284 | Tomb:3   | Noticed a royal mummy
 57292 | Tomb:3   | 57292 ||| INVOKING Summon Divine Warrior.
 57293 | Tomb:3   | 57293 ||| INVOKING Cleansing Flame.
 57300 | Tomb:3   | 57300 ||| INVOKING Summon Divine Warrior.
 57301 | Tomb:3   | HP: 47/196 [death scarab[a royal mummy] (13)]
 57302 | Tomb:3   | 57302 ||| READING 10 scrolls of teleportation.
 57303 | Tomb:3   | 57303 ||| DRINKING 11 potions of heal wounds.
 57304 | Tomb:3   | 57304 ||| DRINKING 10 potions of heal wounds.
 57305 | Tomb:3   | Noticed a royal mummy
 57306 | Tomb:3   | 57306 ||| INVOKING Summon Divine Warrior.
 57306 | Tomb:3   | Identified the +7 tower shield of Jiraimp {rC+ Dex+4}
 57310 | Tomb:3   | 57310 ||| INVOKING Cleansing Flame.
 57311 | Tomb:3   | HP: 46/196 [??? (9)]
 57312 | Tomb:3   | 57312 ||| READING 9 scrolls of teleportation.
 57313 | Tomb:3   | 57313 ||| DRINKING 9 potions of heal wounds.
 57313 | Tomb:3   | Noticed a royal mummy
 57313 | Tomb:3   | Found the +7 Singing Sword {vorpal, sonic wave}
 57314 | Tomb:3   | 57314 ||| INVOKING Summon Divine Warrior.
 57320 | Tomb:3   | HP: 48/196 [royal mummy/divine providence (8)]
 57321 | Tomb:3   | 57321 ||| READING 8 scrolls of teleportation.
 57322 | Tomb:3   | 57322 ||| DRINKING 8 potions of heal wounds.
 57323 | Tomb:3   | 57323 ||| DRINKING 7 potions of heal wounds.
 57329 | Tomb:3   | 57329 ||| INVOKING Cleansing Flame.
 57332 | Tomb:3   | 57332 ||| INVOKING Cleansing Flame.
 57333 | Tomb:3   | Killed a royal mummy
 57334 | Tomb:3   | HP: 43/196 [royal mummy/divine providence (15)]
 57335 | Tomb:3   | 57335 ||| READING 7 scrolls of teleportation.
 57336 | Tomb:3   | 57336 ||| DRINKING 6 potions of heal wounds.
 57339 | Tomb:3   | 57339 ||| INVOKING Cleansing Flame.
 57347 | Tomb:3   | Noticed Khufu
 57350 | Tomb:3   | Noticed a royal mummy
 57357 | Tomb:3   | Noticed a royal mummy
 57358 | Tomb:3   | 57358 ||| INVOKING Cleansing Flame.
 57359 | Tomb:3   | 57359 ||| INVOKING Cleansing Flame.
 57359 | Tomb:3   | HP: 45/196 [emperor scorpion[a royal mummy] (12)]
 57360 | Tomb:3   | 57360 ||| READING 6 scrolls of teleportation.
 57361 | Tomb:3   | 57361 ||| DRINKING 5 potions of heal wounds.
 57361 | Tomb:3   | Killed a royal mummy
 57479 | Tomb:3   | 57479 ||| Stepping ~*~*~tactically~*~*~ (stealth).
 57488 | Tomb:3   | 57488 ||| Stepping ~*~*~tactically~*~*~ (stealth).
 57490 | Tomb:3   | 57490 ||| Stepping ~*~*~tactically~*~*~ (stealth).
 57494 | Tomb:3   | 57494 ||| Stepping ~*~*~tactically~*~*~ (stealth).
 57495 | Tomb:3   | 57495 ||| Stepping ~*~*~tactically~*~*~ (stealth).
 57503 | Tomb:3   | 57503 ||| INVOKING Cleansing Flame.
 57504 | Tomb:3   | 57504 ||| INVOKING Summon Divine Warrior.
 57507 | Tomb:3   | Killed a royal mummy
 57507 | Tomb:3   | Lost dexterity.
 57510 | Tomb:3   | 57510 ||| REMOVING ring of Miracles {rF++ AC+4 Int-3 Dex-3
                  | SInv}.
 57585 | Tomb:3   | 57585 ||| INVOKING Summon Divine Warrior.
 57591 | Tomb:3   | Killed a royal mummy
 57785 | Tomb:3   | 57785 ||| INVOKING Summon Divine Warrior.
 57791 | Tomb:3   | 57791 ||| INVOKING Cleansing Flame.
 57794 | Tomb:3   | Killed a royal mummy
 57802 | Tomb:3   | Killed Khufu
 57812 | Tomb:3   | Killed a royal mummy
 57835 | Tomb:3   | 57835 ||| INVOKING Summon Divine Warrior.
 58064 | Tomb:3   | Identified the ring "Roeguegh" {rElec rPois rCorr Int-2
                  | Dex+3}
 58087 | Tomb:3   | Identified the +0 scale mail of Levity {rC+ Str+3}
 58119 | Tomb:3   | Identified the +6 great sword of Fengoq {drain, rC+ Will++
                  | Str+3 Int-5}
 58122 | Tomb:3   | Identified the +7 executioner's axe of Greed {elec, rC+
                  | Dex+2}
 58141 | Tomb:3   | Identified the +0 chain mail of Muttered Phrases {rElec}
 58145 | Tomb:3   | Identified the +8 war axe "Rus Oghe" {vorpal, Dex+4}
 58191 | Tomb:3   | Got a golden rune of Zot
 58306 | Tomb:3   | 58306 ||| PLANNING PAN
 58306 | Tomb:3   | 58306 ||| DROPPING +1 fire dragon scales.
 58307 | Tomb:3   | 58307 ||| UPGRADING to ring of the Three Xenophobes {rPois
                  | Will- AC+4 Str+2}.
 58308 | Tomb:3   | 58308 ||| UPGRADING to ring "Roeguegh" {rElec rPois rCorr
                  | Int-2 Dex+3}.
 58310 | Tomb:3   | 58310 ||| DROPPING ring of resist corrosion.
 58964 | Pan      | Entered Pandemonium
 58981 | Pan      | 58981 ||| Stepping ~*~*~tactically~*~*~ (hiding).
 59048 | Pan      | 59048 ||| Stepping ~*~*~tactically~*~*~ (stealth).
 59050 | Pan      | 59050 ||| Stepping ~*~*~tactically~*~*~ (hiding).
 59198 | Pan      | Gained mutation: You do not regenerate when monsters are
                  | visible. [a cacodemon]
 59212 | Pan      | 59212 ||| DRINKING 3 potions of mutation.
 59212 | Pan      | Lost mutation: Your magical capacity is low. (-10% MP)
                  | [potion of mutation]
 59212 | Pan      | Lost mutation: You do not regenerate when monsters are
                  | visible. [potion of mutation]
 59212 | Pan      | Lost mutation: Your flesh is cold resistant. (rC+) [potion
                  | of mutation]
 59212 | Pan      | Gained mutation: You have sharp toenails. [potion of
                  | mutation]
 59243 | Pan      | Found a transporter.
 59246 | Pan      | 59246 ||| Stepping ~*~*~tactically~*~*~ (stealth).
 59282 | Pan      | Found a transporter.
 59414 | Pan      | 59414 ||| Stepping ~*~*~tactically~*~*~ (hiding).
 59438 | Pan      | Found a transporter.
 59439 | Pan      | Found a transporter.
 59452 | Pan      | Found a transporter.
 59657 | Pan      | 59657 ||| Stepping ~*~*~tactically~*~*~ (stealth).
 59659 | Pan      | 59659 ||| Stepping ~*~*~tactically~*~*~ (hiding).
 59660 | Pan      | 59660 ||| Stepping ~*~*~tactically~*~*~ (hiding).
 59661 | Pan      | 59661 ||| Stepping ~*~*~tactically~*~*~ (hiding).
 60015 | Pan      | 60015 ||| Stepping ~*~*~tactically~*~*~ (stealth).
 60017 | Pan      | 60017 ||| Stepping ~*~*~tactically~*~*~ (hiding).
 60065 | Pan      | 60065 ||| Stepping randomly (cloudy).
 60066 | Pan      | 60066 ||| Stepping ~*~*~tactically~*~*~ (cloud).
 60097 | Pan      | Gained mutation: Potions are less effective at restoring
                  | your health. [a neqoxec]
 60111 | Pan      | 60111 ||| DRINKING 2 potions of mutation.
 60111 | Pan      | Lost mutation: Your body sometimes deteriorates upon taking
                  | damage. [potion of mutation]
 60111 | Pan      | Lost mutation: Potions are less effective at restoring your
                  | health. [potion of mutation]
 60111 | Pan      | Gained mutation: Your muscles are strong. (Str +4, Int/Dex
                  | -1) [potion of mutation]
 60124 | Pan      | 60124 ||| Stepping ~*~*~tactically~*~*~ (stealth).
 60224 | Pan      | 60224 ||| Stepping ~*~*~tactically~*~*~ (hiding).
 60238 | Pan      | 60238 ||| Stepping ~*~*~tactically~*~*~ (hiding).
 60246 | Pan      | Gained mutation: Armour fits poorly on your strangely
                  | shaped body. [a neqoxec]
 60259 | Pan      | 60259 ||| DRINKING potion of mutation.
 60259 | Pan      | Lost mutation: You have a pair of small horns on your head.
                  | [potion of mutation]
 60259 | Pan      | Lost mutation: Armour fits poorly on your strangely shaped
                  | body. [potion of mutation]
 60259 | Pan      | Lost mutation: You occasionally shout uncontrollably at
                  | your foes. [potion of mutation]
 60259 | Pan      | Gained mutation: Armour fits poorly on your strangely
                  | shaped body. [potion of mutation]
 60269 | Pan      | 60269 ||| Stepping ~*~*~tactically~*~*~ (stealth).
 60270 | Pan      | 60270 ||| Stepping ~*~*~tactically~*~*~ (stealth).
 60282 | Pan      | Got a demonic rune of Zot
 60340 | Pan      | Noticed Munnanybb the pandemonium lord
 60341 | Pan      | 60341 ||| INVOKING Summon Divine Warrior.
 60343 | Pan      | 60343 ||| INVOKING Cleansing Flame.
 60347 | Pan      | Reached skill level 1 in Short Blades
 60350 | Pan      | 60350 ||| INVOKING Cleansing Flame.
 60351 | Pan      | 60351 ||| INVOKING Cleansing Flame.
 60351 | Pan      | Killed Munnanybb the pandemonium lord
 60409 | Pan      | Found an exit through the horrors of the Abyss.
 60419 | Pan      | Reached skill level 3 in Short Blades
 60433 | Pan      | 60433 ||| UPGRADING to ring of Miracles {rF++ AC+4 Int-3
                  | Dex-3 SInv}.
 60502 | Pan      | 60502 ||| Stepping ~*~*~tactically~*~*~ (stealth).
 60524 | Pan      | Noticed Ikhluavuicw the pandemonium lord
 60525 | Pan      | 60525 ||| INVOKING Summon Divine Warrior.
 60534 | Pan      | 60534 ||| INVOKING Summon Divine Warrior.
 60548 | Pan      | Killed Ikhluavuicw the pandemonium lord
 60549 | Pan      | 60549 ||| Stepping randomly (cloudy).
 60552 | Pan      | 60552 ||| INVOKING Cleansing Flame.
 60553 | Pan      | 60553 ||| INVOKING Cleansing Flame.
 60561 | Pan      | 60561 ||| Stepping randomly (cloudy).
 60646 | Pan      | Reached skill level 27 in Invocations
 60665 | Pan      | 60665 ||| INVOKING Cleansing Flame.
 60687 | Pan      | 60687 ||| Stepping ~*~*~tactically~*~*~ (stealth).
 60690 | Pan      | 60690 ||| INVOKING Cleansing Flame.
 60695 | Pan      | Gained mutation: You are clumsy. (Dex -2) [a cacodemon]
 60696 | Pan      | 60696 ||| Stepping ~*~*~tactically~*~*~ (stealth).
 60717 | Pan      | 60717 ||| INVOKING Summon Divine Warrior.
 60721 | Pan      | 60721 ||| INVOKING Cleansing Flame.
 60722 | Pan      | 60722 ||| INVOKING Cleansing Flame.
 60820 | Pan      | 60820 ||| INVOKING Summon Divine Warrior.
 60831 | Pan      | Noticed Anniz the pandemonium lord
 60839 | Pan      | 60839 ||| INVOKING Cleansing Flame.
 60840 | Pan      | 60840 ||| INVOKING Cleansing Flame.
 60842 | Pan      | Killed Anniz the pandemonium lord
 60860 | Pan      | 60860 ||| INVOKING Cleansing Flame.
 60920 | Pan      | 60920 ||| READING 9 scrolls of teleportation.
 61012 | Pan      | Was forgiven by Okawaru
 61059 | Pan      | 61059 ||| DRINKING 5 potions of cancellation.
 61292 | Pan      | Entered the realm of Mnoleg.
 61313 | Pan      | Lost mutation: Armour fits poorly on your strangely shaped
                  | body. [a cacodemon]
 61372 | Pan      | 61372 ||| Stepping ~*~*~tactically~*~*~ (hiding).
 61375 | Pan      | 61375 ||| Stepping ~*~*~tactically~*~*~ (hiding).
 61476 | Pan      | 61476 ||| Stepping ~*~*~tactically~*~*~ (hiding).
 61484 | Pan      | 61484 ||| Stepping ~*~*~tactically~*~*~ (hiding).
 61486 | Pan      | 61486 ||| Stepping ~*~*~tactically~*~*~ (hiding).
 61492 | Pan      | 61492 ||| Stepping ~*~*~tactically~*~*~ (hiding).
 61497 | Pan      | Gained mutation: You are vulnerable to heat. (rF-) [a
                  | shining eye]
 61502 | Pan      | Gained mutation: You are very vulnerable to heat. (rF--) [a
                  | shining eye]
 61508 | Pan      | Lost mutation: Your muscles are strong. (Str +4, Int/Dex
                  | -1) [a shining eye]
 61548 | Pan      | 61548 ||| Stepping ~*~*~tactically~*~*~ (hiding).
 61599 | Pan      | 61599 ||| Stepping ~*~*~tactically~*~*~ (hiding).
 61600 | Pan      | 61600 ||| Stepping ~*~*~tactically~*~*~ (hiding).
 61604 | Pan      | Gained mutation: Your body sometimes deteriorates upon
                  | taking damage. [a neqoxec]
 61705 | Pan      | 61705 ||| Stepping ~*~*~tactically~*~*~ (stealth).
 61708 | Pan      | 61708 ||| Stepping ~*~*~tactically~*~*~ (hiding).
 61714 | Pan      | Gained mutation: You sometimes lose your temper in combat.
                  | [a cacodemon]
 61751 | Pan      | 61751 ||| Stepping ~*~*~tactically~*~*~ (stealth).
 61759 | Pan      | Gained mutation: You are frail. (-10% HP) [a cacodemon]
 61834 | Pan      | 61834 ||| Stepping ~*~*~tactically~*~*~ (stealth).
 61836 | Pan      | 61836 ||| Stepping ~*~*~tactically~*~*~ (hiding).
 61864 | Pan      | 61864 ||| Stepping ~*~*~tactically~*~*~ (hiding).
 61919 | Pan      | 61919 ||| Stepping ~*~*~tactically~*~*~ (stealth).
 61920 | Pan      | 61920 ||| Stepping ~*~*~tactically~*~*~ (stealth).
 61921 | Pan      | 61921 ||| Stepping ~*~*~tactically~*~*~ (stealth).
 61958 | Pan      | 61958 ||| Stepping ~*~*~tactically~*~*~ (hiding).
 61963 | Pan      | 61963 ||| Stepping ~*~*~tactically~*~*~ (stealth).
 61968 | Pan      | Gained mutation: You occasionally shout uncontrollably at
                  | your foes. [a cacodemon]
 62089 | Pan      | 62089 ||| Stepping ~*~*~tactically~*~*~ (stealth).
 62149 | Pan      | Noticed Mnoleg
 62149 | Pan      | Paralysed by a floating eye for 3 turns
 62152 | Pan      | 62152 ||| INVOKING Summon Divine Warrior.
 62157 | Pan      | 62157 ||| INVOKING Cleansing Flame.
 62158 | Pan      | Paralysed by a floating eye for 3 turns
 62169 | Pan      | 62169 ||| INVOKING Summon Divine Warrior.
 62169 | Pan      | Paralysed by a floating eye for 2 turns
 62173 | Pan      | Killed Mnoleg
 62271 | Pan      | Identified the +7 morningstar "Worm's Wrath" {vorpal,
                  | Stlth+}
 62326 | Pan      | Got a glowing rune of Zot
 62431 | Pan      | Entered the realm of Gloorx Vloq.
 62536 | Pan      | Reached skill level 24 in Armour
 62583 | Pan      | 62583 ||| Stepping ~*~*~tactically~*~*~ (stealth).
 62585 | Pan      | 62585 ||| Stepping ~*~*~tactically~*~*~ (stealth).
 62829 | Pan      | Noticed Gloorx Vloq
 62831 | Pan      | 62831 ||| INVOKING Summon Divine Warrior.
 62833 | Pan      | 62833 ||| INVOKING Cleansing Flame.
 62834 | Pan      | 62834 ||| INVOKING Cleansing Flame.
 62841 | Pan      | 62841 ||| INVOKING Cleansing Flame.
 62843 | Pan      | 62843 ||| INVOKING Summon Divine Warrior.
 62845 | Pan      | 62845 ||| INVOKING Cleansing Flame.
 62847 | Pan      | Killed Gloorx Vloq
 62858 | Pan      | Reached skill level 6 in Short Blades
 63016 | Pan      | 63016 ||| DRINKING potion of mutation.
 63016 | Pan      | Lost mutation: You have sharp toenails. [potion of
                  | mutation]
 63016 | Pan      | Lost mutation: You occasionally shout uncontrollably at
                  | your foes. [potion of mutation]
 63016 | Pan      | Gained mutation: Your magical capacity is low. (-10% MP)
                  | [potion of mutation]
 63016 | Pan      | Gained mutation: Your spells are a little harder to cast,
                  | but a little more powerful. [potion of mutation]
 63048 | Pan      | Got a dark rune of Zot
 63103 | Pan      | 63103 ||| Stepping ~*~*~tactically~*~*~ (stealth).
 63104 | Pan      | 63104 ||| INVOKING Summon Divine Warrior.
 63115 | Pan      | 63115 ||| INVOKING Cleansing Flame.
 63116 | Pan      | 63116 ||| INVOKING Cleansing Flame.
 63126 | Pan      | Noticed Sekieq the pandemonium lord
 63128 | Pan      | 63128 ||| INVOKING Cleansing Flame.
 63129 | Pan      | 63129 ||| INVOKING Cleansing Flame.
 63130 | Pan      | 63130 ||| INVOKING Cleansing Flame.
 63134 | Pan      | Killed Sekieq the pandemonium lord
 63233 | Pan      | 63233 ||| Stepping ~*~*~tactically~*~*~ (stealth).
 63234 | Pan      | 63234 ||| Stepping ~*~*~tactically~*~*~ (stealth).
 63239 | Pan      | Reached skill level 27 in Fighting
 63284 | Pan      | 63284 ||| Stepping ~*~*~tactically~*~*~ (hiding).
 63285 | Pan      | 63285 ||| INVOKING Summon Divine Warrior.
 63286 | Pan      | 63286 ||| INVOKING Cleansing Flame.
 63290 | Pan      | 63290 ||| INVOKING Cleansing Flame.
 63308 | Pan      | Noticed Acheec the pandemonium lord
 63309 | Pan      | 63309 ||| INVOKING Cleansing Flame.
 63320 | Pan      | Killed Acheec the pandemonium lord
 63536 | Pan      | Entered the realm of Cerebov.
 63764 | Pan      | 63764 ||| Stepping ~*~*~tactically~*~*~ (stealth).
 63766 | Pan      | 63766 ||| Stepping ~*~*~tactically~*~*~ (hiding).
 63768 | Pan      | 63768 ||| Stepping ~*~*~tactically~*~*~ (hiding).
 63769 | Pan      | 63769 ||| Stepping ~*~*~tactically~*~*~ (hiding).
 63770 | Pan      | 63770 ||| Stepping ~*~*~tactically~*~*~ (hiding).
 63771 | Pan      | 63771 ||| Stepping ~*~*~tactically~*~*~ (hiding).
 63913 | Pan      | 63913 ||| Stepping ~*~*~tactically~*~*~ (hiding).
 64158 | Pan      | 64158 ||| Stepping ~*~*~tactically~*~*~ (stealth).
 64193 | Pan      | 64193 ||| Stepping ~*~*~tactically~*~*~ (stealth).
 64323 | Pan      | 64323 ||| Stepping ~*~*~tactically~*~*~ (stealth).
 64538 | Pan      | 64538 ||| Stepping ~*~*~tactically~*~*~ (hiding).
 64676 | Pan      | 64676 ||| Stepping ~*~*~tactically~*~*~ (stealth).
 64677 | Pan      | 64677 ||| Stepping ~*~*~tactically~*~*~ (stealth).
 64679 | Pan      | 64679 ||| Stepping ~*~*~tactically~*~*~ (hiding).
 64701 | Pan      | Found the +6 sword of Cerebov {flame}
 64701 | Pan      | Noticed Cerebov
 64705 | Pan      | 64705 ||| DRINKING 8 potions of haste.
 64706 | Pan      | 64706 ||| DRINKING 4 potions of resistance.
 64707 | Pan      | 64707 ||| INVOKING Summon Divine Warrior.
 64708 | Pan      | 64708 ||| DRINKING 5 potions of might.
 64711 | Pan      | 64711 ||| INVOKING Cleansing Flame.
 64712 | Pan      | 64712 ||| INVOKING Cleansing Flame.
 64714 | Pan      | 64714 ||| INVOKING Summon Divine Warrior.
 64715 | Pan      | 64715 ||| INVOKING Cleansing Flame.
 64730 | Pan      | HP: 22/179 [Cerebov/great blast of fire (25)]
 64731 | Pan      | 64731 ||| READING 10 scrolls of teleportation.
 64732 | Pan      | 64732 ||| DRINKING 6 potions of heal wounds.
 64733 | Pan      | 64733 ||| DRINKING 5 potions of heal wounds.
 65041 | Pan      | 65041 ||| DRINKING 7 potions of haste.
 65042 | Pan      | 65042 ||| DRINKING 3 potions of resistance.
 65043 | Pan      | 65043 ||| INVOKING Summon Divine Warrior.
 65044 | Pan      | 65044 ||| DRINKING 4 potions of might.
 65048 | Pan      | 65048 ||| INVOKING Summon Divine Warrior.
 65048 | Pan      | Identified the +0 tower shield "Keplojad" {Drain rPois
                  | Int+4}
 65064 | Pan      | Killed Cerebov
 65086 | Pan      | 65086 ||| INVOKING Summon Divine Warrior.
 65178 | Pan      | Identified the +3 falchion of Cocytus {venom, *Noise Fly
                  | Str+3 Int+4}
 65392 | Pan      | Identified the +8 flail "Toge" {vorpal, *Noise rElec Str+2}
 65438 | Pan      | Got a fiery rune of Zot
 65586 | Pan      | 65586 ||| Stepping ~*~*~tactically~*~*~ (stealth).
 65587 | Pan      | 65587 ||| INVOKING Summon Divine Warrior.
 65591 | Pan      | 65591 ||| INVOKING Cleansing Flame.
 65592 | Pan      | 65592 ||| INVOKING Cleansing Flame.
 65595 | Pan      | 65595 ||| INVOKING Cleansing Flame.
 65604 | Pan      | Noticed Gyrghe the pandemonium lord
 65610 | Pan      | 65610 ||| Stepping ~*~*~tactically~*~*~ (hiding).
 65615 | Pan      | 65615 ||| INVOKING Cleansing Flame.
 65616 | Pan      | 65616 ||| INVOKING Summon Divine Warrior.
 65618 | Pan      | 65618 ||| INVOKING Cleansing Flame.
 65618 | Pan      | Killed Gyrghe the pandemonium lord
 65651 | Pan      | Identified the +11 quarterstaff of Skirmishing {spect, MP+9
                  | Int-2 Stlth+}
 65654 | Pan      | 65654 ||| INVOKING Cleansing Flame.
 65823 | Pan      | 65823 ||| Stepping ~*~*~tactically~*~*~ (stealth).
 65831 | Pan      | 65831 ||| Stepping ~*~*~tactically~*~*~ (stealth).
 65832 | Pan      | 65832 ||| Stepping ~*~*~tactically~*~*~ (stealth).
 65924 | Pan      | Entered the realm of Lom Lobon.
 65928 | Pan      | 65928 ||| DROPPING +4 ring of evasion.
 66132 | Pan      | 66132 ||| Stepping ~*~*~tactically~*~*~ (stealth).
 66311 | Pan      | 66311 ||| Stepping ~*~*~tactically~*~*~ (cloud).
 66376 | Pan      | Noticed Lom Lobon
 66377 | Pan      | 66377 ||| DRINKING 6 potions of haste.
 66378 | Pan      | 66378 ||| INVOKING Summon Divine Warrior.
 66379 | Pan      | 66379 ||| DRINKING 3 potions of might.
 66383 | Pan      | 66383 ||| INVOKING Summon Divine Warrior.
 66386 | Pan      | 66386 ||| DROPPING +6 ring of intelligence.
 66387 | Pan      | 66387 ||| INVOKING Summon Divine Warrior.
 66388 | Pan      | 66388 ||| READING 10 scrolls of teleportation.
 66389 | Pan      | 66389 ||| INVOKING Cleansing Flame.
 66391 | Pan      | HP: 23/179 [Lom Lobon/great icy blast (37)]
 66392 | Pan      | 66392 ||| DRINKING 4 potions of heal wounds.
 66393 | Pan      | 66393 ||| DRINKING 3 potions of heal wounds.
 66397 | Pan      | 66397 ||| INVOKING Summon Divine Warrior.
 66400 | Pan      | Found an exit through the horrors of the Abyss.
 66401 | Pan      | HP: 43/179 [sixfirhy (3)]
 66402 | Pan      | 66402 ||| READING 9 scrolls of teleportation.
 66403 | Pan      | 66403 ||| DRINKING 2 potions of heal wounds.
 66615 | Pan      | 66615 ||| Stepping randomly (cloudy).
 66616 | Pan      | 66616 ||| Stepping randomly (cloudy).
 66617 | Pan      | 66617 ||| UPGRADING to +2 helmet of intelligence.
 66622 | Pan      | 66622 ||| UPGRADING to +2 helmet of intelligence.
 66644 | Pan      | 66644 ||| UPGRADING to +2 helmet of intelligence.
 66654 | Pan      | 66654 ||| DROPPING +2 hat of intelligence.
 66655 | Pan      | 66655 ||| DROPPING +2 pair of boots.
 66656 | Pan      | 66656 ||| DROPPING +2 pair of boots of rampaging.
 66841 | Pan      | 66841 ||| Stepping ~*~*~tactically~*~*~ (hiding).
 66844 | Pan      | 66844 ||| DRINKING 5 potions of haste.
 66845 | Pan      | 66845 ||| INVOKING Summon Divine Warrior.
 66846 | Pan      | 66846 ||| DRINKING 2 potions of might.
 66847 | Pan      | 66847 ||| Stepping randomly (cloudy).
 66850 | Pan      | 66850 ||| INVOKING Cleansing Flame.
 66860 | Pan      | HP: 63/268 [spore (6)]
 66863 | Pan      | Killed Lom Lobon
 66923 | Pan      | 66923 ||| INVOKING Summon Divine Warrior.
 67126 | Pan      | Got a magical rune of Zot
 67198 | Pan      | Reached skill level 27 in Armour
 67201 | Pan      | 67201 ||| Stepping ~*~*~tactically~*~*~ (hiding).
 67213 | Pan      | 67213 ||| Stepping ~*~*~tactically~*~*~ (hiding).
 67370 | Pan      | 67370 ||| PLANNING SLIME:5
 67370 | Pan      | 67370 ||| UPGRADING to +1 plate armour of the Several
                  | Queens {rPois rCorr Dex+3}.
 67380 | Pan      | 67380 ||| UPGRADING to +2 pair of gloves of strength.
 67390 | Pan      | 67390 ||| UPGRADING to ring of the Three Xenophobes {rPois
                  | Will- AC+4 Str+2}.
 67392 | Pan      | 67392 ||| UPGRADING to +4 ring of slaying {mikee}.
 67428 | Pan      | 67428 ||| Stepping ~*~*~tactically~*~*~ (hiding).
 67532 | Pan      | 67532 ||| Stepping ~*~*~tactically~*~*~ (stealth).
 67533 | Pan      | 67533 ||| Stepping ~*~*~tactically~*~*~ (stealth).
 67713 | Pan      | 67713 ||| Stepping ~*~*~tactically~*~*~ (stealth).
 67740 | Pan      | 67740 ||| Stepping ~*~*~tactically~*~*~ (stealth).
 67742 | Pan      | 67742 ||| Stepping ~*~*~tactically~*~*~ (hiding).
 67743 | Pan      | 67743 ||| Stepping ~*~*~tactically~*~*~ (hiding).
 67745 | Pan      | 67745 ||| Stepping ~*~*~tactically~*~*~ (hiding).
 67751 | Pan      | 67751 ||| INVOKING Summon Divine Warrior.
 67759 | Pan      | 67759 ||| INVOKING Summon Divine Warrior.
 67775 | Pan      | 67775 ||| DRINKING 2 potions of resistance.
 67775 | Pan      | Noticed Synkunown the pandemonium lord
 67776 | Pan      | 67776 ||| INVOKING Cleansing Flame.
 67777 | Pan      | 67777 ||| INVOKING Cleansing Flame.
 67778 | Pan      | 67778 ||| INVOKING Cleansing Flame.
 67783 | Pan      | Killed Synkunown the pandemonium lord
 67882 | Pan      | Found an exit through the horrors of the Abyss.
 68254 | Pan      | 68254 ||| DRINKING potion of resistance.
 68258 | Pan      | Reached skill level 24 in Shields
 68610 | Pan      | 68610 ||| Stepping ~*~*~tactically~*~*~ (stealth).
 68615 | Pan      | Noticed Casuhib the pandemonium lord
 68615 | Pan      | 68615 ||| Stepping ~*~*~tactically~*~*~ (hiding).
 68629 | Pan      | 68629 ||| INVOKING Cleansing Flame.
 68630 | Pan      | 68630 ||| INVOKING Summon Divine Warrior.
 68642 | Pan      | Killed Casuhib the pandemonium lord
 68644 | Pan      | 68644 ||| INVOKING Cleansing Flame.
 68645 | Pan      | 68645 ||| INVOKING Cleansing Flame.
 68690 | Pan      | Identified the +0 pair of gloves of Indemnity {Rampage
                  | Regen+ Int+2 Dex-3}
 68733 | Pan      | Identified the +8 longbow "Paocsemu" {flame, Int+2}
 68741 | Pan      | Reached skill level 12 in Dodging
 68801 | Pan      | Found an exit through the horrors of the Abyss.
 68985 | Pan      | 68985 ||| Stepping randomly (cloudy).
 68986 | Pan      | 68986 ||| Stepping ~*~*~tactically~*~*~ (cloud).
 69416 | Pan      | 69416 ||| Stepping ~*~*~tactically~*~*~ (hiding).
 69417 | Pan      | 69417 ||| Stepping ~*~*~tactically~*~*~ (hiding).
 69421 | Pan      | 69421 ||| INVOKING Summon Divine Warrior.
 69422 | Pan      | 69422 ||| INVOKING Cleansing Flame.
 69515 | Pan      | 69515 ||| DROPPING +0 pair of gloves of Indemnity {Rampage
                  | Regen+ Int+2 Dex-3}.
 69540 | Depths:2 | Escaped Pandemonium
 69887 | Slime:1  | Entered Level 1 of the Pits of Slime
 70034 | Slime:2  | 70034 ||| READING 8 scrolls of teleportation.
 70035 | Slime:2  | 70035 ||| Stepping randomly (stuck).
 70036 | Slime:2  | 70036 ||| Stepping randomly (stuck).
 70037 | Slime:2  | 70037 ||| READING 7 scrolls of teleportation.
 70038 | Slime:2  | 70038 ||| Stepping randomly (stuck).
 70039 | Slime:2  | 70039 ||| Stepping randomly (stuck).
 70041 | Slime:2  | 70041 ||| INVOKING Summon Divine Warrior.
 70041 | Slime:2  | Gained mutation: Armour fits poorly on your strangely
                  | shaped body. [a shining eye]
 70052 | Slime:2  | Lost mutation: Your spells are a little harder to cast, but
                  | a little more powerful. [a shining eye]
 70057 | Slime:2  | HP: 44/179 [acid (10)]
 70058 | Slime:2  | 70058 ||| READING 6 scrolls of teleportation.
 70059 | Slime:2  | 70059 ||| Stepping randomly (stuck).
 70063 | Slime:2  | 70063 ||| READING 5 scrolls of teleportation.
 70064 | Slime:2  | 70064 ||| DRINKING 2 potions of heal wounds.
 70066 | Slime:2  | HP: 43/179 [acid blob/splash of acid (12)]
 70067 | Slime:2  | 70067 ||| DRINKING potion of heal wounds.
 70346 | Slime:3  | 70346 ||| READING 4 scrolls of teleportation.
 70347 | Slime:3  | 70347 ||| Stepping randomly (stuck).
 70348 | Slime:3  | 70348 ||| Stepping randomly (stuck).
 70350 | Slime:3  | 70350 ||| READING 3 scrolls of teleportation.
 70351 | Slime:3  | 70351 ||| Stepping randomly (stuck).
 70352 | Slime:3  | 70352 ||| Stepping randomly (stuck).
 70353 | Slime:3  | 70353 ||| Stepping randomly (stuck).
 70353 | Slime:3  | Gained mutation: You are occasionally teleported next to
                  | monsters. [a shining eye]
 70354 | Slime:3  | Lost mutation: Your body sometimes deteriorates upon taking
                  | damage. [a shining eye]
 70355 | Slime:3  | Gained mutation: You occasionally lose the ability to drink
                  | potions when taking damage. [a shining eye]
 70549 | Slime:4  | Noticed Dissolution
 70551 | Slime:4  | 70551 ||| STAIRDANCE
 70555 | Slime:4  | 70555 ||| STAIRDANCE
 70563 | Slime:3  | Killed Dissolution
 70584 | Slime:3  | 70584 ||| READING 2 scrolls of teleportation.
 70585 | Slime:3  | 70585 ||| Stepping randomly (stuck).
 70881 | Slime:3  | 70881 ||| READING scroll of teleportation.
 70886 | Slime:3  | 70886 ||| Stepping randomly (stuck).
 70887 | Slime:3  | 70887 ||| Stepping randomly (stuck).
 70888 | Slime:3  | 70888 ||| Stepping randomly (stuck).
 70889 | Slime:3  | 70889 ||| Stepping randomly (stuck).
 70890 | Slime:3  | 70890 ||| Stepping randomly (stuck).
 70891 | Slime:3  | 70891 ||| Stepping randomly (stuck).
 70892 | Slime:3  | 70892 ||| Stepping randomly (stuck).
 70978 | Slime:3  | 70978 ||| Stepping randomly (stuck).
 70979 | Slime:3  | 70979 ||| Stepping randomly (stuck).
 70984 | Slime:3  | 70984 ||| Stepping randomly (stuck).
 70985 | Slime:3  | 70985 ||| Stepping randomly (stuck).
 70986 | Slime:3  | 70986 ||| Stepping randomly (stuck).
 70987 | Slime:3  | 70987 ||| Stepping randomly (stuck).
 70988 | Slime:3  | 70988 ||| Stepping randomly (stuck).
 70989 | Slime:3  | 70989 ||| Stepping randomly (stuck).
 70990 | Slime:3  | 70990 ||| Stepping randomly (stuck).
 70991 | Slime:3  | 70991 ||| Stepping randomly (stuck).
 70992 | Slime:3  | 70992 ||| Stepping randomly (stuck).
 70993 | Slime:3  | 70993 ||| Stepping randomly (stuck).
 70994 | Slime:3  | 70994 ||| Stepping randomly (stuck).
 71033 | Slime:3  | 71033 ||| Stepping randomly (stuck).
 71034 | Slime:3  | 71034 ||| Stepping randomly (stuck).
 71041 | Slime:3  | 71041 ||| Stepping randomly (stuck).
 71042 | Slime:3  | 71042 ||| Stepping randomly (stuck).
 71043 | Slime:3  | 71043 ||| Stepping randomly (stuck).
 71044 | Slime:3  | 71044 ||| Stepping randomly (stuck).
 71045 | Slime:3  | 71045 ||| Stepping randomly (stuck).
 71046 | Slime:3  | 71046 ||| Stepping randomly (stuck).
 71047 | Slime:3  | 71047 ||| Stepping randomly (stuck).
 71048 | Slime:3  | 71048 ||| Stepping randomly (stuck).
 71049 | Slime:3  | 71049 ||| Stepping randomly (stuck).
 71050 | Slime:3  | 71050 ||| Stepping randomly (stuck).
 71051 | Slime:3  | 71051 ||| Stepping randomly (stuck).
 71052 | Slime:3  | 71052 ||| Stepping randomly (stuck).
 71053 | Slime:3  | 71053 ||| Stepping randomly (stuck).
 71054 | Slime:3  | 71054 ||| Stepping randomly (stuck).
 71055 | Slime:3  | 71055 ||| Stepping randomly (stuck).
 71056 | Slime:3  | 71056 ||| Stepping randomly (stuck).
 71057 | Slime:3  | 71057 ||| Stepping randomly (stuck).
 71064 | Slime:3  | 71064 ||| Stepping randomly (stuck).
 71065 | Slime:3  | 71065 ||| Stepping randomly (stuck).
 71066 | Slime:3  | 71066 ||| Stepping randomly (stuck).
 71067 | Slime:3  | 71067 ||| Stepping randomly (stuck).
 71068 | Slime:3  | 71068 ||| Stepping randomly (stuck).
 71069 | Slime:3  | 71069 ||| Stepping randomly (stuck).
 71070 | Slime:3  | 71070 ||| Stepping randomly (stuck).
 71096 | Slime:3  | 71096 ||| Stepping randomly (stuck).
 71097 | Slime:3  | 71097 ||| Stepping randomly (stuck).
 71098 | Slime:3  | 71098 ||| Stepping randomly (stuck).
 71099 | Slime:3  | 71099 ||| Stepping randomly (stuck).
 71100 | Slime:3  | 71100 ||| Stepping randomly (stuck).
 71101 | Slime:3  | 71101 ||| Stepping randomly (stuck).
 71102 | Slime:3  | 71102 ||| Stepping randomly (stuck).
 71107 | Slime:3  | 71107 ||| Stepping randomly (stuck).
 71108 | Slime:3  | 71108 ||| Stepping randomly (stuck).
 71113 | Slime:3  | 71113 ||| Stepping randomly (stuck).
 71114 | Slime:3  | 71114 ||| Stepping randomly (stuck).
 71115 | Slime:3  | 71115 ||| Stepping randomly (stuck).
 71116 | Slime:3  | 71116 ||| Stepping randomly (stuck).
 71154 | Slime:3  | 71154 ||| Stepping randomly (stuck).
 71155 | Slime:3  | 71155 ||| Stepping randomly (stuck).
 71156 | Slime:3  | 71156 ||| Stepping randomly (stuck).
 71164 | Slime:3  | 71164 ||| Stepping randomly (stuck).
 71165 | Slime:3  | 71165 ||| Stepping randomly (stuck).
 71166 | Slime:3  | 71166 ||| Stepping randomly (stuck).
 71167 | Slime:3  | 71167 ||| Stepping randomly (stuck).
 71168 | Slime:3  | 71168 ||| Stepping randomly (stuck).
 71169 | Slime:3  | 71169 ||| Stepping randomly (stuck).
 71170 | Slime:3  | 71170 ||| Stepping randomly (stuck).
 71171 | Slime:3  | 71171 ||| Stepping randomly (stuck).
 71172 | Slime:3  | 71172 ||| Stepping randomly (stuck).
 71173 | Slime:3  | 71173 ||| Stepping randomly (stuck).
 71174 | Slime:3  | 71174 ||| Stepping randomly (stuck).
 71175 | Slime:3  | 71175 ||| Stepping randomly (stuck).
 71176 | Slime:3  | 71176 ||| Stepping randomly (stuck).
 71177 | Slime:3  | 71177 ||| Stepping randomly (stuck).
 71178 | Slime:3  | 71178 ||| Stepping randomly (stuck).
 71179 | Slime:3  | 71179 ||| Stepping randomly (stuck).
 71180 | Slime:3  | 71180 ||| Stepping randomly (stuck).
 71181 | Slime:3  | 71181 ||| Stepping randomly (stuck).
 71182 | Slime:3  | 71182 ||| Stepping randomly (stuck).
 71183 | Slime:3  | 71183 ||| Stepping randomly (stuck).
 71184 | Slime:3  | 71184 ||| Stepping randomly (stuck).
 71439 | Slime:3  | 71439 ||| Stepping randomly (stuck).
 71440 | Slime:3  | 71440 ||| Stepping randomly (stuck).
 71441 | Slime:3  | 71441 ||| Stepping randomly (stuck).
 71445 | Slime:3  | 71445 ||| Stepping randomly (stuck).
 71446 | Slime:3  | 71446 ||| Stepping randomly (stuck).
 71447 | Slime:3  | 71447 ||| Stepping randomly (stuck).
 71470 | Slime:3  | 71470 ||| Stepping randomly (stuck).
 71471 | Slime:3  | 71471 ||| Stepping randomly (stuck).
 71478 | Slime:3  | 71478 ||| Stepping randomly (stuck).
 71479 | Slime:3  | 71479 ||| Stepping randomly (stuck).
 71486 | Slime:3  | 71486 ||| Stepping randomly (stuck).
 71487 | Slime:3  | 71487 ||| Stepping randomly (stuck).
 71500 | Slime:3  | 71500 ||| Stepping randomly (stuck).
 71501 | Slime:3  | 71501 ||| Stepping randomly (stuck).
 71502 | Slime:3  | 71502 ||| Stepping randomly (stuck).
 71503 | Slime:3  | 71503 ||| Stepping randomly (stuck).
 71527 | Slime:3  | 71527 ||| Stepping randomly (stuck).
 71528 | Slime:3  | 71528 ||| Stepping randomly (stuck).
 71539 | Slime:3  | 71539 ||| Stepping randomly (stuck).
 71540 | Slime:3  | 71540 ||| Stepping randomly (stuck).
 71541 | Slime:3  | 71541 ||| Stepping randomly (stuck).
 71542 | Slime:3  | 71542 ||| Stepping randomly (stuck).
 71543 | Slime:3  | 71543 ||| Stepping randomly (stuck).
 71544 | Slime:3  | 71544 ||| Stepping randomly (stuck).
 71545 | Slime:3  | 71545 ||| Stepping randomly (stuck).
 71546 | Slime:3  | 71546 ||| Stepping randomly (stuck).
 71547 | Slime:3  | 71547 ||| Stepping randomly (stuck).
 71548 | Slime:3  | 71548 ||| Stepping randomly (stuck).
 71549 | Slime:3  | 71549 ||| Stepping randomly (stuck).
 71550 | Slime:3  | 71550 ||| Stepping randomly (stuck).
 71551 | Slime:3  | 71551 ||| Stepping randomly (stuck).
 71552 | Slime:3  | 71552 ||| Stepping randomly (stuck).
 71553 | Slime:3  | 71553 ||| Stepping randomly (stuck).
 71554 | Slime:3  | 71554 ||| Stepping randomly (stuck).
 71555 | Slime:3  | 71555 ||| Stepping randomly (stuck).
 71556 | Slime:3  | 71556 ||| Stepping randomly (stuck).
 71556 | Slime:3  | HP: 31/179 [acid (16)]
 71557 | Slime:3  | 71557 ||| Stepping randomly (stuck).
 71558 | Slime:3  | 71558 ||| Stepping randomly (stuck).
 71558 | Slime:3  | HP: 6/179 [acid (21)]
 71559 | Slime:3  | 71559 ||| Stepping randomly (stuck).
 71559 | Slime:3  | Splashed with acid

Levels and vault maps discovered:
D:1:      dpeg_arrival_rooms_b, layout_basic
D:2:      layout_basic, shapermc_ecumenical_altar_notcrosses,
          nicolae_shop_unique_rings, minivault_27
D:3:      layout_basic, mainiacjoe_overflow_24_doors, gammafunk_ghost_icy,
          kennysheep_decorative_pillar
D:4:      layout_layer_cave, gup_sewer_entry_spiral, chequers_garden
D:5:      lemuel_ratsnest, layout_rooms, trog_three_pillars_becter,
          minmay_temple_entry_grid
D:6:      layout_basic
D:7:      layout_loops_corners, gammafunk_temple_overflow_arena
D:8:      layout_gridville, mainiacjoe_overflow_alcove_4,
          mainiacjoe_overflow_surrounded_room, erik_lair_island
D:9:      layout_basic, gammafunk_temple_overflow_pools, serial_rivers,
          chequers_serial_rivers_large_a, chequers_serial_rivers_micro_d,
          chequers_serial_rivers_large_b, chequers_serial_rivers_micro_a,
          chequers_serial_rivers_small_3
D:10:     layout_stronghold, lemuel_doored_altar, led_xom_imps, serial_shops,
          nicolae_shop_trees
D:11:     layout_irregular_city, orc_0_dummy, gammafunk_ghost_spectres
D:12:     minmay_connected_boxes_in_corner, layout_rooms,
          minmay_misc_feat_doors, minmay_unpleasant_kobolds
D:13:     layout_cave_pools, david_vaults_4, nicolae_shop_fire_sale
          [nicolae_sub_dead_trees], hangedman_abyss_or_decor_lesser_grid,
          uniq_lodul
D:14:     layout_gridville, serial_shops, shop
D:15:     gammafunk_enter_depths_forms, layout_basic, cheibriados_altar_1,
          corexii_leaking_fountain
Temple:   hellmonk_temple_divided_pantheon
Lair:1:   layout_misc_corridors, hellmonk_guarded_unrand_seven_league_boots
Lair:2:   layout_misc_corridors, ebering_ghost_disaster_area,
          gauntlet_entry_generic, uniq_nergalle
Lair:3:   layout_chaotic_city, swamp_mist_pool,
          minmay_snake_entry_six_corridors, portal_ice_cave_demonic_guard,
          lemuel_fruit_tree
Lair:4:   layout_hall_layers, slime_entry_1, minmay_lair_drake_nest,
          grunt_megastairs_2, infiniplex_staircase_pool
Lair:5:   gammafunk_lair_ancient_temple, layout_regular_city
Swamp:1:  layout_basic_swamp, evilmike_swamp_ruin_house_3, swamp_pool4
Swamp:2:  layout_falls_marsh, nicolae_swamp_bean_lake, st_swamp_ruins_4
Swamp:3:  layout_basic_swamp, ebering_ghost_xom, nicolae_swamp_little_tower
Swamp:4:  swamp_vile, layout_basic_swamp, ebering_ghost_funeral_grove,
          nicolae_swamp_super_fun_site
Snake:1:  layout_layer_cave, grunt_megastairs_4
Snake:2:  layout_onion
Snake:3:  layout_cave_pods, basic_altar, nicolae_shop_self_help, uniq_mara
Snake:4:  grunt_snake_rune_pools, layout_cave_town,
          gammafunk_ghost_abyssal_escape, minmay_shop_grove, uniq_mlioglotl,
          uniq_aizul, uniq_louise
Slime:1:  layout_caves
Slime:2:  cheibrodos_slime_lost_civilization_10, layout_caves
Slime:3:  cheibrodos_slime_lost_civilization_9, layout_caves
Slime:4:  layout_caves, dissolution_awaits
Orc:1:    layout_diamond_mine
Orc:2:    grunt_orc_gardens, layout_diamond_mine, grunt_orc_garden,
          grunt_orc_garden, grunt_orc_garden, grunt_orc_garden,
          nicolae_orc_bridge_out
Vaults:1: hangedman_vaults_trim, v_alt_pattern_2, v_misc_23, v_rooms_3,
          nicolae_vaults_inception_scallops, grunt_vaults_diagonal,
          hangedman_vaults_slice, vaults_dpeg_encased_lava,
          nicolae_vaults_triangles, nicolae_vaults_bisected_slash,
          hangedman_vaults_restitches, nicolae_vaults_shelves_hall,
          ontoclasm_vaults_ligature, st_spiral_rooms, v_misc_24,
          layout_vaults_maze, serial_shops, shop, shop, nicolae_shop_stone,
          shop_fountains
Vaults:2: gammafunk_ghost_crypt, grunt_vaults_focal, nicolae_vaults_network_s,
          nicolae_vaults_diagonal_hallway_6, nicolae_vaults_twisting_passages,
          dpeg_vaults_monster_row, hangedman_vaults_nails,
          hangedman_vaults_capsules, v_misc_23,
          vaults_standard_mumra_enter_the_diamond, serial_ice_g,
          layout_vaults_omnicross, blue_anna_dwarven_crypt
Vaults:3: st_star, v_pattern_5, v_misc_2, nicolae_vaults_border_crossing,
          nicolae_vaults_angled_halls, hangedman_vaults_maws,
          nicolae_vaults_little_squares_2, hangedman_vaults_trim,
          layout_vaults_quadrants
Vaults:4: v_misc_17, vaults_standard_mumra_x, v_alt_pattern_1,
          nicolae_vaults_shelves_hall, hangedman_vaults_stream, v_misc_11,
          hangedman_vaults_corner_blocks, hangedman_vaults_impose,
          v_alt_pattern_3, v_misc_17, v_misc_17, ontoclasm_vaults_ring_small,
          nicolae_vaults_little_squares_5, vaults_room_fours,
          layout_vaults_ring, serial_shops, nicolae_shop_hallway_stairs,
          uniq_zenata
Vaults:5
Crypt:1:  layout_misc_corridors, grunt_crypt_arrival_webbed, grunt_megastairs_5
Crypt:2:  layout_gridlike, special_room [special_room_morgue],
          lemuel_upstairs_altar
Crypt:3:  cryptofortress_bobbens
Tomb:1
Tomb:2:   uniq_boris
Tomb:3
Depths:1: minmay_strange_plus, layout_gridlike, grunt_hell_entry_dis_old,
          grunt_decor_mini_mirrors, minmay_room_of_horrors,
          amcnicky_mini_rare_corridor_liquid, serial_nicolae_subway,
          nicolae_sub_station_stone, nicolae_sub_station_metal,
          nicolae_sub_station_crystal, serial_bayou_shore_b, minmay_shop_star
Depths:2: kennysheep_bubbly, layout_cave_pools, serial_column_ruins,
          column_ruins_portal_astroid, column_ruins_hut,
          column_ruins_open_small, column_ruins_open_medium,
          column_ruins_columns_water, column_ruins_grid_4,
          column_ruins_open_small, column_ruins_open_tiny, lightli_too_deep,
          grunt_pan_entry_in_and_out
Depths:3: minmay_isolated_rectangles_in_corner, layout_cave_shapes,
          hangedman_coc_ice_floe, abyss_entry_flame_altar
Depths:4: grunt_zot_entry_tricorne, layout_gridlike, enter_ziggurat_a,
          hell_entry, ploomutoo_gammafunk_ghost_potion_laboratory,
          hangedman_decor_riveting
Zot:1:    layout_misc_corridors
Zot:2:    layout_misc_corridors, grunt_ministairs_13, st_small_dragon_hoard_4,
          bh_zot_ikea_curve, hangedman_player_shredder
Zot:3:    cheibrodos_zot_enchanting_chambers, layout_misc_corridors,
          ebering_ghost_rock_garden
Zot:4:    layout_basic, gammafunk_ghost_split

Skill      XL: |  1  2  3  4  5  6  7  8  9 10 11 12 13 14 15 16 17 18 19 20 21 22 23 24 25 26 27 |
---------------+----------------------------------------------------------------------------------+-----
Axes           | 2 3 5 7 8 9 10 12 13 15 16 17 18 19 | 19.1
Fighting       | 4 5 6 7 8 9 10 11 12 13 14 15 16 18 19 20 22 23 26 27 | 27.0
Dodging        | 1 2 3 4 5 6 7 8 9 10 12 | 12.0
Throwing       | 1 3 4 6 7 8 9 10 11 12 13 | 13.5
Invocations    | 3 4 6 9 10 17 27 | 27.0
Armour         | 4 5 6 7 9 10 11 12 13 15 16 17 19 20 21 22 27 | 27.0
Shields        | 7 9 10 11 12 13 16 18 19 20 21 22 24 | 24.1
Short Blades   | 8 |  8.7

Action                   |  1- 3 |  4- 6 |  7- 9 | 10-12 | 13-15 | 16-18 | 19-21 | 22-24 | 25-27 || total
-------------------------+-------+-------+-------+-------+-------+-------+-------+-------+-------++-------
Melee: War axe           |    79 |   109 |   270 |   125 |       |       |       |       |       ||   583
       Headbutt          |       |       |    42 |    91 |   206 |   225 |   381 |   359 |   636 ||  1940
       Broad axe         |       |       |       |   261 |   886 |  1026 |  1261 |  1256 |  3533 ||  8223
       Hand axe          |       |       |       |       |     3 |       |       |       |       ||     3
Throw: Javelin           |       |     3 |    20 |    20 |    39 |    25 |    57 |    78 |    22 ||   264
       Boomerang         |       |       |    17 |    63 |   104 |    69 |    77 |    99 |   245 ||   674
Invok: Heroism           |       |       |    12 |    25 |    37 |    42 |    33 |    43 |    21 ||   213
       Finesse           |       |       |       |     2 |     8 |     4 |     8 |    19 |     5 ||    46
       Cleansing Flame   |       |       |       |       |       |       |       |       |   120 ||   120
       Summon Divine War |       |       |       |       |       |       |       |       |    50 ||    50
       Brand Weapon With |       |       |       |       |       |       |       |       |     1 ||     1
  Use: Scroll            |     5 |     2 |    11 |     8 |     4 |     5 |     8 |     5 |    21 ||    69
       Potion            |     1 |     1 |     8 |     1 |       |       |       |     8 |    44 ||    63
 Stab: Paralysed         |       |       |       |       |       |       |       |     1 |       ||     1
       Distracted        |       |       |       |       |       |       |       |     1 |       ||     1
Armor: Scale mail        |    32 |    40 |    73 |       |       |       |       |       |       ||   145
       Plate armour      |       |       |    80 |   123 |   198 |   279 |   252 |   238 |  1193 ||  2363
Dodge: Dodged            |    23 |    43 |   111 |   133 |   182 |   205 |   199 |   231 |   529 ||  1656
Block: Buckler           |    13 |     9 |    43 |       |       |       |       |       |       ||    65
       Kite shield       |       |       |    40 |   194 |   403 |   313 |       |       |       ||   950
       Reflection        |       |       |       |       |    11 |    81 |    50 |    24 |    54 ||   220
       Tower shield      |       |       |       |       |       |   409 |   821 |   784 |  2516 ||  4530

Table legend:
 A = Non-vault XP
 B = Vault XP
 C = Vault XP percentage of total XP
 D = Non-vault monster count
 E = Vault monster count
 F = Vault count percentage of total count
                 A         B        C        D         E       F
            +---------+---------+-------+---------+---------+-------
      Total | 1074104 |  995889 |  48.1 |    1901 |    1147 |  37.6
            +---------+---------+-------+---------+---------+-------
        D:1 |      17 |       0 |   0.0 |      13 |       0 |   0.0
        D:2 |      64 |       0 |   0.0 |      13 |       0 |   0.0
        D:3 |      39 |       0 |   0.0 |      14 |       0 |   0.0
        D:4 |     518 |      29 |   5.3 |      27 |       4 |  12.9
        D:5 |     512 |     191 |  27.2 |      21 |      33 |  61.1
        D:6 |     627 |       0 |   0.0 |       9 |       0 |   0.0
        D:7 |    1577 |       0 |   0.0 |      34 |       0 |   0.0
        D:8 |    1078 |     736 |  40.6 |      20 |       8 |  28.6
        D:9 |    2430 |       0 |   0.0 |      19 |       0 |   0.0
       D:10 |    2297 |     188 |   7.6 |      10 |       4 |  28.6
       D:11 |    4121 |       0 |   0.0 |      28 |       0 |   0.0
       D:12 |    4908 |    7612 |  60.8 |      17 |      27 |  61.4
       D:13 |    3141 |    3671 |  53.9 |       7 |      11 |  61.1
       D:14 |    6151 |       0 |   0.0 |      11 |       0 |   0.0
       D:15 |   15428 |    5622 |  26.7 |      42 |      11 |  20.8
     Lair:1 |    4058 |    2587 |  38.9 |      19 |       4 |  17.4
     Lair:2 |    4821 |     781 |  13.9 |      22 |       1 |   4.3
     Lair:3 |    7758 |    3024 |  28.0 |      30 |      10 |  25.0
     Lair:4 |    6465 |    1320 |  17.0 |      15 |       5 |  25.0
     Lair:5 |   13740 |    5997 |  30.4 |      33 |      17 |  34.0
    Swamp:1 |   13478 |       0 |   0.0 |      27 |       0 |   0.0
    Swamp:2 |    6738 |    4098 |  37.8 |      20 |       6 |  23.1
    Swamp:3 |   13616 |       0 |   0.0 |      23 |       0 |   0.0
    Swamp:4 |   18974 |   19696 |  50.9 |      41 |      30 |  42.3
    Snake:1 |   17431 |    2043 |  10.5 |      39 |       4 |   9.3
    Snake:2 |   28412 |       0 |   0.0 |      60 |       0 |   0.0
    Snake:3 |   15189 |    4347 |  22.3 |      24 |       1 |   4.0
    Snake:4 |    7860 |   34297 |  81.4 |      15 |      43 |  74.1
    Slime:1 |    5176 |       0 |   0.0 |      14 |       0 |   0.0
    Slime:2 |    8049 |       0 |   0.0 |      13 |       0 |   0.0
    Slime:3 |    8841 |    7401 |  45.6 |      23 |       1 |   4.2
      Orc:1 |    4190 |    1280 |  23.4 |      53 |       2 |   3.6
      Orc:2 |    2895 |    8402 |  74.4 |      25 |      25 |  50.0
   Vaults:1 |   34651 |   30700 |  47.0 |      44 |      37 |  45.7
   Vaults:2 |   43283 |   27933 |  39.2 |      59 |      37 |  38.5
   Vaults:3 |   32646 |   36051 |  52.5 |      54 |      44 |  44.9
   Vaults:4 |   32812 |   39905 |  54.9 |      45 |      51 |  53.1
   Vaults:5 |   25748 |   98733 |  79.3 |      38 |      76 |  66.7
    Crypt:1 |   33787 |    4204 |  11.1 |      50 |       5 |   9.1
    Crypt:2 |   20016 |   24766 |  55.3 |      37 |      26 |  41.3
    Crypt:3 |       0 |   57593 | 100.0 |       0 |      92 | 100.0
     Tomb:1 |   13302 |   89108 |  87.0 |      33 |      46 |  58.2
     Tomb:2 |   19263 |   60634 |  75.9 |      47 |      74 |  61.2
     Tomb:3 |   23317 |   65670 |  73.8 |      47 |      72 |  60.5
   Depths:1 |   30001 |   13019 |  30.3 |      35 |      24 |  40.7
   Depths:2 |   13870 |   20564 |  59.7 |      21 |      26 |  55.3
   Depths:3 |   34164 |   19285 |  36.1 |      37 |      19 |  33.9
   Depths:4 |   38796 |   17758 |  31.4 |      38 |      16 |  29.6
      Zot:1 |   30781 |    1603 |   4.9 |      24 |       1 |   4.0
      Zot:2 |   40779 |   42851 |  51.2 |      35 |      25 |  41.7
      Zot:3 |   32536 |   35272 |  52.0 |      27 |      27 |  50.0
      Zot:4 |   43042 |       0 |   0.0 |      36 |       0 |   0.0
        Pan |  300711 |  196918 |  39.6 |     413 |     202 |  32.8
            +---------+---------+-------+---------+---------+-------
